Workbook

Sheet Sheet1
A1: New or Revised Edit - In Production this FY
A2: Existing Edit
A3: N/A

Sheet Data Submission Instructions
A1: Outpatient Data Submission Format
A3: A. | B3: For each patient, the data elements form 3 records, each could be variable in record length.
B4: • | C4: One Type 1 record: Patient/Payer/Provider Demographic Data
B5: • | C5: One Type 2 record: Clinical Data
B6: • | C6: Multiple Type 3 records: Financial/Billing Data
C7: • | D7: Each Type 3 record can hold up to 10 occurrences of revenue data.
C8: • | D8: The last occurrence of revenue data shall contain the total charges for the patient.
C9: • | D9: The Bill Type, Occurrence Span Code and Date, and Condition Codes shall only be reported in the first Type 3 Record
B11: The record type is always identified as the 6th data element of each record.
A13: B. | B13: The data is required to have a "PIPE" delimiter (a.k.a. "BAR") between each data element.
B14: This delimiter is NOT required at the end of the record.
B15: The "BAR" delimiter is the character "|", which is above the Backslash key.
A17: C. | B17: Alphabetical characters (A-Z) may only be used for the following data elements:
B18: • | C18: Primary, Secondary and E-Code Diagnosis Codes
B19: • | C19: Primary and Secondary Procedure Codes
B20: • | C20: Reserve Flag Fields
B21: • | C21: Alternative Rate Case Identifier
B22: • | C22: Preferred Other Language
B23: • | C23: Provider Specific Admission Source and Discharge Disposition
B24: • | C24: Ambulance Run Number
B25: • | C25: Country of Origin
A27: D. | B27: The following data elements are character (LEADING ZEROES WILL BE ADDED DURING PROCESSING TO THESE FIELDS TO FILL TO MAXIMUM LENGTH):
B28: • | C28: Medical Record Number
B29: • | C29: Patient Account Number
B30: • | C30: MD Medicaid ID Number
B31: • | C31: Patient Zip Code
B32: • | C32: Primary and Secondary Health Plan Payer
B33: • | C33: Primary and Secondary Expected Payer
B34: • | C34: Major Service and Special Care Unit Stays
B35: • | C35: Type of Daily Hospital Service
B36: • | C36: Operating and Attending NPI
B37: • | C37: Ambulance Run Number
B38: • | C38: Preferred Language Codes
B39: • | C39: UB-04 Codes
A41: E. | B41: The following date variables are to be reported in the MMDDYYYY format:
B42: • | C42: Admission and Discharge Dates
B43: • | C43: Date of Birth
B44: • | C44: Procedure Dates
B45: • | C45: Date of Service
A47: F. | B47: Decimal points may only be used with revenue/charge data.
B48: Decimal points may not be used with any data element (i.e., diagnosis codes, procedure codes, and revenue data).
A50: G. | B50: The data can be compressed if necessary into .zip files that are compatible /readable natively by the MS Window Operating Systems (Windows 10). No special programs shall be necessary to decompress the data files.
A52: H. | B52: Delivery method shall be in electronic format, pushed to hMetrix File Transfer Service (FTS) using hospital's selected method from three file transfer mechanisms: HTTPS, SFTP-hMetrix Server, and SFTP-Hospital Server.

Sheet Revision Log
A1: Revised on | B1: Applicable in production environment from | C1: Change
A2: 46203 | B2: 46296 | C2: New FY27 DSR, Filter tabs Record Type 1, Record Type 2, Record Type 3 or Record Type 4 on column I (Edit Status: New Edit - In Production this FY, Existing Edit or N/A) to 'New Edit - In Production this FY' to review the new/update rules: - MedChi variables are removed and DoNotFill placeholder variables added in their place -Converted EDTIAGE and EDTRIAGE2 variables warning to error -SOGI variables- converted errors to warning
A3: 46280 | B3: 46280 | C3: Cigna Medicare Advantage officially transitioned and rebranded to HealthSpring on January 1, 2026. Consequently, the 103 Plan payer code will now include HealthSpring's Medicare product.

Sheet Record Type 1
A1: FY 2027 MARYLAND HOSPITAL OUTPATIENT DATA SUBMISSION ELEMENTS AND FORMATS | D1: Text in RED indicate new items from prior fiscal year
A2: (As referenced in COMAR 10.37.06.01)
A3: RECORD TYPE 1
A5: Data Items | D5: Data Format | H5: Data Quality
A6: Data Item | B6: Data Item Name | C6: Description | D6: HSCRC Variable | E6: Data Type | F6: Max Length | G6: Format | H6: Required Field | I6: Edit Status: New Edit - In Production this FY, Existing Edit or N/A | J6: Edit Check Level (Warning/Error/Fatal Error/Cross Edit Error) | K6: Cross Edit Error Variable | L6: Quality Threshold 10%: Monthly 5%: Quarterly
A7: 1 | B7: Medicare Provider Number | C7: Enter the Medicare provider number assigned to the hospital. | D7: HOSPID | E7: NUM | F7: 6 | G7: See "Provider ID" tabs for codes | H7: Yes | I7: Existing Edit | J7: Fatal error: If value is missing or invalid (alpha or special characters) | K7: N/A | L7: 100% Complete
C8: NNNNNN = MEDICARE PROVIDER NUMBER (SEE "Provider ID" TAB FOR CODES)
A9: =A7+1 -> 2 | B9: Medical Record Number | C9: Enter the unique medical record number assigned by the hospital for the patient’s medical record. The unique medical record number is to be assigned permanently to the patient and may not change regardless of the number of admissions for that particular patient during the patient’s lifetime. LEADING ZEROES/SPACES ARE NOT REQUIRED. | D9: MRNUM | E9: CHAR | F9: 12 | G9: No alpha or special characters. | H9: Yes | I9: Existing Edit | J9: Fatal error: If value is missing or invalid (alpha or special characters) | K9: N/A | L9: 100% Complete
C10: NNNNNNNNNNN = PATIENT'S MEDICAL RECORD NUMBER
A11: =A9+1 -> 3 | B11: Patient Account Number | C11: Enter the unique number assigned by the hospital for this patient’s admission. For Commission reporting requirements, this number is related to a single admission, and will change with each encounter or visit reported. LEADING ZEROES/SPACES ARE NOT REQUIRED. | D11: PATACCT | E11: CHAR | F11: 18 | G11: No alpha or special characters. | H11: Yes | I11: Existing Edit | J11: Fatal Error: If value is missing, invalid (alpha or special characters), all 9's or all 0's | K11: N/A | L11: 100% Complete
C12: NNNNNNNNNNNNNNNNNN = PATIENT ACCOUNT NUMBER
A13: =A11+1 -> 4 | B13: From Date of Service | C13: Enter the month, day, and year for the first day of the specific patient encounter or visit. For example, for April 2, 2007, enter 04022007 (mmddyyyy). The From Date must be before the Through Date. | D13: FR_DATE | E13: DATE | F13: 8 | H13: Yes | I13: Existing Edit | J13: Fatal error: If value is missing or invalid (alpha or special characters) Fatal error: If value is after Thru Date | K13: Thru Date of Service | L13: 100% Complete
C14: MMDDYYYY = MONTH,DAY,YEAR
A15: =A13+1 -> 5 | B15: Thru Date of Service | C15: Enter the month, day, and year for the last day covering the specific patient encounter, visit or the date of discharge. For example, for April 3, 2007, enter 04032007 (mmddyyyy). The Through Date must be after the From Date and be in the current reporting period. | D15: TH_DATE | E15: DATE | F15: 8 | H15: Yes | I15: Existing Edit | J15: Fatal error: If value is missing or invalid (alpha or special characters) Fatal Error: If value reported is outside of reporting quarter | K15: N/A | L15: 100% Complete
C16: MMDDYYYY = MONTH,DAY,YEAR
A17: =A15+1 -> 6 | B17: Record Type | C17: Enter the record type | D17: REC_TYPE | E17: NUM | F17: 1 | H17: Yes | I17: Existing Edit | J17: Fatal error: If value is missing or invalid (alpha or special characters) | K17: N/A | L17: 100% Complete
C18: 1 = RECORD TYPE 1 - PATIENT DEMOGRAPHIC/PAYER/PROVIDER DATA
A19: =A17+1 -> 7 | B19: Enterprise Master Patient Identifier (EMPI) | C19: Enter the enterprise number of the patient (the hospital system identifier). A hospital system enterprise identifier (EMPI), also known as the master patient identifier is a unique patient identification number that links a patient across system hospitals. This is an OPTIONAL FIELD and not required to be reported. LEADING ZEROES/SPACES ARE NOT REQUIRED. | D19: EMPI | E19: NUM | F19: 11 | H19: No | I19: N/A | J19: N/A | K19: N/A | L19: N/A
C20: NNNNNNNNNNN = SYSTEM HOSPITAL EMPI NUMBER
C21: BLANKS = NOT APPLICABLE
A22: =A19+1 -> 8 | B22: Date of Birth | C22: Enter the month, day, and year of the patient's birth. (Ex., October 14, 1977, is entered as 10141977 (mm/dd/yyyy)). | D22: DOB | E22: DATE | F22: 8 | H22: Yes | I22: Existing Edit | J22: Error: If value is missing or invalid (alpha or special characters) Error: If value > From Date Cross Edit Error: If calculated age based on DOB is < 0 and Nature of Admission = 2 Note: Records with Invalid dates will not be grouped Error: If calculated age => 115 years | K22: From Date | L22: Included in Error Threshold
C23: MMDDYYYY = MONTH,DAY,YEAR
C24: 99999999 = UNKNOWN
A25: =A22+1 -> 9 | B25: Sex of the Patient | C25: Enter the sex of the patient using the following coding: | D25: SEX | E25: NUM | F25: 1 | H25: Yes | I25: Existing Edit | J25: Error: If value is missing or invalid (alpha or special characters) Cross-Edit Error: If sex is invalid for sex-specific diagnosis or procedure code | K25: Principle Diagnosis, Principle Procedure | L25: Included in Error Threshold
C26: 1 = MALE
C27: 2 = FEMALE
C28: 9 = UNKNOWN
A29: =A25+1 -> 10 | B29: Marital Status of the Patient | C29: Enter the marital status of the patient using the following code: | D29: MARISTAT | E29: NUM | F29: 1 | H29: Yes | I29: Existing Edit | J29: Warning: If value is missing or invalid (alpha or special characters) | K29: N/A | L29: N/A
C30: 1 = SINGLE
C31: 2 = MARRIED
C32: 3 = SEPARATED
C33: 4 = DIVORCED
C34: 5 = WIDOW/WIDOWER
C35: 9 = UNKNOWN
A36: =A29+1 -> 11 | B36: Ethnicity of the Patient | C36: Enter whether the patient-defined ethnicity is Hispanic using the following coding. Hispanic is defined as a person of Cuban, Mexican, Puerto Rican, South or Central American, or other Spanish culture or lineage, regardless of race. The term, "Spanish origin," can be used in addition to "Hispanic or Latino." | D36: ETHNICIT | E36: NUM | F36: 1 | H36: Yes | I36: Existing Edit | J36: Error: If value is missing or invalid (alpha or special characters) | L36: <1% of total charges = 99 (Unknown) Included in Error Threshold
C37: 1 = SPANISH/HISPANIC ORIGIN
C38: 2 = NOT SPANISH HISPANIC ORIGIN
C39: 7 = DECLINED TO ANSWER
C40: 9 = UNKNOWN
A41: =A36+1 -> 12 | B41: Race Category White | C41: Enter whether the self-defined race of the patient is White or Caucasian using the following coding. White is defined as a person having lineage in any of the original peoples of Europe, the Middle East, or North Africa. | D41: RWHITE | E41: NUM | F41: 1 | H41: Yes | I41: Existing Edit | J41: Error: If value is missing or invalid (alpha or special characters) Cross Edit Error: No race category values = 1 | K41: Race Categories: White, Black, American Indian, Asian, Native Hawaiian, Other, Declined, Unknown | L41: Included in Error Threshold
C42: 1= YES
C43: 0 = NO
A44: =A41+1 -> 13 | B44: Race Category Black or African American | C44: Enter whether the self-defined race of the patient is Black or African American using the following coding. Black or African American is defined as a person having lineage in any of the Black racial groups of Africa. | D44: RBLACK | E44: NUM | F44: 1 | H44: Yes | I44: Existing Edit | J44: Error: If value is missing or invalid (alpha or special characters) Error: If value is missing Cross Edit Error: No race category values = 1 | K44: Race Categories: White, Black, American Indian, Asian, Native Hawaiian, Other, Declined, Unknown | L44: Included in Error Threshold
C45: 1= YES
C46: 0 = NO
A47: =A44+1 -> 14 | B47: Race Category American Indian or Alaska Native | C47: Enter whether the self-defined race of the patient is American Indian or an Alaska Native using the following coding. American Indian or Alaska Native is defined as a person having lineage in any of the original peoples of North and South America (including Central America) and who maintains tribal affiliation or community attachment. | D47: RNAAMER | E47: NUM | F47: 1 | H47: Yes | I47: Existing Edit | J47: Error: If value is invalid (alpha or special characters) Cross Edit Error: No race category values = 1 | K47: Race Categories: White, Black, American Indian, Asian, Native Hawaiian, Other, Declined, Unknown | L47: Included in Error Threshold
C48: 1= YES
C49: 0 = NO
A50: =A47+1 -> 15 | B50: Race Category Asian | C50: Enter whether the self-defined race of the patient is Asian using the following coding. Asian is defined as a person having lineage in any of the original peoples of the Far East, Southeast Asia, or the Indian subcontinent including, for example, Cambodia, China, India, Japan, Korea, Malaysia, Pakistan, the Philippine Islands, Thailand, and Vietnam. | D50: RASIAN | E50: NUM | F50: 1 | H50: Yes | I50: Existing Edit | J50: Error: If value is invalid (alpha or special characters) Cross Edit Error: No race category values = 1 | K50: Race Categories: White, Black, American Indian, Asian, Native Hawaiian, Other, Declined, Unknown | L50: Included in Error Threshold
C51: 1= YES
C52: 0 = NO
A53: =A50+1 -> 16 | B53: Race Category Native Hawaiian or Other Pacific Islander | C53: Enter whether the self-defined race of the patient is Native Hawaiian or Other Pacific Islander using the following coding. Native Hawaiian or Other Pacific Islander is defined as a person having lineage in any of the original peoples of Hawaii, Guam, Samoa, or other Pacific Islands. | D53: RHAWAI | E53: NUM | F53: 1 | H53: Yes | I53: Existing Edit | J53: Error: If value is invalid (alpha or special characters) Cross Edit Error: No race category values = 1 | K53: Race Categories: White, Black, American Indian, Asian, Native Hawaiian, Other, Declined, Unknown | L53: Included in Error Threshold
C54: 1= YES
C55: 0 = NO
A56: =A53+1 -> 17 | B56: Race Category Other | C56: Enter whether the self-defined race of the patient as other using the following coding. | D56: ROTHER | E56: NUM | F56: 1 | H56: Yes | I56: Existing Edit | J56: Error: If value is invalid (alpha or special characters) Cross Edit Error: No race category values = 1 | K56: Race Categories: White, Black, American Indian, Asian, Native Hawaiian, Other, Declined, Unknown | L56: Included in Error Threshold
C57: 1= Yes
C58: 0 = No
A59: =A56+1 -> 18 | B59: Race Category Declined to Answer | C59: Enter whether the patient declined to disclose their race other using the following coding. | D59: RDECLIN | E59: NUM | F59: 1 | H59: Yes | I59: Existing Edit | J59: Error: If value is invalid (alpha or special characters) or missing Cross Edit Error: If value =1 and another race category is =1 Cross Edit Error: No race category values = 1 | K59: Race Categories: White, Black, American Indian, Asian, Native Hawaiian, Other | L59: Included in Error Threshold
C60: 1= YES
C61: 0 = NO
A62: =A59+1 -> 19 | B62: Race Category Unknown or Cannot be determined | C62: Enter where the race of the patient is unknown or cannot be determined. | D62: RUNKNOW | E62: NUM | F62: 1 | H62: Yes | I62: Existing Edit | J62: Error: If value is invalid (alpha or special characters) or missing Cross Edit Error: If value =1 and another race category is =1 Cross Edit Error: No race category values = 1 Cross Edit Error: If Total Charges for Unknown Race records > .5% of Total IP Hospital Charge | K62: Race Categories: White, Black, American Indian, Asian, Native Hawaiian, Other | L62: <.5% of total charges = 99 (Unknown); Included in Error Threshold
C63: 1= YES
C64: 0 = NO
A65: =A62+1 -> 20 | B65: Preferred Language | C65: Enter the patient’s preferred spoken language for a health-related encounter from the list of codes below. If the patient's language is not listed below, code "Other", then report their language in Data Item "Other Preferred Language" | D65: PRELANG | E65: CHAR | F65: 2 | H65: Yes | I65: Existing Edit | J65: Warning: If value is missing or invalid (alpha or special characters) | K65: N/A | L65: N/A
C66: XX = PREFERRED LANGUAGE CODE(SEE "Preferred Lang Codes" TAB FOR CODES) ISO 3166-1 Alpha-2 codes can be found in https://www.iso.org/obp/ui/#home
A67: =A65+1 -> 21 | B67: Other Preferred Language | C67: Enter the patient’s other preferred spoken language for a health-related encounter if not listed among the Preferred Language Codes below. | D67: OTPRELAN | E67: CHAR | F67: 25 | G67: No alpha or special characters. | H67: Yes | I67: Existing Edit | J67: Warning: If value contains special characters | K67: N/A | L67: N/A
C68: XXXXXXXXXXXXXXXXXXXXXXXXX = OTHER PREFERRED LANGAUAGE
C69: BLANKS = NOT APPLICABLE
A70: =A67+1 -> 22 | B70: Country of Birth | C70: Enter the patient’s self-identified country of birth. Use the ISO 3166-1 alpha-2 digit code published by the International Organization for Standardization (https://www.iso.org/obp/ui/#home). | D70: COUNTRY | E70: CHAR | F70: 4 2 | G70: ISO 3166-1 Alpha-2 codes can be found in https://www.iso.org/obp/ui/#home or refer to Country of Birth codes tab | H70: No | I70: Existing Edit | J70: Warning: If value is missing or invalid (not a valid ISO 3166-1 Alpha-2 code) | K70: N/A | L70: N/A
C71: XX = COUNTRY CODE
C72: XZ = DECLINED TO ANSWER
C73: ZZ = UNKNOWN
A74: =A70+1 -> 23 | B74: Patient County of Residence (County Code) | C74: Enter the patient's county of residence using the following code (OPTIONAL) | D74: COUNTY | E74: CHAR | F74: 2 | H74: No | I74: N/A
C75: XX = COUNTY CODE (SEE "County Codes" TAB FOR CODES)
A76: =A74+1 -> 24 | B76: Residence Zip Code | C76: Enter the five-digit zip code of the patient's home address (ex., 21215, 05103). | D76: ZIPCODE | E76: CHAR | F76: 5 | H76: Yes | I76: Existing Edit | J76: Fatal Error: If value is missing Error: If value is missing or invalid (alpha, special characters) Cross Edit Error: If Total Charges for Unknown Zip records > .5% of Total OP Hospital Charges Warning: If value is not in Zip Code List New Warning: If Zip Code = “88888” and Other Diagnosis Code is not Z59.X | K76: Total OP Charges, Other Diagnosis | L76: <1% of total charges = 99 (Unknown) Included in Error Threshold
C77: 77777 = FOREIGN
C78: 88888 = HOMELESS Usage Note: Defined as (1) Individuals and families who lack a fixed, regular, and adequate nighttime residence and includes a subset for an individual who is exiting an institution where he or she resided for 90 days or less and who resided in an emergency shelter or a place not meant for human habitation immediately before entering that institution; (2) Individuals and families who will imminently lose their primary nighttime residence; (3) Unaccompanied youth and families with children and youth who are defined as homeless under other federal statutes who do not otherwise qualify as homeless under this definition; or (4) Individuals and families who are fleeing, or are attempting to flee, domestic violence, dating violence, sexual assault, stalking, or other dangerous or life-threatening conditions that relate to violence against the individual or a family member (HUD.gov).
C79: 99999 = UNKNOWN
A80: =A76+1 -> 25 | B80: Expected Primary Payer | C80: Enter the anticipated source of payment for the major portion of the patient’s hospital expenses using the following coding. Note: For codes 05, 14, 15, 19- report the applicable health plan in the Primary Health Plan Payer data item. If Expected primary payer = 09-CHARITY, then the Expected Secondary payer = 08 or 77 For all other codes, report "100" NOT APPLICABLE for the Expected Primary Health Plan Payer data item. For MD Medicaid, a Medicaid ID must be reported in Data Item "Medicaid ID Number". For Out-Of-State Medicaid, enter "06 - Other Government Programs" and code "77777777777" for the Medicaid ID in Data Item "Medicaid ID Number" | D80: PAYER1 | E80: CHAR | F80: 2 | G80: See "Exp Payer and Health Plan Codes" tab for codes | H80: Yes | I80: Existing Edit | J80: Fatal Error: If value is missing Error: If value is invalid (alpha or special characters or 77), Cross Edit Error: If Total Charges for Unknown Primary Expected Payer records > 0.5% of Total IP Hospital Charge Cross Edit Error: If Medicaid ID value = "77777777777"or "9999999999", then Expected Payer must NE 02 or 14. Cross Edit Error: If Expected Health Plan Payer value = (98, 101, 102, 103, 104, 105, 106, 107, 108, 125, 126, 127), then Expected Payer value = 05. Cross Edit Error: If Expected Health Plan Payer value = (98, 101, 102, 107, 108, 109, 110, 111, 112, 113, 118,130), then Expected Payer value = 14. Cross Edit Error: If Expected Health Plan Payer value = (98, 101, 102, 103, 106, 107, 108, 109, 115, 116, 128), then Expected Payer value = 15. Cross Edit Error: If Expected Health Plan Payer value =(98, 107, 119, 120, 121, 122, 123, 124), then Expected Payer value = 19. Cross Edit Error: If Expected Health Plan Payer value = 100, then Expected Payer value must NE 05, 14, 15, or 19. Warning: If Primary Payer, Secondary payer, and tertiary payer are same | K80: Expected Primary Health Plan Payer, Medicaid ID, Expected Secondary Payer | L80: <1% of total charges = 99 (Unknown); Included in error threshold
C81: XX = EXPECTED PAYER CODE (SEE "Exp Payer and Health Plan Codes" TAB FOR CODES)
A82: =A80+1 -> 26 | B82: Expected Primary Health Plan Payer | C82: Enter the primary health plan payer (ex. health maintenance organization (HMO), point of service plan (POS), MD Medicaid HMO, Medicare HMO, Commercial, or similar payer) that corresponds to the primary payer reported in Data Item "Expected Primary Payer" using the codes from the "Exp Payer & Health Plan Codes" tab. Notes: If Expected Primary Payer is valid but the Expected Health Plan Payer is unknown, then report "99" UNKNOWN for the Expected Primary Health Plan Payer If Expected Primary Payer is anything OTHER than 05, 06, 14, 15, 19, report "100" NOT APPLICABLE for the Expected Primary Health Plan Payer. | D82: PRIN_HMO | E82: CHAR | F82: 2 3 | G82: See "Exp Payer and Health Plan Codes" tab for codes | H82: Yes | J82: Fatal Error: If value is missing Error: If value is invalid (alpha or special characters) Cross Edit Error: If Expected Payer is 05, then Expected Health Plan Payer must = 98, 101, 102, 103, 104, 105, 106, 107, 108, 125, 126, 127 Cross Edit Error: If Expected Payer is 14, then Expected Health Plan Payer must = 98, 101, 102, 107, 108, 109, 110, 111, 112, 113, 118,130 Cross Edit Error: If Expected Payer is 15, then Expected Health Plan Payer must = 98, 101, 102, 103, 106, 107, 108, 109, 115, 116, 128 Cross Edit Error: If Expected Payer is 19, then Expected Health Plan Pater must = 98, 107, 119, 120, 121, 122, 123, 124 Cross Edit Error: If Expected Payer is not 05, 06, 14, 15, 19, Expected Health Plan Payer must = 100. Cross Edit Error: If Expected Health Plan Payer is 129, Expected Payer must= 06 | K82: Expected Primary Payer | L82: Included in error threshold
C83: XXX = EXPECTED HEALTH PLAN PAYER CODE (SEE "Exp Payer and Health Plan Codes" TAB FOR CODES)
A84: =A82+1 -> 27 | B84: Expected Secondary Payer | C84: Enter the anticipated secondary source of payment for the major portion of the patient’s hospital expenses using the following coding. Notes: If there is no Expected Secondary Payer, then "08 - SELF PAY" or "77 - Not Applicable" may be reported. If Expected primary payer = 09-CHARITY, then the Expected Secondary payer = 08 or 77 If Expected Primary Payer is "08 - Self-Pay", then "77 - NOT APPLICABLE" must be reported for the Expected Secondary Payer. If Expected Primary Payer is "02 - Medicaid FFS" or "14 - Medicaid HMO", then "01 - MEDICARE, "15 -MEDICARE HMO", "08-SEFL PAY", or "77 - NOT APPLICABLE" must be reported for the Expected Secondary Payer. If the Expected Primary Payer is NOT 02, 08 or 14, report an Expected Secondary Payer using the codes from the "Exp Payer & Health Plan Codes" tab. For Secondary Payer codes 05, 14,15, or 19 , report the applicable health plan in the Secondary Health Plan Payer data item). For all other Secondary Payer codes, report "100" NOT APPLICABLE for the Expected Secondary Health Plan Payer data item. | D84: PAYER2 | E84: CHAR | F84: 2 | G84: See "Exp Payer and Health Plan Codes" tab for codes | H84: Yes | I84: Existing Edit | J84: Fatal Error: If value is missing Error: If value is invalid (alpha or special characters or 77). Cross Edit Error: If Total Charges for Unknown Primary Expected Payer records > 0.5% of Total IP Hospital Charge Cross Edit Error: If Medicaid ID value = "77777777777"or "9999999999", then Expected Payer must NE 02 or 14. Cross Edit Error: If Expected Health Plan Payer value = (98, 101, 102, 103, 104, 105, 106, 107, 108, 125, 126, 127), then Expected Payer value = 05. Cross Edit Error: If Expected Health Plan Payer value = (98, 101, 102, 107, 108, 109, 110, 111, 112, 113, 118,130), then Expected Payer value = 14. Cross Edit Error: If Expected Health Plan Payer value = (98, 101, 102, 103, 106, 107, 108, 109, 115, 116, 128), then Expected Payer value = 15. Cross Edit Error: If Expected Health Plan Payer value =(98, 107, 119, 120, 121, 122, 123, 124), then Expected Payer value = 19. Cross Edit Error: If Expected Health Plan Payer value = 100, then Expected Payer value must NE 05, 14, 15, or 19. Warning: If Primary Payer, Secondary payer, and tertiary payer are same | K84: Expected Primary Payer, Expected Secondary Health Plan Payer | L84: Included in error threshold
C85: XX = EXPECTED PAYER CODE (SEE "Exp Payer and Health Plan Codes" TAB FOR CODES)
A86: =A84+1 -> 28 | B86: Expected Secondary Health Plan Payer | C86: Enter the secondary payer (for example, health maintenance organization (HMO), point of service plan (POS), Medicaid HMO, Medicare HMO, Commercial, or similar payer) that corresponds to the secondary payer reported in Data Item "Expected Secondary Payer" using the following codes: Notes: If Expected Payer is valid but the Expected Health Plan Payer is unknown, then report "99" UNKNOWN for the Expected Health Plan Payer If Expected Payer is anything OTHER than 05, 06, 14, 15, or 19, report "100" NOT APPLICABLE for the Expected Health Plan Payer. If Expected Payer = "77" NOT APPLICABLE , then "100" NOT APPLICABLE must be reported for the Expected Health Plan Payer. | D86: SECN_HMO | E86: CHAR | F86: 2 3 | G86: See "Exp Payer and Health Plan Codes" tab for codes | H86: Yes | I86: Existing Edit | J86: Fatal Error: If value is missing Error: If value is invalid (alpha or special characters) Cross Edit Error: If Expected Payer is 05, then Expected Health Plan Payer must = 98, 101, 102, 103, 104, 105, 106, 107, 108, 125, 126, 127 Cross Edit Error: If Expected Payer is 14, then Expected Health Plan Payer must = 98, 101, 102, 107, 108, 109, 110, 111, 112, 113, 118,130 Cross Edit Error: If Expected Payer is 15, then Expected Health Plan Payer must = 98, 101, 102, 103, 106, 107, 108, 109, 115, 116, 128 Cross Edit Error: If Expected Payer is 19, then Expected Health Plan Pater must = 98, 107, 119, 120, 121, 122, 123, 124 Cross Edit Error: If Expected Payer is not 05, 06, 14, 15, 19, Expected Health Plan Payer must = 100. Cross Edit Error: If Expected Health Plan Payer is 129, Expected Payer must= 06 | K86: Expected Secondary Payer | L86: Included in error threshold
C87: XXX = EXPECTED HEALTH PLAN PAYER CODE (SEE "Exp Payer and Health Plan Codes" TAB FOR CODES)
A88: =A86+1 -> 29 | B88: Expected Tertiary Payer | C88: Enter the anticipated tertiary payor source of payment for the patient’s hospital expenses using the following coding. If there is no expected tertiary payer, then "08 - SELF PAY" or "77 - Not Applicable" may be reported. If Expected primary payer = 09-CHARITY, then the Expected Secondary and Tertiary payers = 08 or 77 For codes 04-06, 12, and 14-16 (in bold), additional payer definition is reported in the Tertiary Health Plan Payer (Data Item #31). If Expected Primary Payer is "08 - Self-Pay", then "77 - NOT APPLICABLE" must be reported for the Expected Tertiary Payer. If Expected Primary Payer is "02 - Medicaid FFS" or "14 - Medicaid HMO", "77 - NOT APPLICABLE" or "08-self pay" must be reported for the Expected Tertiary Payer. For MD Medicaid, a Medicaid ID must be reported in Data Item #32. For Out-Of-State Medicaid, enter "06 - Other Government Programs" and code "77777777777" must be reported in Data Item #32. | D88: PAYER3 | E88: CHAR | F88: 2 | G88: See "Exp Payer and Health Plan Codes" tab for codes | H88: Yes | I88: Existing Edit | J88: Error: If value is invalid (alpha or special characters or 77), Cross Edit Error: If Total Charges for Unknown Primary Expected Payer records > 0.5% of Total IP Hospital Charge Cross Edit Error: If Medicaid ID value = "77777777777"or "9999999999", then Expected Payer must NE 02 or 14. Fatal Error: If value is missing Cross Edit Error: If Expected Health Plan Payer value = (98, 101, 102, 103, 104, 105, 106, 107, 108, 125, 126, 127), then Expected Payer value = 05. Cross Edit Error: If Expected Health Plan Payer value = (98, 101, 102, 107, 108, 109, 110, 111, 112, 113, 118,130), then Expected Payer value = 14. Cross Edit Error: If Expected Health Plan Payer value = (98, 101, 102, 103, 106, 107, 108, 109, 115, 116, 128), then Expected Payer value = 15. Cross Edit Error: If Expected Health Plan Payer value =(98, 107, 119, 120, 121, 122, 123, 124), then Expected Payer value = 19. Cross Edit Error: If Expected Health Plan Payer value = 100, then Expected Payer value must NE 05, 14, 15, or 19. (NEW) Warning: If Primary Payer, Secondary payer, and tertiary payer are same | K88: Expected Tertiary Health Plan Payer | L88: Included in error threshold
C89: XX = EXPECTED PAYER CODE (SEE "Exp Payer and Health Plan Codes" TAB FOR CODES)
A90: =A88+1 -> 30 | B90: Expected Tertiary Health Plan Payer | C90: Enter the tertiary payer (for example, health maintenance organization (HMO), point of service plan (POS), Medicaid HMO, Medicare HMO, Commercial, or similar payer) that corresponds to the tertiary payer reported in data item "Expected Tertiary Payer" using the following codes: Notes: If Expected Payer is valid but the Expected Health Plan Payer is unknown, then report "99" UNKNOWN for the Expected Health Plan Payer If Expected Payer is anything OTHER than 05, 06, 14, 15, or 19, report "100" NOT APPLICABLE for the Expected Health Plan Payer. If Expected Payer = "77" NOT APPLICABLE , then "100" NOT APPLICABLE must be reported for the Expected Health Plan Payer. | D90: TERT_HMO | E90: CHAR | F90: 2 3 | G90: See "Exp Payer and Health Plan Codes" tab for codes | H90: Yes | I90: Existing Edit | J90: Fatal Error: If value is missing Error: If value is invalid (alpha or special characters) Cross Edit Error: If Expected Payer is 05, then Expected Health Plan Payer must = 98, 101, 102, 103, 104, 105, 106, 107, 108, 125, 126, 127 Cross Edit Error: If Expected Payer is 14, then Expected Health Plan Payer must = 98, 101, 102, 107, 108, 109, 110, 111, 112, 113, 118,130 Cross Edit Error: If Expected Payer is 15, then Expected Health Plan Payer must = 98, 101, 102, 103, 106, 107, 108, 109, 115, 116, 128 Cross Edit Error: If Expected Payer is 19, then Expected Health Plan Pater must = 98, 107, 119, 120, 121, 122, 123, 124 Cross Edit Error: If Expected Payer is not 05, 06, 14, 15, 19, Expected Health Plan Payer must = 100. Cross Edit Error: If Expected Health Plan Payer is 129, Expected Payer must= 06 | K90: Expected Tertiary Payer | L90: Included in error threshold
C91: XX = EXPECTED HEALTH PLAN PAYER CODE (SEE "Exp Payer and Health Plan Codes" TAB FOR CODES)
A92: =A90+1 -> 31 | B92: Kaiser Payer Flag | C92: Enter whether Kaiser Permanente is the Expected Primary or Secondary or Tertiary Plan Payer for this admission or visit. N = PRIMARY/SECONDARY/TERTIARY PLAN PAYER IS NOT KAISER PERMANENTE Y = PRIMARY/SECONDARY/TERTIARY PLAN PAYER IS KAISER PERMANENTE | D92: KAISER_FLAG | E92: CHAR | F92: 1 | H92: Yes | I92: Existing Edit | J92: Error: If value is invalid (special characters) Cross Edit Error: if primary/secondary/tertiary plan payer is NOT 107 and Kaiser_flag = Y and vice versa | K92: N/A | L92: Included in error threshold
A93: =A92+1 -> 32 | B93: Medicaid ID Number | C93: If the expected primary or secondary or tertiary payer of the patients charges is MD Medicaid or MD Medicaid HMO, enter the patients Medicaid ID (also commonly referred to as the Medical Assistance ID or Children’s Health Insurance Program (CHIP) ID number). For out-of-state Medicaid, enter "77777777777." Do not enter the ID for out-of-state Medicaid payers. For Pending Medicaid Eligibility, enter "88888888888." Use this code for patients who are waiting for approval of MD Medicaid eligibility at the time of discharge. | D93: MEDICAID | E93: CHAR | F93: 11 | G93: The Medicaid ID number is not the same as the Medicaid MCO ID number or the Member ID number. Medicaid ID Number field will be alphanumeric can contain letters and numbers | H93: Yes | I93: Existing Edit | J93: Cross Edit Error: If value is = 77777777777 or 99999999999 and Expected Primary or Secondary, or tertiary Payer is = 02 or 14 Cross Edit Error: If value is missing or invalid (alpha or special characters) and Expected Primary Payer is = 02 or 14 Cross Edit Error: If value is not 77777777777 and Expected Primary Payer is = 06, 07, 10, 18 and any other payer is not 02 or 14 | K93: Expected Primary, Secondary Payer, Tertiary payer | L93: Included in error threshold
C94: XXXXXXXXXXX = MD MEDICAID ID NUMBER
C95: 77777777777 = NOT APPLICABLE (NON-MEDICAID or OUT-OF-STATE MEDICAID ONLY)
C96: 99999999999 = Unknown
C97: 88888888888 = Pending Authorization (MD Medicaid only)
A98: =A93+1 -> 33 | B98: Ambulance Run Number | C98: Pre-Hospital care data collection has evolved through many different applications/systems all regulated by the MD Institute for EMS Systems (MIEMSS). In accordance with COMAR 30.03.04.04, MIEMSS obtains emergency medical service (EMS) data from EMS clinicians providing prehospital care for the purposes of public health oversight activities including evaluating and seeking to improve the quality of health care provided by EMS clinicians, hospitals, and trauma and specialty centers. eMEDS® collects data in an electronic Patient Care Report (ePCR) containing patient demographics, and the patient's prehospital care and condition as reported by the EMS clinician(s) rendering prehospital care. Each report is assigned a unique number as they are generated. The Ambulance Run Number, now referred to as the [e]PCR Number, is unique to each individual report created in the system. Starting January 1, 2021 this number has changed from an eleven (11)-digit format, to a thirty-two (32) alphanumeric character string/Globally Unique Identifier (GUID). Both eleven (11)-digit format, and thirty-two (32) alphanumeric character string will be allowed till further notice | D98: AMBRUN | E98: CHAR | F98: 11 or 32 | G98: Alphanumeric values are valid | H98: Yes | I98: Existing Edit | J98: Warning: If the value is missing or invalid (not 32 hexadecimal (0-9A-F) characters or 11-digit format) “00000000000000000000000000000000” = “Patient did not arrive by Ambulance” Otherwise, more than five consecutive 0’s in the 32-character string is invalid | K98: N/A | L98: Included in error threshold
C99: NNNNNNNNNNNNNNNNNNNNNNNNNNNNNNNN or NNNNNNNNNNN = RUN-SHEET NUMBER OF AMBULANCE (RIGHT JUSTIFIED)
C100: 77777777777777777777777777777777 = PATIENT ARRIVED BY AMBULANCE BUT THE RUN-SHEET NUMBER IS NOT AVAILABLE
C101: 00000000000000000000000000000000 = PATIENT DID NOT ARRIVE BY AMBULANCE
...

Sheet Record Type 2
A1: ='Record Type 1'!A1 -> FY 2027 MARYLAND HOSPITAL OUTPATIENT DATA SUBMISSION ELEMENTS AND FORMATS | D1: ='Record Type 1'!D1 -> Text in RED indicate new items from prior fiscal year
A2: ='Record Type 1'!A2 -> (As referenced in COMAR 10.37.06.01)
A3: RECORD TYPE 2
A5: ='Record Type 1'!A5 -> Data Items | D5: ='Record Type 1'!D5 -> Data Format | H5: ='Record Type 1'!H5 -> Data Quality | L5: ='Record Type 1'!L5 -> 0
A6: ='Record Type 1'!A6 -> Data Item | B6: ='Record Type 1'!B6 -> Data Item Name | C6: ='Record Type 1'!C6 -> Description | D6: ='Record Type 1'!D6 -> HSCRC Variable | E6: ='Record Type 1'!E6 -> Data Type | F6: ='Record Type 1'!F6 -> Max Length | G6: ='Record Type 1'!G6 -> Format | H6: ='Record Type 1'!H6 -> Required Field | ... J6: ='Record Type 1'!J6 -> Edit Check Level (Warning/Error/Fatal Error/Cross Edit Error) | K6: Cross Edit Error Variable | L6: ='Record Type 1'!L6 -> Quality Threshold 10%: Monthly 5%: Quarterly
A7: ='Record Type 1'!A7 -> 1 | B7: ='Record Type 1'!B7 -> Medicare Provider Number | C7: ='Record Type 1'!C7 -> Enter the Medicare provider number assigned to the hospital. | D7: ='Record Type 1'!D7 -> HOSPID | E7: ='Record Type 1'!E7 -> NUM | F7: ='Record Type 1'!F7 -> 6 | G7: ='Record Type 1'!G7 -> See "Provider ID" tabs for codes | H7: ='Record Type 1'!H7 -> Yes | ... L7: ='Record Type 1'!L7 -> 100% Complete
C8: ='Record Type 1'!C8 -> NNNNNN = MEDICARE PROVIDER NUMBER (SEE "Provider ID" TAB FOR CODES)
A9: ='Record Type 1'!A9 -> 2 | B9: ='Record Type 1'!B9 -> Medical Record Number | C9: ='Record Type 1'!C9 -> Enter the unique medical record number assigned by the hospital for the patient’s medical record. The unique medical record number is to be assigned permanently to the patient and may not change regardless of the number of admissions for that particular patient during the patient’s lifetime. LEADING ZEROES/SPACES ARE NOT REQUIRED. | D9: ='Record Type 1'!D9 -> MRNUM | E9: ='Record Type 1'!E9 -> CHAR | F9: ='Record Type 1'!F9 -> 12 | G9: ='Record Type 1'!G9 -> No alpha or special characters. | H9: ='Record Type 1'!H9 -> Yes | ... L9: ='Record Type 1'!L9 -> 100% Complete
C10: ='Record Type 1'!C10 -> NNNNNNNNNNN = PATIENT'S MEDICAL RECORD NUMBER
A11: ='Record Type 1'!A11 -> 3 | B11: ='Record Type 1'!B11 -> Patient Account Number | C11: ='Record Type 1'!C11 -> Enter the unique number assigned by the hospital for this patient’s admission. For Commission reporting requirements, this number is related to a single admission, and will change with each encounter or visit reported. LEADING ZEROES/SPACES ARE NOT REQUIRED. | D11: ='Record Type 1'!D11 -> PATACCT | E11: ='Record Type 1'!E11 -> CHAR | F11: ='Record Type 1'!F11 -> 18 | G11: ='Record Type 1'!G11 -> No alpha or special characters. | H11: ='Record Type 1'!H11 -> Yes | ... L11: ='Record Type 1'!L11 -> 100% Complete
C12: ='Record Type 1'!C12 -> NNNNNNNNNNNNNNNNNN = PATIENT ACCOUNT NUMBER
A13: ='Record Type 1'!A13 -> 4 | B13: ='Record Type 1'!B13 -> From Date of Service | C13: ='Record Type 1'!C13 -> Enter the month, day, and year for the first day of the specific patient encounter or visit. For example, for April 2, 2007, enter 04022007 (mmddyyyy). The From Date must be before the Through Date. | D13: ='Record Type 1'!D13 -> FR_DATE | E13: ='Record Type 1'!E13 -> DATE | F13: ='Record Type 1'!F13 -> 8 | H13: ='Record Type 1'!H13 -> Yes | I13: ='Record Type 1'!I13 -> Existing Edit | J13: ='Record Type 1'!J13 -> Fatal error: If value is missing or invalid (alpha or special characters) Fatal error: If value is after Thru Date | K13: ='Record Type 1'!K13 -> Thru Date of Service | L13: ='Record Type 1'!L13 -> 100% Complete
C14: ='Record Type 1'!C14 -> MMDDYYYY = MONTH,DAY,YEAR
A15: ='Record Type 1'!A15 -> 5 | B15: ='Record Type 1'!B15 -> Thru Date of Service | C15: ='Record Type 1'!C15 -> Enter the month, day, and year for the last day covering the specific patient encounter, visit or the date of discharge. For example, for April 3, 2007, enter 04032007 (mmddyyyy). The Through Date must be after the From Date and be in the current reporting period. | D15: ='Record Type 1'!D15 -> TH_DATE | E15: ='Record Type 1'!E15 -> DATE | F15: ='Record Type 1'!F15 -> 8 | H15: ='Record Type 1'!H15 -> Yes | I15: ='Record Type 1'!I15 -> Existing Edit | J15: ='Record Type 1'!J15 -> Fatal error: If value is missing or invalid (alpha or special characters) Fatal Error: If value reported is outside of reporting quarter | K15: ='Record Type 1'!K15 -> N/A | L15: ='Record Type 1'!L15 -> 100% Complete
C16: ='Record Type 1'!C16 -> MMDDYYYY = MONTH,DAY,YEAR
A17: ='Record Type 1'!A17 -> 6 | B17: ='Record Type 1'!B17 -> Record Type | C17: ='Record Type 1'!C17 -> Enter the record type | D17: ='Record Type 1'!D17 -> REC_TYPE | E17: ='Record Type 1'!E17 -> NUM | F17: ='Record Type 1'!F17 -> 1 | H17: ='Record Type 1'!H17 -> Yes | I17: ='Record Type 1'!I17 -> Existing Edit | J17: ='Record Type 1'!J17 -> Fatal error: If value is missing or invalid (alpha or special characters) | K17: ='Record Type 1'!K17 -> N/A | L17: ='Record Type 1'!L17 -> 100% Complete
C18: 2 = RECORD TYPE 2 - CLINICAL DATA
A19: ='Record Type 1'!A178+1 -> 47 | B19: Principal Diagnosis | C19: Enter the ICD-10-CM code for the principal diagnosis. The principal diagnosis is the condition established after study to be chiefly responsible for occasioning the admission of the patient to the hospital. | D19: PRINDIAG | E19: CHAR | F19: 7 | H19: No | I19: Existing Edit | J19: Error: If value is invalid (special characters) Error: If value is missing and Other Diagnosis 1 is reported Error: If diagnosis is flagged by the grouper as ungroupable (for medical and observation case) | K19: Other Diagnosis 1 | L19: Included in Error Threshold
C20: XXXXXXX = ICD-10-CM CODE
C21: BLANKS = NOT APPLICABLE
A22: =A19+1 -> 48 | B22: Other Diagnosis 1 | C22: Enter on each appropriate line the ICD-10-CM code for the secondary diagnoses. Other diagnoses to be listed are conditions that co-exist at the time of admission or develop subsequently, which affect the treatment received or the length of stay. Diagnoses that relate to an earlier admission which have no bearing on this admission shall be excluded. | D22: DIAG1 | E22: CHAR | F22: 7 | H22: No | I22: Existing Edit | J22: Error: If value is invalid (special characters) | K22: N/A | L22: Included in Error Threshold
C23: SAME AS PRINCIPAL DIAGNOSIS
A24: =A22+1 -> 49 | B24: Other Diagnosis 2 | C24: Enter on each appropriate line the ICD-10-CM coding for the secondary diagnoses. | D24: DIAG3 | E24: CHAR | F24: 7 | H24: No | I24: Existing Edit | J24: Error: If value is invalid (special characters) | K24: N/A | L24: Included in Error Threshold
A25: =A24+1 -> 50 | B25: Other Diagnosis 3 | C25: Enter on each appropriate line the ICD-10-CM coding for the secondary diagnoses. | D25: DIAG3 | E25: CHAR | F25: 7 | H25: No | I25: Existing Edit | J25: Error: If value is invalid (special characters) | K25: N/A | L25: Included in Error Threshold
A26: =A25+1 -> 51 | B26: Other Diagnosis 4 | C26: Enter on each appropriate line the ICD-10-CM coding for the secondary diagnoses. | D26: DIAG4 | E26: CHAR | F26: 7 | H26: No | I26: Existing Edit | J26: Error: If value is invalid (special characters) | K26: N/A | L26: Included in Error Threshold
A27: =A26+1 -> 52 | B27: Other Diagnosis 5 | C27: Enter on each appropriate line the ICD-10-CM coding for the secondary diagnoses. | D27: DIAG5 | E27: CHAR | F27: 7 | H27: No | I27: Existing Edit | J27: Error: If value is invalid (special characters) | K27: N/A | L27: Included in Error Threshold
A28: =A27+1 -> 53 | B28: Other Diagnosis 6 | C28: Enter on each appropriate line the ICD-10-CM coding for the secondary diagnoses. | D28: DIAG6 | E28: CHAR | F28: 7 | H28: No | I28: Existing Edit | J28: Error: If value is invalid (special characters) | K28: N/A | L28: Included in Error Threshold
A29: =A28+1 -> 54 | B29: Other Diagnosis 7 | C29: Enter on each appropriate line the ICD-10-CM coding for the secondary diagnoses. | D29: DIAG7 | E29: CHAR | F29: 7 | H29: No | I29: Existing Edit | J29: Error: If value is invalid (special characters) | K29: N/A | L29: Included in Error Threshold
A30: =A29+1 -> 55 | B30: Other Diagnosis 8 | C30: Enter on each appropriate line the ICD-10-CM coding for the secondary diagnoses. | D30: DIAG8 | E30: CHAR | F30: 7 | H30: No | I30: Existing Edit | J30: Error: If value is invalid (special characters) | K30: N/A | L30: Included in Error Threshold
A31: =A30+1 -> 56 | B31: Other Diagnosis 9 | C31: Enter on each appropriate line the ICD-10-CM coding for the secondary diagnoses. | D31: DIAG9 | E31: CHAR | F31: 7 | H31: No | I31: Existing Edit | J31: Error: If value is invalid (special characters) | K31: N/A | L31: Included in Error Threshold
A32: =A31+1 -> 57 | B32: Other Diagnosis 10 | C32: Enter on each appropriate line the ICD-10-CM coding for the secondary diagnoses. | D32: DIAG10 | E32: CHAR | F32: 7 | H32: No | I32: Existing Edit | J32: Error: If value is invalid (special characters) | K32: N/A | L32: Included in Error Threshold
A33: =A32+1 -> 58 | B33: Other Diagnosis 11 | C33: Enter on each appropriate line the ICD-10-CM coding for the secondary diagnoses. | D33: DIAG11 | E33: CHAR | F33: 7 | H33: No | I33: Existing Edit | J33: Error: If value is invalid (special characters) | K33: N/A | L33: Included in Error Threshold
A34: =A33+1 -> 59 | B34: Other Diagnosis 12 | C34: Enter on each appropriate line the ICD-10-CM coding for the secondary diagnoses. | D34: DIAG12 | E34: CHAR | F34: 7 | H34: No | I34: Existing Edit | J34: Error: If value is invalid (special characters) | K34: N/A | L34: Included in Error Threshold
A35: =A34+1 -> 60 | B35: Other Diagnosis 13 | C35: Enter on each appropriate line the ICD-10-CM coding for the secondary diagnoses. | D35: DIAG13 | E35: CHAR | F35: 7 | H35: No | I35: Existing Edit | J35: Error: If value is invalid (special characters) | K35: N/A | L35: Included in Error Threshold
A36: =A35+1 -> 61 | B36: Other Diagnosis 14 | C36: Enter on each appropriate line the ICD-10-CM coding for the secondary diagnoses. | D36: DIAG14 | E36: CHAR | F36: 7 | H36: No | I36: Existing Edit | J36: Error: If value is invalid (special characters) | K36: N/A | L36: Included in Error Threshold
... A121: =A120+1 -> 146 | B121: Other Diagnosis 99 | C121: Enter on each appropriate line the ICD-10-CM coding for the secondary diagnoses | D121: DIAG99 | E121: CHAR | F121: 7 | H121: No | I121: Existing Edit | J121: Error: If value is invalid (special characters) | K121: N/A | L121: Included in Error Threshold
A122: =A121+1 -> 147 | B122: External Cause of Injury Code (E-Code) | C122: Enter the ICD-10-CM code for the external cause of an injury, poisoning, or adverse reaction. The E-Code shall be reported whenever an injury is the principal diagnosis or directly related to the principal diagnosis. Additional E-codes, including Place of Occurrence Codes, may be recorded in the Other Diagnosis fields as space permits. Y92 should be coded as a DIAGNOSIS code instead of an E-Code. | D122: E_CODE | E122: CHAR | F122: 7 | H122: No | I122: Existing Edit | J122: Error: if value is invalid (special characters)
C123: XXXXXXX = ICD-10-CM CODE
C124: BLANKS = NOT APPLICABLE
A125: =A122+1 -> 148 | B125: Admitting diagnosis | C125: Enter the ICD-10-CM code for the admitting diagnosis of the outpatient. This is the presenting reason for the visit reported by the patient. | D125: ADM_DIAG | E125: CHAR | F125: 7 | H125: Yes | I125: Existing Edit | J125: Error: If value is invalid (special characters) and Visit, Daily Visit, or Encounter type is 02 = EMERGENCY ROOM SERVICES | K125: N/A | L125: Included in Error Threshold
C126: SAME AS PRINCIPAL DIAGNOSIS

Sheet Record Type 3
A1: ='Record Type 1'!A1 -> FY 2027 MARYLAND HOSPITAL OUTPATIENT DATA SUBMISSION ELEMENTS AND FORMATS | D1: ='Record Type 1'!D1 -> Text in RED indicate new items from prior fiscal year
A2: ='Record Type 1'!A2 -> (As referenced in COMAR 10.37.06.01)
A3: RECORD TYPE 3
A5: ='Record Type 1'!A5 -> Data Items | D5: ='Record Type 1'!D5 -> Data Format | H5: ='Record Type 1'!H5 -> Data Quality | L5: ='Record Type 1'!L5 -> 0
A6: ='Record Type 1'!A6 -> Data Item | B6: ='Record Type 1'!B6 -> Data Item Name | C6: ='Record Type 1'!C6 -> Description | D6: ='Record Type 1'!D6 -> HSCRC Variable | E6: ='Record Type 1'!E6 -> Data Type | F6: ='Record Type 1'!F6 -> Max Length | G6: ='Record Type 1'!G6 -> Format | H6: ='Record Type 1'!H6 -> Required Field | ... J6: ='Record Type 1'!J6 -> Edit Check Level (Warning/Error/Fatal Error/Cross Edit Error) | K6: Cross Edit Error Variable | L6: ='Record Type 1'!L6 -> Quality Threshold 10%: Monthly 5%: Quarterly
A7: ='Record Type 1'!A7 -> 1 | B7: ='Record Type 1'!B7 -> Medicare Provider Number | C7: ='Record Type 1'!C7 -> Enter the Medicare provider number assigned to the hospital. | D7: ='Record Type 1'!D7 -> HOSPID | E7: ='Record Type 1'!E7 -> NUM | F7: ='Record Type 1'!F7 -> 6 | G7: ='Record Type 1'!G7 -> See "Provider ID" tabs for codes | H7: ='Record Type 1'!H7 -> Yes | ... L7: ='Record Type 1'!L7 -> 100% Complete
C8: ='Record Type 1'!C8 -> NNNNNN = MEDICARE PROVIDER NUMBER (SEE "Provider ID" TAB FOR CODES)
A9: ='Record Type 1'!A9 -> 2 | B9: ='Record Type 1'!B9 -> Medical Record Number | C9: ='Record Type 1'!C9 -> Enter the unique medical record number assigned by the hospital for the patient’s medical record. The unique medical record number is to be assigned permanently to the patient and may not change regardless of the number of admissions for that particular patient during the patient’s lifetime. LEADING ZEROES/SPACES ARE NOT REQUIRED. | D9: ='Record Type 1'!D9 -> MRNUM | E9: ='Record Type 1'!E9 -> CHAR | F9: ='Record Type 1'!F9 -> 12 | G9: ='Record Type 1'!G9 -> No alpha or special characters. | H9: ='Record Type 1'!H9 -> Yes | ... L9: ='Record Type 1'!L9 -> 100% Complete
C10: ='Record Type 1'!C10 -> NNNNNNNNNNN = PATIENT'S MEDICAL RECORD NUMBER
A11: ='Record Type 1'!A11 -> 3 | B11: ='Record Type 1'!B11 -> Patient Account Number | C11: ='Record Type 1'!C11 -> Enter the unique number assigned by the hospital for this patient’s admission. For Commission reporting requirements, this number is related to a single admission, and will change with each encounter or visit reported. LEADING ZEROES/SPACES ARE NOT REQUIRED. | D11: ='Record Type 1'!D11 -> PATACCT | E11: ='Record Type 1'!E11 -> CHAR | F11: ='Record Type 1'!F11 -> 18 | G11: ='Record Type 1'!G11 -> No alpha or special characters. | H11: ='Record Type 1'!H11 -> Yes | ... L11: ='Record Type 1'!L11 -> 100% Complete
C12: ='Record Type 1'!C12 -> NNNNNNNNNNNNNNNNNN = PATIENT ACCOUNT NUMBER
A13: ='Record Type 1'!A13 -> 4 | B13: ='Record Type 1'!B13 -> From Date of Service | C13: ='Record Type 1'!C13 -> Enter the month, day, and year for the first day of the specific patient encounter or visit. For example, for April 2, 2007, enter 04022007 (mmddyyyy). The From Date must be before the Through Date. | D13: ='Record Type 1'!D13 -> FR_DATE | E13: ='Record Type 1'!E13 -> DATE | F13: ='Record Type 1'!F13 -> 8 | H13: ='Record Type 1'!H13 -> Yes | I13: ='Record Type 1'!I13 -> Existing Edit | J13: ='Record Type 1'!J13 -> Fatal error: If value is missing or invalid (alpha or special characters) Fatal error: If value is after Thru Date | K13: ='Record Type 1'!K13 -> Thru Date of Service | L13: ='Record Type 1'!L13 -> 100% Complete
C14: ='Record Type 1'!C14 -> MMDDYYYY = MONTH,DAY,YEAR
A15: ='Record Type 1'!A15 -> 5 | B15: ='Record Type 1'!B15 -> Thru Date of Service | C15: ='Record Type 1'!C15 -> Enter the month, day, and year for the last day covering the specific patient encounter, visit or the date of discharge. For example, for April 3, 2007, enter 04032007 (mmddyyyy). The Through Date must be after the From Date and be in the current reporting period. | D15: ='Record Type 1'!D15 -> TH_DATE | E15: ='Record Type 1'!E15 -> DATE | F15: ='Record Type 1'!F15 -> 8 | H15: ='Record Type 1'!H15 -> Yes | I15: ='Record Type 1'!I15 -> Existing Edit | J15: ='Record Type 1'!J15 -> Fatal error: If value is missing or invalid (alpha or special characters) Fatal Error: If value reported is outside of reporting quarter | K15: ='Record Type 1'!K15 -> N/A | L15: ='Record Type 1'!L15 -> 100% Complete
C16: ='Record Type 1'!C16 -> MMDDYYYY = MONTH,DAY,YEAR
A17: ='Record Type 1'!A17 -> 6 | B17: ='Record Type 1'!B17 -> Record Type | C17: ='Record Type 1'!C17 -> Enter the record type | D17: ='Record Type 1'!D17 -> REC_TYPE | E17: ='Record Type 1'!E17 -> NUM | F17: ='Record Type 1'!F17 -> 1 | H17: ='Record Type 1'!H17 -> Yes | I17: ='Record Type 1'!I17 -> Existing Edit | J17: ='Record Type 1'!J17 -> Fatal error: If value is missing or invalid (alpha or special characters) | K17: ='Record Type 1'!K17 -> N/A | L17: ='Record Type 1'!L17 -> 100% Complete
C18: 3 = RECORD TYPE 3 - FINANCIAL/BILLING DATA
A19: ='Record Type 2'!A125+1 -> 149 | B19: Bill Type | C19: Enter the 3-digit bill type (do not report leading zero) that is reported on the UB04. The value submitted in the first Type 3 Record will be used. | D19: BILLTYPE | E19: CHAR | F19: 3 | H19: Yes | I19: Existing Edit | J19: Error: If value is invalid (special characters) Warning: If value is missing Warning: If value is invalid. See the valid values in tab "Bill type" | K19: N/A | L19: Included in Error Threshold
C20: XXX = BILL TYPE
A21: =A19+1 -> 150 | B21: Occurrence Code and Date | C21: Enter the occurrence code and associated date for a significant event related to the bill tat may affect processing. Usage Notes: Accident Codes should be report in the first 2 characters of this field if Accident Hour (Item 34 in Record Type 1) is populated. Refer to "https://resdac.org/CMS-data/variables/claim-related-occurrence-code-encounter" for valid Accident codes. This field should be submitted in the first Type 3 Record. They may reoccur in other Type 3 records only the first will be used. | D21: OSCODE | E21: CHAR | F21: 10 | G21: First 2 Digits is the Occurrence Code (ALPHANUMERIC) and the last 8 digits is the Date (MMDDYYYY). Refer to https://www.resdac.org/sites/resdac.umn.edu/files/Claim%20Related%20Occurrence%20Table.txt for valid Accident codes and other Occurrence Codes | H21: No | I21: Existing Edit | J21: Warning: If value is invalid Warning: If value is blank or invalid and Accident Hour is not Blank Warning: if last eight characters is not in a valid MMDDYYYY date format. | K21: N/A | L21: N/A
C22: XXMMDDYYYY = OCCURANCE CODE AND DATE OF OCCURANCE (MONTH,DAY,YEAR)
C23: BLANKS = NOT APPLICABLE
A24: =A21+1 -> 151 | B24: Condition Code 1 | C24: Enter the condition code that may affect payer processing of the bill. Up to 5 condition codes are accepted. This field should be submitted in the first Type 3 Record. They may reoccur in other Type 3 records only the first will be used. | D24: CONDCODE1 | E24: CHAR | F24: 2 | H24: No | I24: Existing Edit | J24: Error: If value is invalid (special characters) | K24: N/A | L24: Included in Error Threshold
C25: XX = CONDITION CODE
C26: BLANKS = NOT APPLICABLE
A27: =A24+1 -> 152 | B27: Condition Code 2 | C27: Enter the Condition code. Up to 5 condition codes are accepted. This field should be submitted in the first Type 3 Record. They may reoccur in other Type 3 records only the first will be used. | D27: CONDCODE2 | E27: CHAR | F27: 2 | H27: No | I27: Existing Edit | J27: Error: If value is invalid (special characters) | K27: N/A | L27: Included in Error Threshold
C28: SAME AS CONDITION CODE 1
A29: =A27+1 -> 153 | B29: Condition Code 3 | C29: Enter the Condition code. Up to 5 condition codes are accepted. This field should be submitted in the first Type 3 Record. They may reoccur in other Type 3 records only the first will be used. | D29: CONDCODE3 | E29: CHAR | F29: 2 | H29: No | I29: Existing Edit | J29: Error: If value is invalid (special characters) | K29: N/A | L29: Included in Error Threshold
C30: SAME AS CONDITION CODE 1
A31: =A29+1 -> 154 | B31: Condition Code 4 | C31: Enter the Condition code. Up to 5 condition codes are accepted. This field should be submitted in the first Type 3 Record. They may reoccur in other Type 3 records only the first will be used. | D31: CONDCODE4 | E31: CHAR | F31: 2 | H31: No | I31: Existing Edit | J31: Error: If value is invalid (special characters) | K31: N/A | L31: Included in Error Threshold
C32: SAME AS CONDITION CODE 1
A33: =A31+1 -> 155 | B33: Condition Code 5 | C33: Enter the Condition code. Up to 5 condition codes are accepted. This field should be submitted in the first Type 3 Record. They may reoccur in other Type 3 records only the first will be used. | D33: CONDCODE5 | E33: CHAR | F33: 2 | H33: No | I33: Existing Edit | J33: Error: If value is invalid (special characters) | K33: N/A | L33: Included in Error Threshold
C34: SAME AS CONDITION CODE 1
A35: Patient Revenue Data. The full charges for all services provided to the patient shall be reported. These charges do not include Part B physician charges or charges not regulated by the Health Services Cost Review Commission (for example, telephone service, television charges, or private duty nursing charges). For each patient, there will be multiple occurrences of revenue data reported according to the Uniform Billing Claims Form.
A36: =A33+1 -> 156 | B36: Uniform Billing (UB-04) Revenue Code 1 | C36: This code identifies a specific accommodation, ancillary service, or billing calculation. Enter “1” for the UB code associated with the Total Charge. LEADING ZEROES/SPACES ARE NOT REQUIRED. | D36: REVCODE1 | E36: Num | F36: 4 | H36: Yes | I36: Existing Edit | J36: Error: If value is invalid Warning: If value is missing and associated Rate Center Units of Service, Charges, Date of Service or CPT code are not blank | K36: Rate Center 1, Units of Service 1, Charges 1, CPT 1, Date of Service 1 | L36: Included in Error Threshold
C37: xxxx = UB-04 CODE
C38: 0001 = UB-04 CODE ASSOCIATED WITH THE TOTAL CHARGE OF THE RECORD
A39: =A36+1 -> 157 | B39: Rate Center Code 1 | C39: This code identifies the HSCRC rate center to which the related UB revenue code and charges are mapped. | D39: SEE "Rate Center Code" TAB FOR VARIABLE NAMES | E39: Char | F39: 3 | H39: Yes, if REVCODE is reported | I39: New or Revised Edit - In Production this FY | J39: Error: If value is invalid (values other than what is in tab "Rate Center Codes") Cross Edit Error: If value is missing and associated Revenue Code is reported Cross Edit Error: If value is not "00" when associated Revenue Code is = "0001" | K39: Revenue Code 1 ,Units of Service 1, Charges 1, CPT 1, Date of Service 1 | L39: Included in Error Threshold
C40: XX = RATE CENTER CODE ASSOCIATED WITH UB-04 CODE (SEE "Rate Center Code" TAB FOR CODES)
A41: =A39+1 -> 158 | B41: Units of Service 1 | C41: Enter the units of service (as defined in Appendix D of the HSCRC Accounting and Budget Manual) associated with the rate center. For the Medical Surgical Supplies and Organ Acquisition rate centers, enter 0. For the Drug rate center, enter the units as defined by the ICD-10 drug code dosage level. For the Drug rate center, enter the units as defined by the CPT/HCPC drug code dosage level, which may equal the amount administered and wasted if the amount of both the administered and wasted corresponds to the total amount of the drug when billed properly. Usage Notes: The amount administered and the amount wasted must each be reported in the patient’s medical record, per Novitas guidance published in 2017, which states, "providers are required to document the discarded drug or biological in the patient's medical record." The drug units reported in the case mix data and in the HSCRC Schedule CDS-A: Growth in the Use of Outpatient. Infusion, Chemo-therapy, and Biological Oncology Drugs (CDS-A) should equal the number of doses procured and administered and where each dose is defined and measured by Medicare on their quarterly published ASP listing. Drug services should be reported with the appropriate HCPCS code and the units is the total of procured units (including the amount administered and waste). | D41: UNTSVC1 | E41: Num | F41: 6 | H41: Yes, if REVCODE is reported | I41: Existing Edit | J41: Error: If value is invalid (alpha or special characters) Cross Edit Error: If value NE 0 and Rate Center = 55 (Organ Acquisition) Cross Edit Error: If value NE 0 and Rate Center = 65 (Med/Surg Supplies) Cross Edit Error: If value is missing and associated Revenue Code, Rate Center Code, Charges or Date of Service are not blank Warning: If CPT/HCPCS Code reported is (99202-99205, 99211-99215, and G0463) and the Units of Service is not between 2-6 | K41: Rate Center 1, Revenue Code 1, Charges 1, CPT 1, Date of Service 1 | L41: Included in Error Threshold
C42: NNNNNN = UNITS OF SERVICE ASSOCITED WITH THE CPT/HCPCS CODE
A43: =A41+1 -> 159 | B43: Total Charges 1 | C43: Total charges associated with the related UB-04 revenue code, units and rate center. | D43: CHARGE1 | E43: Num | F43: Unlimited | G43: DECIMAL POINT MUST BE INCLUDED | H43: Yes, if REVCODE is reported | I43: Existing Edit | J43: Fatal Error: If value < 0 (negative charge) Error: If value is invalid (alpha or special characters other than a decimal) Cross Edit Error: If value of Total Charge is not within $10 of sum of individual revenue lines Cross Edit Error: If value is missing and associated Revenue Code, Rate Center Code, Units of Service, Date of Service, or CPT code are not blank Warning: If value is > $25K | K43: Total Charge 1-X, Units of Service 1, Rate Center Code 1, Revenue Code 1, CPT 1, Date of Service 1 | L43: Included in Error Threshold ( Error and Cross Edit Error Only)
C44: NNNNNNNNN = TOTAL CHARGES ASSOCIATED WITH THE UB-04 CODE (DOLLAR AND CENTS.
A45: =A43+1 -> 160 | B45: CPT or HCPCS Code 1 | C45: Enter the CPT or HCPCS code associated with the related revenue code. Follow UB04 guidelines for reporting multiple surgical procedure codes. | D45: CPT1 | E45: Char | F45: 5 | H45: Yes, if REVCODE is reported | I45: Existing Edit | J45: Error: If reported CPT or HCPCS code is not valid or is terminated before the procedure date Error: No valid CPT codes reported Cross Edit Error: If value reported and associated UB Code not reported Cross Edit Error: If value is missing and associated Revenue Code, Rate Center Code, Units of Service, Date of Service, or Charges are not blank | K45: Revenue Code 1, Charge 1, Units of Service 1, Rate Center Code 1, Date of Service 1 | L45: Included in Error Threshold
C46: XXXXX = CPT OR HCPCS CODE
A47: =A45+1 -> 161 | B47: Modifier 1 | C47: Enter the modifier code associated with the CPT or HCPCS code. Up to 5 modifier codes per CPT are accepted | D47: CMOD1 | E47: Char | F47: 2 | H47: No | I47: Existing Edit | J47: Error: If value is invalid (special characters) | K47: N/A | L47: Included in Error Threshold
C48: XX = MODIFIER CODE (CAN BE ALPHA OR NUMERIC CHARACTERS)
C49: BLANKS = NOT APPLICABLE
A50: =A47+1 -> 162 | B50: Modifier 2 | C50: Enter the modifier code associated with the CPT or HCPCS code. Up to 5 modifier codes per CPT are accepted | D50: CMOD2 | E50: Char | F50: 2 | H50: No | I50: Existing Edit | J50: Error: If value is invalid (special characters) | K50: N/A | L50: Included in Error Threshold
C51: XX = MODIFIER CODE (CAN BE ALPHA OR NUMERIC CHARACTERS)
C52: BLANKS = NOT APPLICABLE
A53: =A50+1 -> 163 | B53: Modifier 3 | C53: Enter the modifier code associated with the CPT or HCPCS code. Up to 5 modifier codes per CPT are accepted | D53: CMOD3 | E53: Char | F53: 2 | H53: No | I53: Existing Edit | J53: Error: If value is invalid (special characters) | K53: N/A | L53: Included in Error Threshold
C54: XX = MODIFIER CODE (CAN BE ALPHA OR NUMERIC CHARACTERS)
C55: BLANKS = NOT APPLICABLE
A56: =A53+1 -> 164 | B56: Modifier 4 | C56: Enter the modifier code associated with the CPT or HCPCS code. Up to 5 modifier codes per CPT are accepted | D56: CMOD4 | E56: Char | F56: 2 | H56: No | I56: Existing Edit | J56: Error: If value is invalid (special characters) | K56: N/A | L56: Included in Error Threshold
C57: XX = MODIFIER CODE (CAN BE ALPHA OR NUMERIC CHARACTERS)
C58: BLANKS = NOT APPLICABLE
A59: =A56+1 -> 165 | B59: Modifier 5 | C59: Enter the modifier code associated with the CPT or HCPCS code. Up to 5 modifier codes per CPT are accepted | D59: CMOD5 | E59: Char | F59: 2 | H59: No | I59: Existing Edit | J59: Error: If value is invalid (special characters)+J46:J62J44:J62J46:J62J44J48:J62J48:J62 | K59: N/A | L59: Included in Error Threshold
C60: XX = MODIFIER CODE (CAN BE ALPHA OR NUMERIC CHARACTERS)
C61: BLANKS = NOT APPLICABLE
A62: =A59+1 -> 166 | B62: Date of Service 1 | C62: Enter the date of services associated with the related CPT or HCPCS code in the month, day, and year format (mmddyyyy). For example, for April 3, 2007, enter 04032007. | D62: SDATE1 | E62: Date | F62: 8 | H62: Yes, if REVCODE is reported | I62: Existing Edit | J62: Fatal Error: If value is missing or invalid (alpha or special characters) Cross Edit Error: If value is more than 30 days prior to From Date Cross Edit Error: If value is missing and associated Revenue Code, Rate Center Code, Units of Service, or Charges are not blank Error: If value is less than Arrival Date or greater than Thru Date if CPT or HCPCS Code 1 is not - COVID testing codes from tab "COVID Testing Codes" Cross Edit Error: If value is +/- 6 days from Arrival and From Date if CPT or HCPCS Code 1 is COVID testing codes from tab "COVID Testing Codes" | K62: Thru Date of Service, Arrival Date Revenue Code 1, Charge 1, Units of Service 1, Rate Center Code 1, CPT 1 | L62: Included in Error Threshold
C63: MMDDYYYY = MONTH,DAY,YEAR
C64: BLANKS = NOT APPLICABLE
A65: 280 | B65: National Drug Code 1 | C65: Enter the appropriate National Drug Code for "separately payable drugs" for each HCPCS drug code reported. Enter the 11-digit NDC number (no spaces or hyphens) if the reported HCPCS/CPT is for a drug. The 11 digits include Labeler Code (5 digits), Product Code (4 digits), and Package Code (2 digits). Add Leading Zeros if necessary | D65: NDC1 | E65: Num | F65: 11 | H65: Yes, if Rate center is CDS | I65: New or Revised Edit - In Production this FY | J65: Error: If value is missing when corresponding rate center is CDS or CDS-340 (067 or 095) and corresponding CPT is reported Error: if reported NDC is invalid when corresponding rate center is CDS or CDS-340 (067 or 095) and corresponding CPT is reported and unit cost is >= $500 Warning: if reported NDC is invalid when corresponding rate center is CDS or CDS-340 (067 or 095) and corresponding CPT is reported and unit cost is < $500 | K65: Rate center 1 | L65: included in Error Threshold
A66: =A62+1 -> 167 | B66: Uniform Billing (UB-04) Revenue Code 2 | C66: This code identifies a specific accommodation, ancillary service, or billing calculation. Enter “1” for the UB code associated with the Total Charge. LEADING ZEROES/SPACES ARE NOT REQUIRED. | D66: REVCODE2 | E66: Num | F66: 4 | H66: No | I66: Existing Edit | J66: Error: If value is invalid Warning: If value is missing and associated Rate Center Units of Service, Charges, Date of Service or CPT code are not blank | K66: Rate Center 2, Units of Service 2, Charges 2, CPT 2, Date of Service 2 | L66: Included in Error Threshold
A67: =A66+1 -> 168 | B67: Rate Center Code 2 | C67: This code identifies the HSCRC rate center to which the related UB revenue code and charges are mapped. | D67: SEE "Rate Center Code" TAB FOR VARIABLE NAMES | E67: Char | F67: 3 | H67: Yes, if REVCODE is reported | I67: New or Revised Edit - In Production this FY | J67: Error: If value is invalid (values other than what is in tab "Rate Center Codes") Cross Edit Error: If value is missing and associated Revenue Code is reported Cross Edit Error: If value is not "00" when associated Revenue Code is = "0001" | K67: Revenue Code 2 ,Units of Service 2, Charges 2, CPT 2, Date of Service 2 | L67: Included in Error Threshold
A68: =A67+1 -> 169 | B68: Units of Service 2 | C68: Enter the units of service (as defined in Appendix D of the HSCRC Accounting and Budget Manual) associated with the rate center. For the Medical Surgical Supplies and Organ Acquisition rate centers, enter 0. For the Drug rate center, enter the units as defined by the ICD-10 drug code dosage level. For the Drug rate center, enter the units as defined by the CPT/HCPC drug code dosage level, which may equal the amount administered and wasted if the amount of both the administered and wasted corresponds to the total amount of the drug when billed properly. Usage Notes: The amount administered and the amount wasted must each be reported in the patient’s medical record, per Novitas guidance published in 2017, which states, "providers are required to document the discarded drug or biological in the patient's medical record." The drug units reported in the case mix data and in the HSCRC Schedule CDS-A: Growth in the Use of Outpatient. Infusion, Chemo-therapy, and Biological Oncology Drugs (CDS-A) should equal the number of doses procured and administered and where each dose is defined and measured by Medicare on their quarterly published ASP listing. Drug services should be reported with the appropriate HCPCS code and the units is the total of procured units (including the amount administered and waste). | D68: UNTSVC2 | E68: Num | F68: 6 | H68: Yes, if REVCODE is reported | I68: Existing Edit | J68: Error: If value is invalid (alpha or special characters) Cross Edit Error: If value NE 0 and Rate Center = 55 (Organ Acquisition) Cross Edit Error: If value NE 0 and Rate Center = 65 (Med/Surg Supplies) Cross Edit Error: If value is missing and associated Revenue Code, Rate Center Code, Charges or Date of Service are not blank Warning: If CPT/HCPCS Code reported is (99201-99205, 99211-99215, and G0463) and the Units of Service is not between 2-6 | K68: Rate Center 2, Revenue Code 2, Charges 2, CPT 2, Date of Service 2 | L68: Included in Error Threshold
A69: =A68+1 -> 170 | B69: Total Charges 2 | C69: Total charges associated with the related UB-04 revenue code, units and rate center. | D69: CHARGE2 | E69: Num | F69: Unlimited | G69: DECIMAL POINT MUST BE INCLUDED | H69: Yes, if REVCODE is reported | I69: Existing Edit | J69: Fatal Error: If value < 0 (negative charge) Error: If value is invalid (alpha or special characters other than a decimal) Cross Edit Error: If value of Total Charge is not within $10 of sum of individual revenue lines Cross Edit Error: If value is missing and associated Revenue Code, Rate Center Code, Units of Service, or Date of Service are not blank Warning: If value is > $25K | K69: Total Charge 1-X, Units of Service 2, Rate Center Code 2, Revenue Code 2, CPT 2, Date of Service 2 | L69: Included in Error Threshold ( Error and Cross Edit Error Only)
A70: =A69+1 -> 171 | B70: CPT or HCPCS Code 2 | C70: Enter the CPT or HCPCS code associated with the related revenue code. Follow UB04 guidelines for reporting multiple surgical procedure codes. | D70: CPT2 | E70: Char | F70: 5 | H70: Yes, if REVCODE is reported | I70: Existing Edit | J70: Error: If reported CPT or HCPCS code is not valid or is terminated before the procedure date Error: No valid CPT codes reported Cross Edit Error: If value reported and associated UB Code not reported Cross Edit Error: If value is missing and associated Revenue Code, Rate Center Code, Units of Service, Date of Service, or Charges are not blank | K70: Revenue Code 2, Charge 2, Units of Service 2, Rate Center Code 2, Date of Service 2 | L70: Included in Error Threshold
A71: =A70+1 -> 172 | B71: Modifier 1 | C71: Enter the modifier code associated with the CPT or HCPCS code. Up to 5 modifier codes per CPT are accepted | D71: CMOD1 | E71: Char | F71: 2 | H71: No | I71: Existing Edit | J71: Error: If value is invalid (special characters) | K71: N/A | L71: Included in Error Threshold
A72: =A71+1 -> 173 | B72: Modifier 2 | C72: Enter the modifier code associated with the CPT or HCPCS code. Up to 5 modifier codes per CPT are accepted | D72: CMOD2 | E72: Char | F72: 2 | H72: No | I72: Existing Edit | J72: Error: If value is invalid (special characters) | K72: N/A | L72: Included in Error Threshold
A73: =A72+1 -> 174 | B73: Modifier 3 | C73: Enter the modifier code associated with the CPT or HCPCS code. Up to 5 modifier codes per CPT are accepted | D73: CMOD3 | E73: Char | F73: 2 | H73: No | I73: Existing Edit | J73: Error: If value is invalid (special characters) | K73: N/A | L73: Included in Error Threshold
A74: =A73+1 -> 175 | B74: Modifier 4 | C74: Enter the modifier code associated with the CPT or HCPCS code. Up to 5 modifier codes per CPT are accepted | D74: CMOD4 | E74: Char | F74: 2 | H74: No | I74: Existing Edit | J74: Error: If value is invalid (special characters) | K74: N/A | L74: Included in Error Threshold
A75: =A74+1 -> 176 | B75: Modifier 5 | C75: Enter the modifier code associated with the CPT or HCPCS code. Up to 5 modifier codes per CPT are accepted | D75: CMOD5 | E75: Char | F75: 2 | H75: No | I75: Existing Edit | J75: Error: If value is invalid (special characters) | K75: N/A | L75: Included in Error Threshold
A76: =A75+1 -> 177 | B76: Date of Service 2 | C76: Enter the date of services associated with the related CPT or HCPCS code in the month, day, and year format (mmddyyyy). For example, for April 3, 2007, enter 04032007. | D76: SDATE2 | E76: Date | F76: 8 | H76: Yes, if REVCODE is reported | I76: Existing Edit | J76: Fatal Error: If value is missing or invalid (alpha or special characters) Cross Edit Error: If value is more than 30 days prior to From Date Cross Edit Error: If value is missing and associated Revenue Code, Rate Center Code, Units of Service, or Charges are not blank Error: If value is less than Arrival Date or greater than Thru Date if CPT or HCPCS Code 1 is not - COVID testing codes from tab "COVID Testing Codes" Cross Edit Error: If value is +/- 6 days from Arrival and From Date if CPT or HCPCS Code 1 is COVID testing codes from tab "COVID Testing Codes" | K76: Thru Date of Service, Arrival Date Revenue Code 2, Charge 2, Units of Service 2, Rate Center Code 2, CPT 2 | L76: Included in Error Threshold
A77: 281 | B77: National Drug Code 2 | C77: Enter the appropriate National Drug Code for "separately payable drugs" for each HCPCS drug code reported. Enter the 11-digit NDC number (no spaces or hyphens) if the reported HCPCS/CPT is for a drug. The 11 digits include Labeler Code (5 digits), Product Code (4 digits), and Package Code (2 digits). Add Leading Zeros if necessary | D77: NDC2 | E77: Num | F77: 11 | H77: Yes, if Rate center is CDS | I77: New or Revised Edit - In Production this FY | J77: Error: If value is missing when corresponding rate center is CDS or CDS-340 (067 or 095) and corresponding CPT is reported Error: if reported NDC is invalid when corresponding rate center is CDS or CDS-340 (067 or 095) and corresponding CPT is reported and unit cost is >= $500 Warning: if reported NDC is invalid when corresponding rate center is CDS or CDS-340 (067 or 095) and corresponding CPT is reported and unit cost is < $500 | K77: Rate center 2 | L77: included in Error Threshold
A78: =A76+1 -> 178 | B78: Uniform Billing (UB-04) Revenue Code 3 | C78: This code identifies a specific accommodation, ancillary service, or billing calculation. Enter “0001” for the UB code associated with the Total Charge. | D78: REVCODE3 | E78: Num | F78: 4 | H78: No | I78: Existing Edit | J78: Error: If value is invalid Warning: If value is missing and associated Rate Center Units of Service, Charges, Date of Service or CPT code are not blank | K78: Rate Center 2, Units of Service 2, Charges 2, CPT 2, Date of Service 2 | L78: Included in Error Threshold
A79: =A78+1 -> 179 | B79: Rate Center Code 3 | C79: This code identifies the HSCRC rate center to which the related UB revenue code and charges are mapped. | D79: SEE "Rate Center Code" TAB FOR VARIABLE NAMES | E79: Char | F79: 3 | H79: Yes, if REVCODE is reported | I79: New or Revised Edit - In Production this FY | J79: Error: If value is invalid (values other than what is in tab "Rate Center Codes") Cross Edit Error: If value is missing and associated Revenue Code is reported Cross Edit Error: If value is not "00" when associated Revenue Code is = "0001" | K79: Revenue Code 3 ,Units of Service 3, Charges 3, CPT 3, Date of Service 3 | L79: Included in Error Threshold
A80: =A79+1 -> 180 | B80: Units of Service 3 | C80: Enter the units of service (as defined in Appendix D of the HSCRC Accounting and Budget Manual) associated with the rate center. For the Medical Surgical Supplies and Organ Acquisition rate centers, enter 0. For the Drug rate center, enter the units as defined by the ICD-10 drug code dosage level. For the Drug rate center, enter the units as defined by the CPT/HCPC drug code dosage level, which may equal the amount administered and wasted if the amount of both the administered and wasted corresponds to the total amount of the drug when billed properly. Usage Notes: The amount administered and the amount wasted must each be reported in the patient’s medical record, per Novitas guidance published in 2017, which states, "providers are required to document the discarded drug or biological in the patient's medical record." The drug units reported in the case mix data and in the HSCRC Schedule CDS-A: Growth in the Use of Outpatient. Infusion, Chemo-therapy, and Biological Oncology Drugs (CDS-A) should equal the number of doses procured and administered and where each dose is defined and measured by Medicare on their quarterly published ASP listing. Drug services should be reported with the appropriate HCPCS code and the units is the total of procured units (including the amount administered and waste). | D80: UNTSVC3 | E80: Num | F80: 6 | H80: Yes, if REVCODE is reported | I80: Existing Edit | J80: Error: If value is invalid (alpha or special characters) Cross Edit Error: If value NE 0 and Rate Center = 55 (Organ Acquisition) Cross Edit Error: If value NE 0 and Rate Center = 65 (Med/Surg Supplies) Cross Edit Error: If value is missing and associated Revenue Code, Rate Center Code, Charges or Date of Service are not blank Warning: If CPT/HCPCS Code reported is (99201-99205, 99211-99215, and G0463) and the Units of Service is not between 2-6 | K80: Rate Center 3, Revenue Code 3, Charges 3, CPT 3, Date of Service 3 | L80: Included in Error Threshold
A81: =A80+1 -> 181 | B81: Total Charges 3 | C81: Total charges associated with the related UB-04 revenue code, units and rate center. | D81: CHARGE3 | E81: Num | F81: Unlimited | G81: DECIMAL POINT MUST BE INCLUDED | H81: Yes, if REVCODE is reported | I81: Existing Edit | J81: Fatal Error: If value < 0 (negative charge) Error: If value is invalid (alpha or special characters other than a decimal) Cross Edit Error: If value of Total Charge is not within $10 of sum of individual revenue lines Cross Edit Error: If value is missing and associated Revenue Code, Rate Center Code, Units of Service, or Date of Service are not blank Warning: If value is > $25K | K81: Total Charge 1-X, Units of Service 3, Rate Center Code 3, Revenue Code 3, CPT 3, Date of Service 3 | L81: Included in Error Threshold ( Error and Cross Edit Error Only)
A82: =A81+1 -> 182 | B82: CPT or HCPCS Code 3 | C82: Enter the CPT or HCPCS code associated with the related revenue code. Follow UB04 guidelines for reporting multiple surgical procedure codes. | D82: CPT3 | E82: Char | F82: 5 | H82: Yes, if REVCODE is reported | I82: Existing Edit | J82: Error: If reported CPT or HCPCS code is not valid or is terminated before the procedure date Error: No valid CPT codes reported Cross Edit Error: If value reported and associated UB Code not reported Cross Edit Error: If value is missing and associated Revenue Code, Rate Center Code, Units of Service, Date of Service, or Charges are not blank | K82: Revenue Code 3, Charge 3, Units of Service 3, Rate Center Code 3, Date of Service 3 | L82: Included in Error Threshold
A83: =A82+1 -> 183 | B83: Modifier 1 | C83: Enter the modifier code associated with the CPT or HCPCS code. Up to 5 modifier codes per CPT are accepted | D83: CMOD1 | E83: Char | F83: 2 | H83: No | I83: Existing Edit | J83: Error: If value is invalid (special characters) | K83: N/A | L83: Included in Error Threshold
A84: =A83+1 -> 184 | B84: Modifier 2 | C84: Enter the modifier code associated with the CPT or HCPCS code. Up to 5 modifier codes per CPT are accepted | D84: CMOD2 | E84: Char | F84: 2 | H84: No | I84: Existing Edit | J84: Error: If value is invalid (special characters) | K84: N/A | L84: Included in Error Threshold
A85: =A84+1 -> 185 | B85: Modifier 3 | C85: Enter the modifier code associated with the CPT or HCPCS code. Up to 5 modifier codes per CPT are accepted | D85: CMOD3 | E85: Char | F85: 2 | H85: No | I85: Existing Edit | J85: Error: If value is invalid (special characters) | K85: N/A | L85: Included in Error Threshold
A86: =A85+1 -> 186 | B86: Modifier 4 | C86: Enter the modifier code associated with the CPT or HCPCS code. Up to 5 modifier codes per CPT are accepted | D86: CMOD4 | E86: Char | F86: 2 | H86: No | I86: Existing Edit | J86: Error: If value is invalid (special characters) | K86: N/A | L86: Included in Error Threshold
A87: =A86+1 -> 187 | B87: Modifier 5 | C87: Enter the modifier code associated with the CPT or HCPCS code. Up to 5 modifier codes per CPT are accepted | D87: CMOD5 | E87: Char | F87: 2 | H87: No | I87: Existing Edit | J87: Error: If value is invalid (special characters) | K87: N/A | L87: Included in Error Threshold
A88: =A87+1 -> 188 | B88: Date of Service 3 | C88: Enter the date of services associated with the related CPT or HCPCS code in the month, day, and year format (mmddyyyy). For example, for April 3, 2007, enter 04032007. | D88: SDATE3 | E88: Date | F88: 8 | H88: Yes, if REVCODE is reported | I88: Existing Edit | J88: Fatal Error: If value is missing or invalid (alpha or special characters) Cross Edit Error: If value is more than 30 days prior to From Date Cross Edit Error: If value is missing and associated Revenue Code, Rate Center Code, Units of Service, or Charges are not blank Error: If value is less than Arrival Date or greater than Thru Date if CPT or HCPCS Code 1 is not - COVID testing codes from tab "COVID Testing Codes" Cross Edit Error: If value is +/- 6 days from Arrival and From Date if CPT or HCPCS Code 1 is COVID testing codes from tab "COVID Testing Codes" | K88: Thru Date of Service, Arrival Date Revenue Code 3, Charge 3, Units of Service 3, Rate Center Code 3, CPT 3 | L88: Included in Error Threshold
A89: 282 | B89: National Drug Code 3 | C89: Enter the appropriate National Drug Code for "separately payable drugs" for each HCPCS drug code reported. Enter the 11-digit NDC number (no spaces or hyphens) if the reported HCPCS/CPT is for a drug. The 11 digits include Labeler Code (5 digits), Product Code (4 digits), and Package Code (2 digits). Add Leading Zeros if necessary | D89: NDC3 | E89: Num | F89: 11 | H89: Yes, if Rate center is CDS | I89: New or Revised Edit - In Production this FY | J89: Error: If value is missing when corresponding rate center is CDS or CDS-340 (067 or 095) and corresponding CPT is reported Error: if reported NDC is invalid when corresponding rate center is CDS or CDS-340 (067 or 095) and corresponding CPT is reported and unit cost is >= $500 Warning: if reported NDC is invalid when corresponding rate center is CDS or CDS-340 (067 or 095) and corresponding CPT is reported and unit cost is < $500 | K89: Rate Center 3 | L89: included in Error Threshold
A90: =A88+1 -> 189 | B90: Uniform Billing (UB-04) Revenue Code 4 | C90: This code identifies a specific accommodation, ancillary service, or billing calculation. Enter “1” for the UB code associated with the Total Charge. LEADING ZEROES/SPACES ARE NOT REQUIRED. | D90: REVCODE4 | E90: Num | F90: 4 | H90: No | I90: Existing Edit | J90: Error: If value is invalid Warning: If value is missing and associated Rate Center Units of Service, Charges, Date of Service or CPT code are not blank | K90: Rate Center 3, Revenue Code 3, Charges 3, CPT 3, Date of Service 3 | L90: Included in Error Threshold
A91: =A90+1 -> 190 | B91: Rate Center Code 4 | C91: This code identifies the HSCRC rate center to which the related UB revenue code and charges are mapped. | D91: SEE "Rate Center Code" TAB FOR VARIABLE NAMES | E91: Char | F91: 3 | H91: Yes, if REVCODE is reported | I91: New or Revised Edit - In Production this FY | J91: Error: If value is invalid (values other than what is in tab "Rate Center Codes") Cross Edit Error: If value is missing and associated Revenue Code is reported Cross Edit Error: If value is not "00" when associated Revenue Code is = "0001" | K91: Revenue Code 4 ,Units of Service 4, Charges 4, CPT 4, Date of Service 4 | L91: Included in Error Threshold
A92: =A91+1 -> 191 | B92: Units of Service 4 | C92: Enter the units of service (as defined in Appendix D of the HSCRC Accounting and Budget Manual) associated with the rate center. For the Medical Surgical Supplies and Organ Acquisition rate centers, enter 0. For the Drug rate center, enter the units as defined by the ICD-10 drug code dosage level. For the Drug rate center, enter the units as defined by the CPT/HCPC drug code dosage level, which may equal the amount administered and wasted if the amount of both the administered and wasted corresponds to the total amount of the drug when billed properly. Usage Notes: The amount administered and the amount wasted must each be reported in the patient’s medical record, per Novitas guidance published in 2017, which states, "providers are required to document the discarded drug or biological in the patient's medical record." The drug units reported in the case mix data and in the HSCRC Schedule CDS-A: Growth in the Use of Outpatient. Infusion, Chemo-therapy, and Biological Oncology Drugs (CDS-A) should equal the number of doses procured and administered and where each dose is defined and measured by Medicare on their quarterly published ASP listing. Drug services should be reported with the appropriate HCPCS code and the units is the total of procured units (including the amount administered and waste). | D92: UNTSVC4 | E92: Num | F92: 6 | H92: Yes, if REVCODE is reported | I92: Existing Edit | J92: Error: If value is invalid (alpha or special characters) Cross Edit Error: If value NE 0 and Rate Center = 55 (Organ Acquisition) Cross Edit Error: If value NE 0 and Rate Center = 65 (Med/Surg Supplies) Cross Edit Error: If value is missing and associated Revenue Code, Rate Center Code, Charges or Date of Service are not blank Warning: If CPT/HCPCS Code reported is (99201-99205, 99211-99215, and G0463) and the Units of Service is not between 2-6 | K92: Rate Center 4, Revenue Code 4, Charges 4, CPT 4, Date of Service 4 | L92: Included in Error Threshold
A93: =A92+1 -> 192 | B93: Total Charges 4 | C93: Total charges associated with the related UB-04 revenue code, units and rate center. | D93: CHARGE4 | E93: Num | F93: Unlimited | G93: DECIMAL POINT MUST BE INCLUDED | H93: Yes, if REVCODE is reported | I93: Existing Edit | J93: Fatal Error: If value < 0 (negative charge) Error: If value is invalid (alpha or special characters other than a decimal) Cross Edit Error: If value of Total Charge is not within $10 of sum of individual revenue lines Cross Edit Error: If value is missing and associated Revenue Code, Rate Center Code, Units of Service, or Date of Service are not blank Warning: If value is > $25K | K93: Total Charge 1-X, Units of Service 4, Rate Center Code 4, Revenue Code 4, CPT 4, Date of Service 4 | L93: Included in Error Threshold ( Error and Cross Edit Error Only)
A94: =A93+1 -> 193 | B94: CPT or HCPCS Code 4 | C94: Enter the CPT or HCPCS code associated with the related revenue code. Follow UB04 guidelines for reporting multiple surgical procedure codes. | D94: CPT4 | E94: Char | F94: 5 | H94: Yes, if REVCODE is reported | I94: Existing Edit | J94: Error: If reported CPT or HCPCS code is not valid or is terminated before the procedure date Error: No valid CPT codes reported Cross Edit Error: If value reported and associated UB Code not reported Cross Edit Error: If value is missing and associated Revenue Code, Rate Center Code, Units of Service, Date of Service, or Charges are not blank | K94: Revenue Code 4, Charge 4, Units of Service 4, Rate Center Code 4, Date of Service 4 | L94: Included in Error Threshold
A95: =A94+1 -> 194 | B95: Modifier 1 | C95: Enter the modifier code associated with the CPT or HCPCS code. Up to 5 modifier codes per CPT are accepted | D95: CMOD1 | E95: Char | F95: 2 | H95: No | I95: Existing Edit | J95: Error: If value is invalid (special characters) | K95: N/A | L95: Included in Error Threshold
A96: =A95+1 -> 195 | B96: Modifier 2 | C96: Enter the modifier code associated with the CPT or HCPCS code. Up to 5 modifier codes per CPT are accepted | D96: CMOD2 | E96: Char | F96: 2 | H96: No | I96: Existing Edit | J96: Error: If value is invalid (special characters) | K96: N/A | L96: Included in Error Threshold
A97: =A96+1 -> 196 | B97: Modifier 3 | C97: Enter the modifier code associated with the CPT or HCPCS code. Up to 5 modifier codes per CPT are accepted | D97: CMOD3 | E97: Char | F97: 2 | H97: No | I97: Existing Edit | J97: Error: If value is invalid (special characters) | K97: N/A | L97: Included in Error Threshold
A98: =A97+1 -> 197 | B98: Modifier 4 | C98: Enter the modifier code associated with the CPT or HCPCS code. Up to 5 modifier codes per CPT are accepted | D98: CMOD4 | E98: Char | F98: 2 | H98: No | I98: Existing Edit | J98: Error: If value is invalid (special characters) | K98: N/A | L98: Included in Error Threshold
A99: =A98+1 -> 198 | B99: Modifier 5 | C99: Enter the modifier code associated with the CPT or HCPCS code. Up to 5 modifier codes per CPT are accepted | D99: CMOD5 | E99: Char | F99: 2 | H99: No | I99: Existing Edit | J99: Error: If value is invalid (special characters) | K99: N/A | L99: Included in Error Threshold
A100: =A99+1 -> 199 | B100: Date of Service 4 | C100: Enter the date of services associated with the related CPT or HCPCS code in the month, day, and year format (mmddyyyy). For example, for April 3, 2007, enter 04032007. | D100: SDATE4 | E100: Date | F100: 8 | H100: Yes, if REVCODE is reported | I100: Existing Edit | J100: Fatal Error: If value is missing or invalid (alpha or special characters) Cross Edit Error: If value is more than 30 days prior to From Date Cross Edit Error: If value is missing and associated Revenue Code, Rate Center Code, Units of Service, or Charges are not blank Error: If value is less than Arrival Date or greater than Thru Date if CPT or HCPCS Code 1 is not - COVID testing codes from tab "COVID Testing Codes" Cross Edit Error: If value is +/- 6 days from Arrival and From Date if CPT or HCPCS Code 1 is COVID testing codes from tab "COVID Testing Codes" | K100: Thru Date of Service, Arrival Date Revenue Code 4, Charge 4, Units of Service 4, Rate Center Code 4, CPT 4 | L100: Included in Error Threshold
A101: 283 | B101: National Drug Code 4 | C101: Enter the appropriate National Drug Code for "separately payable drugs" for each HCPCS drug code reported. Enter the 11-digit NDC number (no spaces or hyphens) if the reported HCPCS/CPT is for a drug. The 11 digits include Labeler Code (5 digits), Product Code (4 digits), and Package Code (2 digits). Add Leading Zeros if necessary | D101: NDC4 | E101: Num | F101: 11 | H101: Yes, if Rate center is CDS | I101: New or Revised Edit - In Production this FY | J101: Error: If value is missing when corresponding rate center is CDS or CDS-340 (067 or 095) and corresponding CPT is reported Error: if reported NDC is invalid when corresponding rate center is CDS or CDS-340 (067 or 095) and corresponding CPT is reported and unit cost is >= $500 Warning: if reported NDC is invalid when corresponding rate center is CDS or CDS-340 (067 or 095) and corresponding CPT is reported and unit cost is < $500 | K101: Rate Center 4 | L101: included in Error Threshold
...

Sheet Exp Payer & Health Plan Code
A1: Expected Payer Codes
A2: Code | B2: Description
A3: 01 | B3: MEDICARE FFS
A4: 02 | B4: MD MEDICAID FFS AND PENDING MD MEDICAID
A5: 03 | B5: DO NOT USE
A6: 04 | B6: DO NOT USE
A7: 05 | B7: COMMERCIAL INSURANCE (HMO/POS/PPO/PPN/TPA)
A8: 06 | B8: OTHER GOVERNMENT PROGRAMS Usage Note: Report Out-of-State (non-MD) Medicaid , Tri-Care, Tri-Care for Life and Title V under this category
A9: 07 | B9: WORKMEN'S COMPENSATION
A10: 08 | B10: SELF PAY
A11: 09 | B11: CHARITY (PATIENT WAS NOT CHARGED FOR CARE)
A12: 10 | B12: OTHER Usage Note: Report Grant and Donor funding in this category
A13: 11 | B13: DO NOT USE
... A23: 99 | B23: UNKNOWN
A25: Expected Health Plan Payer Codes
A26: Code | B26: Description
A27: 98 | B27: HEALTH PLAN PAYERS NOT SPECIFIED BELOW Usage Note: Report Qualified Dental Plans (QDPs), Pharmacy Benefit Managers (PBMs), and any new health plans that become effective during the FY). This can be used with payer (05,14,15,19)
A28: 99 | B28: UNKNOWN
A29: 100 | B29: NOT APPLICABLE - DOES NOT REQUIRE HEALTH PLAN PAYER Usage Note: Report this code for Expected Payer Codes in (01, 02, 06 - 10, 18, and 77)
A30: 101 | B30: AETNA HEALTHPLANS
A31: 102 | B31: CAREFIRST BLUECROSS BLUESHIELD (INCLUSIVE OF ALL COMMUNITY, COMMERCIAL, AND FEP PRODUCTS, includes formerly UNIVERSITY OF MD HEALTH PARTNERS)
A32: 103 | B32: CIGNA (INCLUSIVE OF ALL COMMERCIAL AND HEALTHSPRING'S MEDICARE PRODUCTS) Usage Note: Cigna Medicare Advantage officially transitioned and rebranded to HealthSpring on January 1, 2026.
A33: 104 | B33: GENERIC TPA/COMMERCIAL PLANS
A34: 105 | B34: GENERIC COMMERCIAL EMPLOYEE HEALTH PLANS Usage Note: Do not report Johns Hopkins, MedStar or University of MD Employee Health plans in this category.
A35: 106 | B35: HUMANA
A36: 107 | B36: KAISER PERMANENTE
A37: 108 | B37: UNITED HEALTHCARE
A38: 109 | B38: WELLPOINT (formerly AMERIGROUP COMMUNITY CARE)
A39: 110 | B39: JAI MEDICAL SYSTEMS
A40: 111 | B40: MARYLAND PHYSICIANS CARE
A41: 112 | B41: MEDSTAR FAMILY CHOICE
... A59: 130 | B59: CARELON BEHAVIORAL HEALTH MD MEDICIAD Usage notes: Valid for discharges on or after 1/1/2025
A61: Expected Payer and Plan Payer Group Crosswalk
A63: Payer Code | B63: Payer Description | C63: Plan Payer Code | D63: Plan Payer Description
A64: 5 | B64: Commercial HMO/POS/PPO/PPN/TPA | C64: 98 | D64: HEALTH PLAN PAYERS NOT SPECIFIED BELOW
C65: 101 | D65: AETNA HEALTHPLANS
C66: 102 | D66: CAREFIRST BLUECROSS BLUESHIELD (INCLUSIVE OF ALL COMMUNITY, COMMERCIAL, AND FEP PRODUCTS, includes formerly UNIVERSITY OF MD HEALTH PARTNERS)
C67: 103 | D67: CIGNA (INCLUSIVE OF ALL COMMERCIAL AND HEALTHSPRING'S MEDICARE PRODUCTS)
C68: 104 | D68: GENERIC TPA/COMMERCIAL PLANS
C69: 105 | D69: GENERIC COMMERCIAL EMPLOYEE HEALTH PLANS
C70: 106 | D70: HUMANA
C71: 107 | D71: KAISER PERMANENTE
C72: 108 | D72: UNITED HEALTHCARE
C73: 125 | D73: JOHNS HOPKINS EMPLOYEE HEALTH PLANS
C74: 126 | D74: UNIVERSITY OF MD EMPLOYEE HEALTH PLANS
C75: 127 | D75: MEDSTAR EMPLOYEE HEALTH PLANS
A76: 14 | B76: MD Medicaid MCO | C76: 98 | D76: HEALTH PLAN PAYERS NOT SPECIFIED BELOW
C77: 101 | D77: AETNA HEALTHPLANS
C78: 102 | D78: CAREFIRST BLUECROSS BLUESHIELD (INCLUSIVE OF ALL COMMUNITY, COMMERCIAL, AND FEP PRODUCTS, includes formerly UNIVERSITY OF MD HEALTH PARTNERS)
C79: 107 | D79: KAISER PERMANENTE
C80: 108 | D80: UNITED HEALTHCARE
C81: 109 | D81: WELLPOINT (formerly AMERIGROUP COMMUNITY CARE)
C82: 110 | D82: JAI MEDICAL SYSTEMS
C83: 111 | D83: MARYLAND PHYSICIANS CARE
C84: 112 | D84: MEDSTAR FAMILY CHOICE
C85: 113 | D85: PRIORITY PARTNERS
C86: 118 | D86: OPTUM MARYLAND (MD MEDICAID) (previously Beacon Health)
C87: 130 | D87: =UPPER("Carelon Behavioral Health MD Mediciad") -> CARELON BEHAVIORAL HEALTH MD MEDICIAD
A88: 15 | B88: Medicare Advantage | C88: 98 | D88: HEALTH PLAN PAYERS NOT SPECIFIED BELOW
C89: 101 | D89: AETNA HEALTHPLANS
C90: 102 | D90: CAREFIRST BLUECROSS BLUESHIELD (INCLUSIVE OF ALL COMMUNITY, COMMERCIAL, AND FEP PRODUCTS, includes formerly UNIVERSITY OF MD HEALTH PARTNERS)
C91: 103 | D91: CIGNA (INCLUSIVE OF ALL COMMERCIAL AND HEALTHSPRING'S MEDICARE PRODUCTS)
C92: 106 | D92: HUMANA
C93: 107 | D93: KAISER PERMANENTE
C94: 108 | D94: UNITED HEALTHCARE
C95: 109 | D95: WELLPOINT (formerly AMERIGROUP COMMUNITY CARE)
C96: 115 | D96: JOHNS HOPKINS ADVANTAGE MD
C97: 116 | D97: PROVIDER PARTNERS HEALTH PLAN (NEW)
C98: 128 | D98: HORIZONS MEDICARE DIRECT
A99: 19 | B99: Behavioral Health | C99: 98 | D99: HEALTH PLAN PAYERS NOT SPECIFIED BELOW
C100: 107 | D100: KAISER PERMANENTE
C101: 119 | D101: MAGELLAN
C102: 120 | D102: CIGNA BEHAVIORAL HEALTH
C103: 121 | D103: COMPSYCH
C104: 122 | D104: MANAGE HEALTH NETWORK
C105: 123 | D105: OPTUM BEHAVIORAL HEALTH (Commercial)
C106: 124 | D106: BEACON HEALTH OPTIONS

Sheet Country of Birth codes
A1: HSCRC uses the ISO 3166-1 alpha-2 digit code published by the International Organization for Standardization (https://www.iso.org/obp/ui/#home)
D2: Last updated on 6/30/2026
A3: English short name | B3: Alpha-2 code | C3: Alpha-3 code | D3: Numeric
A4: Afghanistan | B4: AF | C4: AFG | D4: 4
A5: Albania | B5: AL | C5: ALB | D5: 8
A6: Algeria | B6: DZ | C6: DZA | D6: 12
A7: American Samoa | B7: AS | C7: ASM | D7: 16
A8: Andorra | B8: AD | C8: AND | D8: 20
A9: Angola | B9: AO | C9: AGO | D9: 24
A10: Anguilla | B10: AI | C10: AIA | D10: 660
A11: Antarctica | B11: AQ | C11: ATA | D11: 10
A12: Antigua and Barbuda | B12: AG | C12: ATG | D12: 28
A13: Argentina | B13: AR | C13: ARG | D13: 32
A14: Armenia | B14: AM | C14: ARM | D14: 51
A15: Aruba | B15: AW | C15: ABW | D15: 533
... A252: Åland Islands | B252: AX | C252: ALA | D252: 248
A253: Declined to answer | B253: XZ
A254: Unknown | B254: ZZ

Sheet County Codes
A1: County of Patient Residency (Optional beginning FY 2022) | C1: Text in RED indicate new items from prior fiscal year
A2: Code | B2: Description
A3: 01 | B3: ALLEGANY COUNTY
A4: 02 | B4: ANNE ARUNDEL COUNTY
A5: 03 | B5: BALTIMORE COUNTY
A6: 04 | B6: CALVERT COUNTY
A7: 05 | B7: CAROLINE COUNTY
A8: 06 | B8: CARROLL COUNTY
A9: 07 | B9: CECIL COUNTY
A10: 08 | B10: CHARLES COUNTY
A11: 09 | B11: DORCHESTER COUNTY
A12: 10 | B12: FREDERICK COUNTY
A13: 11 | B13: GARRETT COUNTY
... A36: 99 | B36: UNKNOWN

Sheet Hospital List
A1: Hospital ID | B1: Case Mix ID | C1: FIN Hospital ID | D1: Hospital Type | E1: Payment Type | F1: Location | G1: Teaching | H1: Formal Name | I1: Hospital Name | J1: System | K1: Rehab | L1: Psych | M1: Chronic | N1: Has ED? | O1: MEIMSS Hospital | P1: Acedemic Medical Center | Q1: Burn Care Hospital | R1: Hospice
A2: 210000 | D2: ACUTE | E2: GBR | G2: No | H2: STATEWIDE | I2: Statewide | J2: State | K2: No | L2: No | M2: No | N2: No | O2: No | P2: No | Q2: No | R2: No
A3: 210001 | B3: 1 | C3: 1 | D3: ACUTE | E3: GBR | F3: Washington | G3: No | H3: Meritus Medical Center | I3: Meritus | J3: Meritus Health | K3: Yes | L3: Yes | M3: No | N3: Yes | O3: Yes | P3: No | Q3: No | R3: Yes
A4: 210002 | B4: 2 | C4: 2 | D4: ACUTE | E4: GBR | F4: Baltimore City | G4: Yes | H4: UM Medical Center | I4: UMMS- UMMC | J4: University of Maryland Medical (UMMS) | K4: No | L4: Yes | M4: No | N4: Yes | O4: Yes | P4: Yes | Q4: No | R4: Yes
A5: 210003 | B5: 3 | C5: 3 | D5: ACUTE | E5: GBR | F5: Prince Georges | G5: Yes | H5: UM Capital Region Medical Center | I5: UMMS- Capital Region | J5: University of Maryland Medical (UMMS) | K5: Yes | L5: Yes | M5: No | N5: Yes | O5: Yes | P5: No | Q5: No | R5: Yes
A6: 210004 | B6: 4 | C6: 4 | D6: ACUTE | E6: GBR | F6: Montgomery | G6: Yes | H6: Holy Cross Hospital | I6: Trinity - Holy Cross | J6: Trinity Health | K6: No | L6: No | M6: No | N6: Yes | O6: No | P6: No | Q6: No | R6: Yes
A7: 210005 | B7: 5 | C7: 5 | D7: ACUTE | E7: GBR | F7: Frederick | G7: No | H7: Frederick Health Hospital | I7: Frederick | J7: Independent | K7: No | L7: Yes | M7: No | N7: Yes | O7: No | P7: No | Q7: No | R7: Yes
A8: 210006 | B8: 6 | C8: 6 | D8: FS MF | E8: GBR | F8: Harford | G8: No | H8: UM Upper Chesapeake Medical Center -Aberdeen | I8: UMMS- Aberdeen | J8: University of Maryland Medical (UMMS) | K8: No | L8: Yes | M8: No | N8: Yes | O8: No | P8: No | Q8: No | R8: No
A9: 210008 | B9: 8 | C9: 8 | D9: ACUTE | E9: GBR | F9: Baltimore City | G9: Yes | H9: Mercy Medical Center | I9: Mercy | J9: Independent | K9: No | L9: No | M9: No | N9: Yes | O9: No | P9: No | Q9: No | R9: No
A10: 210009 | B10: 9 | C10: 9 | D10: ACUTE | E10: GBR | F10: Baltimore City | G10: Yes | H10: Johns Hopkins Hospital | I10: JHH- Johns Hopkins | J10: Johns Hopkins Health | K10: Yes | L10: Yes | M10: No | N10: Yes | O10: Yes | P10: Yes | Q10: No | R10: No
A11: 210010 | B11: 10 | C11: 10 | D11: FS MF | E11: GBR | F11: Dorchester | G11: No | H11: UM Shore Regional Health at Cambridge | I11: UMMS- Cambridge | J11: University of Maryland Medical (UMMS) | K11: No | L11: No | M11: No | N11: Yes | O11: No | P11: No | Q11: No | R11: Yes
A12: 210011 | B12: 11 | C12: 11 | D12: ACUTE | E12: GBR | F12: Baltimore City | G12: Yes | H12: Ascension St. Agnes Hospital | I12: Saint Agnes | J12: Ascension | K12: No | L12: No | M12: No | N12: Yes | O12: No | P12: No | Q12: No | R12: Yes
A13: 210012 | B13: 12 | C13: 12 | D13: ACUTE | E13: GBR | F13: Baltimore City | G13: Yes | H13: LifeBridge Health Sinai Hospital | I13: Lifebridge- Sinai | J13: LifeBridge Health | K13: Yes | L13: Yes | M13: No | N13: Yes | O13: Yes | P13: No | Q13: No | R13: Yes
A14: 210013 | B14: 13 | C14: 13 | D14: FS MF | E14: GBR | F14: Baltimore City | G14: No | H14: LifeBridge Health Grace Medical Center | I14: Lifebridge- Grace | J14: LifeBridge Health | K14: No | L14: Yes | M14: No | N14: Yes | O14: No | P14: No | Q14: No | R14: No
... A40: 210051 | B40: 48 | C40: 51 | D40: ACUTE | E40: GBR | F40: Prince Georges | G40: No | H40: Luminis Health Doctors Community Medical Center | I40: Luminis- Doctors | J40: Luminis Health | K40: No | L40: No | M40: No | N40: Yes | O40: No | P40: No | Q40: No | R40: Yes
A41: 210052 | D41: SPECIALTY | E41: Other | F41: Baltimore City | G41: No | H41: KENNEDY KRIEGER INSTITUTE | I41: Kennedy Krieger Institute | J41: Independent- children | K41: Yes | L41: No | M41: No | N41: Yes | O41: No | P41: No | Q41: No | R41: No
A42: 210055 | B42: 50 | C42: 55 | D42: FS MF | E42: GBR | F42: Prince Georges | G42: No | H42: UM Laurel Medical Center | I42: UMMS- Laurel | J42: University of Maryland Medical (UMMS) | K42: No | L42: No | M42: No | N42: Yes | O42: No | P42: No | Q42: No | R42: Yes
A43: 210056 | B43: 52 | C43: 2004 | D43: ACUTE | E43: GBR | F43: Baltimore City | G43: Yes | H43: MedStar Good Samaritan Hospital | I43: MedStar- Good Sam | J43: MedStar Health | K43: Yes | L43: No | M43: No | N43: Yes | O43: No | P43: No | Q43: No | R43: Yes
A44: 210057 | B44: 53 | C44: 5050 | D44: ACUTE | E44: GBR | F44: Montgomery | G44: Yes | H44: Adventist HealthCare Shady Grove Medical Center | I44: Adventist- Shady Grove | J44: Adventist Health | K44: No | L44: Yes | M44: No | N44: Yes | O44: No | P44: No | Q44: No | R44: No
A45: 210058 | B45: 51 | C45: 2001 | D45: ACUTE | E45: GBR | F45: Baltimore City | G45: No | H45: UM Rehabilitation & Orthopaedic Institute | I45: UMMS- UMROI | J45: University of Maryland Medical (UMMS) | K45: Yes | L45: No | M45: Yes | N45: No | O45: No | P45: No | Q45: No | R45: No
A46: 210060 | B46: 60 | C46: 60 | D46: ACUTE | E46: GBR | F46: Prince Georges | G46: No | H46: Adventist Healthcare Fort Washington Medical Center | I46: Adventist-Ft. Washington | J46: Adventist Health | K46: No | L46: No | M46: No | N46: Yes | O46: No | P46: No | Q46: No | R46: No
A47: 210061 | B47: 58 | C47: 61 | D47: ACUTE | E47: GBR | F47: Worcester | G47: No | H47: Atlantic General Hospital | I47: Atlantic General | J47: TidalHealth | K47: No | L47: No | M47: No | N47: Yes | O47: No | P47: No | Q47: No | R47: Yes
A48: 210062 | C48: 62 | D48: ACUTE | E48: GBR | F48: Prince Georges | G48: No | H48: Medstar Southern Maryland Hospital Center | I48: MedStar- Southern MD | J48: MedStar Health | K48: No | L48: Yes | M48: No | N48: Yes | O48: No | P48: No | Q48: No | R48: Yes
A49: 210063 | C49: 63 | D49: ACUTE | E49: GBR | F49: Baltimore | G49: No | H49: UM St. Joseph Medical Center | I49: UMMS- St. Joe | J49: University of Maryland Medical (UMMS) | K49: No | L49: Yes | M49: No | N49: Yes | O49: No | P49: No | Q49: No | R49: No
A50: 210064 | C50: 5033 | D50: ACUTE | E50: GBR | F50: Baltimore City | G50: No | H50: LifeBridge Health Levindale | I50: Lifebridge- Levindale | J50: LifeBridge Health | K50: Yes | L50: No | M50: Yes | N50: No | O50: No | P50: No | Q50: No | R50: No
A51: 210065 | B51: 210065 | C51: 65 | D51: ACUTE | E51: GBR | F51: Montgomery | G51: No | H51: Holy Cross Hospital Germantown | I51: Trinity - Holy Cross Germantown | J51: Trinity Health | K51: No | L51: No | M51: No | N51: Yes | O51: No | P51: No | Q51: No | R51: Yes
A52: 210068 | C52: 68 | D52: ACUTE | E52: Other | F52: Baltimore City | G52: No | H52: BALTIMORE CONVENTION CENTER | I52: UMMS- Convention Center | J52: University of Maryland Medical (UMMS) | K52: No | L52: No | M52: No | N52: Yes | O52: No | P52: No | Q52: No | R52: No
A53: 210080 | D53: ACUTE | E53: GBR | F53: Baltimore City | G53: Yes | H53: SINAI HOSPITAL ONCOLOGY | I53: Lifebridge- Sinai Oncology | J53: LifeBridge Health | K53: No | L53: No | M53: No | N53: No | O53: No | P53: No | Q53: No | R53: No
A54: 210087 | C54: 87 | D54: FS ER | E54: GBR | F54: Montgomery | G54: No | H54: Adventist HealthCare Germantown Emergency Center | I54: Adventist- Germantown ED | J54: Adventist Health | K54: No | L54: No | M54: No | N54: Yes | O54: No | P54: No | Q54: No | R54: No
A55: 210088 | C55: 88 | D55: FS ER | E55: GBR | F55: QueenAnnes | G55: No | H55: UM Queen Anne's Freestanding Emergency | I55: UMMS-Queen Anne's ED | J55: University of Maryland Medical (UMMS) | K55: No | L55: No | M55: No | N55: Yes | O55: No | P55: No | Q55: No | R55: No
A56: 210089 | B56: 210089 | C56: 89 | D56: SPECIALTY | E56: Other | F56: Montgomery | G56: No | H56: Adventist HealthCare Rehabilitation - White Oak | J56: Adventist Health | K56: Yes | L56: No | M56: No | N56: No | O56: No | P56: No | Q56: No | R56: No
A57: 210333 | C57: 333 | D57: FS ER | E57: GBR | F57: Prince Georges | G57: No | H57: UM Bowie Health Center | I57: UMMS-Bowie ED | J57: University of Maryland Medical (UMMS) | K57: No | L57: No | M57: No | N57: Yes | O57: No | P57: No | Q57: No | R57: No
A58: 212002 | D58: CHRONIC | E58: Specialty | F58: Allegany | G58: No | H58: WESTERN MARYLAND HOSPITAL CENTER | I58: WMD Specialty Hospital | J58: State | K58: No | L58: No | M58: Yes | N58: Yes | O58: No | P58: No | Q58: No | R58: Yes
A59: 212003 | D59: CHRONIC | E59: Other | F59: Wicomico | G59: No | H59: DEER'S HEAD HOSPITAL CENTER | I59: Deers Head Hospital Center | J59: State | K59: No | L59: No | M59: Yes | N59: Yes | O59: No | P59: No | Q59: No | R59: No
A60: 212203 | D60: CHRONIC | E60: Other | F60: Prince Georges | G60: No | H60: GLADYS SPELLMAN CARE UNIT AT LAUREL REGION | I60: Gladys Spellman | J60: State | K60: No | L60: No | M60: No | N60: Yes | O60: No | P60: No | Q60: No | R60: No
A61: 213028 | C61: 3028 | D61: SPECIALTY | E61: Other | F61: Wicomico | G61: No | H61: Encompass Health Rehabilitation Hospital of Salisbury | I61: Rehab Hospital of Salisbury | J61: Encompass Health | K61: Yes | L61: No | M61: No | N61: No | O61: No | P61: No | Q61: No | R61: No
A62: 213029 | B62: 213029 | C62: 3029 | D62: SPECIALTY | E62: Other | F62: Montgomery | G62: No | H62: Adventist HealthCare Rehabilitation - Rockville | J62: Adventist Health | K62: Yes | L62: No | M62: No | N62: No | O62: No | P62: No | Q62: No | R62: No
A63: 213030 | C63: 3030 | D63: SPECIALTY | E63: Other | F63: Prince Georges | G63: No | H63: Encompass Health Rehabilitation Hospital of Bowie | I63: Rehab Hospital of Bowie | J63: Encompass Health | K63: Yes | L63: No | M63: No | N63: No | O63: No | P63: No | Q63: No | R63: No
A64: 213300 | C64: 5034 | D64: SPECIALTY | E64: Other | F64: Baltimore City | G64: No | H64: UM Mt. Washington Pediatric Hospital | I64: Mt. Washington Peds | J64: University of Maryland Medical (UMMS) | K64: Yes | L64: No | M64: No | N64: No | O64: No | P64: No | Q64: No | R64: No
A65: 214000 | C65: 4000 | D65: PSYCHIATRIC | E65: Other | F65: Baltimore | G65: No | H65: Sheppard & Enoch Pratt Hospital | I65: Sheppard Pratt | J65: Independent-psych | K65: No | L65: Yes | M65: No | N65: Yes | O65: No | P65: No | Q65: No | R65: No
A66: 214002 | D66: PSYCHIATRIC | E66: Other | F66: Dorchester | G66: No | H66: EASTERN SHORE HOSPITAL CENTER | I66: Eastern Shore Hospital Center | J66: State | K66: No | L66: Yes | M66: No | N66: Yes | O66: No | P66: No | Q66: No | R66: No
A67: 214003 | C67: 4003 | D67: PSYCHIATRIC | E67: Other | F67: Washington | G67: No | H67: Brook lane | I67: Brook Lane | J67: Meritus Health | K67: No | L67: Yes | M67: No | N67: Yes | O67: No | P67: No | Q67: No | R67: No
A68: 214004 | D68: PSYCHIATRIC | E68: Other | F68: Carroll | G68: No | H68: SPRINGFIELD HOSPITAL CENTER | I68: Springfield Hospital Center | J68: State | K68: No | L68: Yes | M68: No | N68: Yes | O68: No | P68: No | Q68: No | R68: No
A69: 214012 | D69: PSYCHIATRIC | E69: Other | F69: Allegany | G69: No | H69: THOMAS B. FINAN CENTER | I69: Thomas B. Finan Center | J69: State | K69: No | L69: Yes | M69: No | N69: Yes | O69: No | P69: No | Q69: No | R69: No
A70: 214013 | C70: 4013 | D70: PSYCHIATRIC | E70: Other | F70: Montgomery | G70: No | H70: ADVENTIST BEHAVIORAL HEALTH-ROCKVILLE | I70: Adventist- BH-Rockville | J70: Adventist Health | K70: No | L70: Yes | M70: No | N70: Yes | O70: No | P70: No | Q70: No | R70: No
A71: 214020 | C71: 4020 | D71: PSYCHIATRIC | E71: Other | F71: Anne Arundel | G71: No | H71: Luminis Health J. Kent McNew Family Medical Center | I71: Luminis- McNew Family Medical Center | J71: Luminis Health | K71: No | L71: Yes | M71: No | N71: Yes | O71: No | P71: No | Q71: No | R71: No
A72: 214022 | C72: 4022 | D72: PSYCHIATRIC | E72: Other | F72: Harford | G72: No | H72: UM Behavioral Health Pavilion - Aberdeen | I72: UMMS-Upper Chesapeake Behavioral | J72: University of Maryland Medical (UMMS) | K72: No | L72: Yes | M72: No | N72: Yes | O72: No | P72: No | Q72: No | R72: No
A73: 218992 | C73: 8992 | D73: ACUTE | E73: GBR | F73: Baltimore City | G73: Yes | H73: UM Shock Trauma | I73: UMMS-Shock Trauma | J73: University of Maryland Medical (UMMS) | K73: No | L73: No | M73: No | N73: Yes | O73: No | P73: Yes | Q73: No | R73: No
A74: 218994 | B74: 72 | C74: 8994 | D74: ACUTE | E74: GBR | F74: Baltimore City | G74: Yes | H74: UM-CANCER CENTER | I74: UMMS-Cancer Center | J74: University of Maryland Medical (UMMS) | K74: No | L74: No | M74: No | N74: No | O74: No | P74: No | Q74: No | R74: No
A75: 219950 | B75: 219950 | C75: 219950 | D75: OTHER | E75: Other | F75: HSCRC | G75: No | H75: HSCRC | J75: Independent | K75: No | L75: No | M75: No | N75: No | O75: No | P75: No | Q75: No | R75: No

Sheet Rev Prop Prov List v3 
A1: Crosswalk of Valid Codes for Required Provider Types
C3: Source of Admission (Patient Origin) | F3: Patient Disposition
A4: Medicare ID | B4: Facility Name | C4: Valid Codes | D4: Provider ID Req? | E4: Comments | F4: Valid Codes | G4: Provider ID Req? | H4: Comments
A5: MD Acute Care Hospitals | C5: 04 or D | D5: Yes (only for 04) | E5: Usage Note: Use code 04 for transfer between different acute care hospitals (regardless of unit). Use code D for transfers within same hospital (regardless of unit) | F5: 02, 65 (psych unit), 62 (rehab unit); 51 (hospice), 70 (OP) | G5: Yes (codes 02,62 & 65 only) | H5: Usage Note: Use code 02 for PD if unclear. Use code 65 for discharge to psych unit of same hospital or different psyc hospital; use code 62 for discharge to rehab unit of same hospital or different rehab hospital; use code 51 for discharge to hospice facility; use code 70 for discharge to OP for services. Only valid codes for each facility are listed
A6: 210001 | B6: Meritus Health System | C6: 04 or D | D6: Yes (only for 04) | F6: 02, 65 (psych unit), 62 (rehab unit); 51 (hospice), 70 (OP) | G6: Yes (codes 02, 62 & 65 only)
A7: 210002 | B7: University of Maryland Medical Center | C7: 04 or D or G | D7: Yes (only for 04) | F7: 02, 65 (psych unit), 51 (hospice), 70 (OP), 69 | G7: Yes (codes 02 & 65 only) | H7: 62 is not valid
A8: 210003 | B8: UM-Capital Regional Medical Center | C8: 04 or D | D8: Yes (only for 04) | F8: 02, 65 (psych unit), 62 (rehab unit); 51 (hospice), 70 (OP) | G8: Yes (codes 02, 62 & 65 only)
A9: 210004 | B9: Holy Cross Hospital | C9: 04 or D | D9: Yes (only for 04) | F9: 02, 51 (hospice), 70 (OP) | G9: Yes (codes 02 only) | H9: 62 & 65 are not valid
A10: 210005 | B10: Frederick Health Hospital | C10: 04 or D | D10: Yes (only for 04) | F10: 02, 65 (psych unit), 51 (hospice), 70 (OP) | G10: Yes (codes 02 & 65 only) | H10: 62 is not valid
A11: 210008 | B11: Mercy Medical Center | C11: 04 or D | D11: Yes (only for 04) | F11: 02, 51 (hospice), 70 (OP) | G11: Yes (codes 02 only) | H11: 62 & 65 are not valid
A12: 210009 | B12: The Johns Hopkins Hospital | C12: 04 or D | D12: Yes (only for 04) | F12: 02, 65 (psych unit), 62 (rehab unit); 51 (hospice), 70 (OP) | G12: Yes (codes 02, 62 & 65 only)
A13: 210010 | B13: UM Shore Medical Center at Dorchester UM- | C13: 04 or D | D13: Yes (only for 04) | F13: 02, 65 (psych unit), 51 (hospice), 70 (OP) | G13: Yes (codes 02, 62 & 65 only) | H13: 62 is not valid
A14: 210011 | B14: St. Agnes Hospital ASCENSION SAINT AGNES HOSPITAL | C14: 04 or D | D14: Yes (only for 04) | F14: 02, 51 (hospice), 70 (OP) | G14: Yes (codes 02 only) | H14: 62 & 65 are not valid
A15: 210012 | B15: Lifebridge Sinai Hospital | C15: 04 or D | D15: Yes (only for 04) | F15: 02, 65 (psych unit), 62 (rehab unit); 51 (hospice), 70 (OP) | G15: Yes (codes 02, 62 & 65 only)
A16: 210015 | B16: MedStar Franklin Square Medical Center | C16: 04 or D | D16: Yes (only for 04) | F16: 02, 65 (psych unit); 51 (hospice), 70 (OP) | G16: Yes (codes 02 & 65 only) | H16: 62 is not valid
A17: 210016 | B17: Adventist HealthCare White Oak Hospital | C17: 04 or D or G | D17: Yes (only for 04) | F17: 02, 65 (psych unit); 51 (hospice), 70 (OP), 69 | G17: Yes (codes 02, 62 & 65 only) | H17: 62 is not valid
A18: 210017 | B18: Garrett County Memorial Hospital GRMC, Inc. DBA,GARRETT REGIONAL MEDICAL CENTER (effective 7/1/2022) | C18: 04 or D | D18: Yes (only for 04) | F18: 02, 51 (hospice), 70 (OP) | G18: Yes (codes 02 only) | H18: 62 & 65 are not valid
A19: 210018 | B19: MedStar Montgomery Medical Center | C19: 04 or D | D19: Yes (only for 04) | F19: 02, 65 (psych unit); 51 (hospice), 70 (OP) | G19: Yes (codes 02 & 65 only) | H19: 62 is not valid
A20: 210019 | B20: Tidalhealth Peninsula Regional | C20: 04 or D | D20: Yes (only for 04) | F20: 02, 65 (psych unit); 51 (hospice), 70 (OP) | G20: Yes (codes 02 & 65 only) | H20: 62 is not valid
A21: 210022 | B21: Suburban Hospital | C21: 04 or D | D21: Yes (only for 04) | F21: 02, 65 (psych unit); 51 (hospice), 70 (OP) | G21: Yes (codes 02 & 65 only) | H21: 62 is not valid
A22: 210023 | B22: Anne Arundel Medical Center | C22: 04 or D | D22: Yes (only for 04) | F22: 02, 51 (hospice), 70 (OP) | G22: Yes (codes 02 only) | H22: 62 & 65 are not valid
A23: 210024 | B23: MedStar Union Memorial Hospital | C23: 04 or D | D23: Yes (only for 04) | F23: 02, 51 (hospice), 70 (OP) | G23: Yes (codes 02 only) | H23: 62 & 65 are not valid
A24: 210027 | B24: UP - Western Maryland | C24: 04 or D | D24: Yes (only for 04) | F24: 02, 65 (psych unit), 62 (rehab unit); 51 (hospice), 70 (OP) | G24: Yes (codes 02,62 & 65 only)
A25: 210028 | B25: MedStar St. Mary’s Hospital | C25: 04 or D | D25: Yes (only for 04) | F25: 02, 65 (psych unit), 51 (hospice), 70 (OP) | G25: Yes (codes 02 & 65 only) | H25: 62 is not valid
A26: 210029 | B26: Johns Hopkins Bayview Medical Center | C26: 04 or D | D26: Yes (only for 04) | F26: 02, 65 (psych unit), 62, (rehab unit), 51 (hospice), 70 (OP) | G26: Yes (codes 02, 62, & 65 only) | H26: 62 is not valid
A27: 210030 | B27: UM Shore Regional Health at Chestertown (Formerly Chester River) | C27: 04 or D | D27: Yes (only for 04) | F27: 02, 51 (hospice), 70 (OP) | G27: Yes (codes 02 only) | H27: 62 & 65 are not valid
A28: 210032 | B28: ChristianaCare, Union Hospital | C28: 04 or D | D28: Yes (only for 04) | F28: 02, 65 (psych unit), 51 (hospice), 70 (OP) | G28: Yes (codes 02 & 65 only) | H28: 62 is not valid
A29: 210033 | B29: Lifebridge Carroll Hospital Center | C29: 04 or D | D29: Yes (only for 04) | F29: 02, 65 (psych unit), 51 (hospice), 70 (OP) | G29: Yes (codes 02 & 65 only) | H29: 62 is not valid
A30: 210034 | B30: MedStar Harbor Hospital | C30: 04 or D | D30: Yes (only for 04) | F30: 02, 65 (psych unit), 51 (hospice), 70 (OP) | G30: Yes (codes 02 & 65 only) | H30: 62 is not valid
A31: 210035 | B31: UM Charles Regional Medical Center (Formerly Civista) | C31: 04 or D | D31: Yes (only for 04) | F31: 02, 51 (hospice), 70 (OP) | G31: Yes (codes 02 only) | H31: 62 & 65 are not valid
A32: 210037 | B32: UM Shore Regional Health at Easton | C32: 04 or D | D32: Yes (only for 04) | F32: 02, 62 (rehab unit); 51 (hospice), 70 (OP) | G32: Yes (codes 02 & 62 only) | H32: 65 is not valid
A33: 210038 | B33: UMM Center Midtown Campus (acute) (Formerly Maryland General) | C33: 04 or D | D33: Yes (only for 04) | F33: 02, 65 (psych unit); 51 (hospice), 70 (OP) | G33: Yes (codes 02 & 65 only) | H33: 62 is not valid
A34: 210039 | B34: CalvertHealth Medical Center | C34: 04 or D | D34: Yes (only for 04) | F34: 02, 65 (psych unit), 51 (hospice), 70 (OP) | G34: Yes (codes 02 & 65 only) | H34: 62 is not valid
A35: 210040 | B35: Lifebridge Northwest Hospital | C35: 04 or D | D35: Yes (only for 04) | F35: 02, 65 (psych unit), 51 (hospice), 70 (OP) | G35: Yes (codes 02 & 65 only) | H35: 62 is not valid
A36: 210043 | B36: UM Baltimore Washington Medical Center | C36: 04 or D | D36: Yes (only for 04) | F36: 02, 65 (psych unit), 51 (hospice), 70 (OP) | G36: Yes (codes 02 & 65 only) | H36: 62 is not valid
... A50: 218992 | B50: University of Maryland Shock Trauma | C50: 04 or D | D50: Yes (only for 04) | F50: 02, 51 (hospice), 70 (OP) | G50: Yes (codes 02 only) | H50: 62 & 65 are not valid
A51: 210068 | B51: Baltimore Convention Center | C51: G | F51: 69
A52: MD Acute Care Hospitals with Chronic Licensed Beds | C52: 04 or D | D52: Yes (only for 04) | E52: Usage Note: Use code 04 for transfer between different acute care hospitals (regardless of unit). Use code D for transfers within same hospital (regardless of unit) | F52: 02, 62 (rehab), 51 (hospice), 70 (OP) | G52: Yes | H52: Usage Note: Use code 02 for PD if unclear. Use code 65 for discharge to psych unit of same hospital or different psyc hospital; use code 62 for discharge to rehab unit of same hospital or different rehab hospital; use code 51 for discharge to hospice facility; use code 70 for discharge to OP for services. Only valid codes applying to each facility is listed
A53: 210003 | B53: UM Capital Regional Medical Center | C53: 04 or D | D53: Yes (only for 04) | F53: 02, 62 (rehab), 51 (hospice), 70 (OP) | G53: Yes (codes 02 & 62 only) | H53: 65 is not valid
A54: 210058 | B54: UM Rehab & Orthopaedic Institute (Formerly Kernan) | C54: 04 or D | D54: Yes (only for 04) | F54: 02, 62 (rehab), 51 (hospice), 70 (OP) | G54: Yes (codes 02 & 62 only) | H54: 65 is not valid
A55: 210029 | B55: Johns Hopkins Bayview Medical Center | C55: 04 or D | D55: Yes (only for 04) | F55: 02, 65 (psych), 51 (hospice), 70 (OP) | G55: Yes (codes 02 & 65 only) | H55: 62 is not valid
A56: 210038 | B56: UMM Center Midtown Campus (Formerly Maryland General) | C56: 04 or D | D56: Yes (only for 04) | F56: 02, 65 (psych), 51 (hospice), 70 (OP) | G56: Yes (codes 02 & 65 only) | H56: 62 is not valid
A57: MD Freestanding Emergency Departments | C57: 04 | D57: Yes | E57: Usage Note: Freestanding ED are considered to be associated with acute care hospitals. Use code 04 for transfer between different acute care hospitals (regardless of unit). | F57: 70 | G57: No
A58: 210006 | B58: UM Upper Chesapeake Medical Center -Aberdeen | C58: 04 | D58: Yes (only for 04) | F58: 70 | G58: No | H58: FMF as of 2/6/2024
A59: 210010 | B59: UM-SHORE MEDICAL CENTER AT CAMBRIDGE (Beginning 10/1/2021 - Freestanding ED) | C59: 04 | D59: Yes | F59: 70 | G59: No
A60: 210013 | B60: Grace Medical Center (Beginning 11/1/2019 - Freestanding ED) | C60: 04 | D60: Yes | F60: 70 | G60: No | H60: FMF as of 11/1/2019
A61: 210045 | B61: Tidalhealth McCready Pavilion (Beginning 3/1/2020 - Freestanding ED) | C61: 04 | D61: Yes | F61: 70 | G61: No
A62: 210055 | B62: UM - Laurel Medical Center (Beginning 1/1/2019 - Freestanding ED) | C62: 04 | D62: Yes (only for 04) | F62: 69, 70
A63: 210088 | B63: UM Shore Emergency Center at Queenstown | C63: 04 | D63: Yes | F63: 70 | G63: No
A64: 210087 | B64: Adventist HealthCare Germantown Emergency Center | C64: 04 | D64: Yes | F64: 70 | G64: No
A65: 210333 | B65: UM-Bowie Health Center | C65: 04 | D65: Yes | F65: 70 | G65: No
A66: Non-MD Acute Care Hospitals | C66: 04 | D66: Yes | F66: 02, 65 (psych unit), 62 (rehab unit); 51 (hospice), 70 (OP) | G66: Yes
A67: 90001 | B67: George Washington University Hospital | C67: 04 | D67: Yes | F67: 02, 65 (psych unit), 62 (rehab unit); 51 (hospice), 70 (OP) | G67: Yes
A68: 90002 | B68: Do Not Use | C68: N/A | D68: N/A | F68: N/A | G68: N/A
A69: 90003 | B69: Howard University Hospital | C69: 04 | D69: Yes | F69: 02, 65 (psych unit), 62 (rehab unit); 51 (hospice), 70 (OP) | G69: Yes
A70: 90004 | B70: MedStar Georgetown University | C70: 04 | D70: Yes | F70: 02, 65 (psych unit), 62 (rehab unit); 51 (hospice), 70 (OP) | G70: Yes
A71: 90005 | B71: Sibley Memorial Hospital | C71: 04 | D71: Yes | F71: 02, 65 (psych unit), 62 (rehab unit); 51 (hospice), 70 (OP) | G71: Yes
A72: 90006 | B72: Providence Hospital | C72: 04 | D72: Yes | F72: 02, 65 (psych unit), 62 (rehab unit); 51 (hospice), 70 (OP) | G72: Yes
A73: 90008 | B73: United Medical Center | C73: 04 | D73: Yes | F73: 02, 65 (psych unit), 62 (rehab unit); 51 (hospice), 70 (OP) | G73: Yes
A74: 90011 | B74: MedStar Washington Hospital Center | C74: 04 | D74: Yes | F74: 02, 65 (psych unit), 62 (rehab unit); 51 (hospice), 70 (OP) | G74: Yes
A75: 80000 | B75: Delaware Acute Care Hospitals | C75: 04 | D75: Yes | F75: 02, 65 (psych unit), 62 (rehab unit); 51 (hospice), 70 (OP) | G75: Yes
A76: 390000 | B76: Pennsylvania Acute Care Hospitals | C76: 04 | D76: Yes | F76: 02, 65 (psych unit), 62 (rehab unit); 51 (hospice), 70 (OP) | G76: Yes
A77: 490000 | B77: Virginia Acute Care Hospitals | C77: 04 | D77: Yes | F77: 02, 65 (psych unit), 62 (rehab unit); 51 (hospice), 70 (OP) | G77: Yes
A78: 510000 | B78: West Virginia Acute Care Hospitals | C78: 04 | D78: Yes | F78: 02, 65 (psych unit), 62 (rehab unit); 51 (hospice), 70 (OP)
A79: 770000 | B79: Other Out-of-State Acute Care Hospital | C79: 04 | D79: Yes | F79: 02, 65 (psych unit), 62 (rehab unit); 51 (hospice), 70 (OP) | G79: Yes
A80: MD Children's Hospitals (https://www.childrenshospitals.org/Directories/Hospital-Directory?state=MD) | D80: Yes (only for 04) | E80: Usage Note: Use code 04 for transfers between different hospitals; use code D for transfers within same hospital. | H80: Usage Note: If transferring to a "designated" Children's Hospital or Cancer Center, PD must = 05
A81: 213300 | B81: Mount Washington Pediatric Hospital | C81: 04 or D | D81: Yes (only for 04) | F81: 05 | G81: Yes
A82: 210009 | B82: Johns Hopkins Children's Center | C82: 04 or D | D82: Yes (only for 04) | F82: 05 | G82: Yes | H82: Usage Note: Transfer must be specifically to the designated children's hospital part of the facility. Otherwise, code 02.
A83: 210002 | B83: University of Maryland Children's Hospital | C83: 04 or D | D83: Yes (only for 04) | F83: 05 | G83: Yes | H83: Usage Note: Transfer must be specifically to the designated children's hospital part of the facility. Otherwise, code 02.
A84: 210052 | B84: Kennedy Krieger Institute | C84: 04 or D | D84: Yes (only for 04) | F84: 05 | G84: Yes
A85: Non-MD Children's Hospitals | E85: Usage Note: Use code 04 for transfers between different hospitals. | H85: Usage Note: If transferring to a "designated" Children's Hospital or Cancer Center, PD must = 05
A86: 93300 | B86: Children’s National Medical Center (https://childrensnational.org/visit/locations-and-directions?) | C86: 04 | D86: Yes | F86: 05 | G86: Yes
A87: 80000 | B87: Delaware Children's Hospitals | C87: 04 | D87: Yes | F87: 05 | G87: Yes
A88: 390000 | B88: Pennsylvania Children's Hospitals | C88: 04 | D88: Yes | F88: 05 | G88: Yes
A89: 490000 | B89: Virginia Children's Hospitals | C89: 04 | D89: Yes | F89: 05 | G89: Yes
A90: 510000 | B90: West Virginia Children's Hospitals | C90: 04 | D90: Yes | F90: 05 | G90: Yes
A91: 770000 | B91: Other Out-of-State Children's Hospitals | C91: 04 | D91: Yes | F91: 05 | G91: Yes
A92: MD Designated Cancer Centers (https://www.cancer.gov/research/nci-role/cancer-centers) | C92: 04 or D | D92: Yes | E92: Usage Note: Use code 04 for transfers between different hospitals; use code D for transfers within same hospital. | F92: 05 | G92: Yes | H92: Usage Note: If transferring to a "designated" Children's Hospital or Cancer Center, PD must = 05
A93: 210009 | B93: Sidney Kimmel Comprehensive Cancer Center, Johns Hopkins University | C93: 04 or D | D93: Yes | F93: 05 | G93: Yes
A94: 210002 | B94: University of Maryland, Marlene and Stewart Greenebaum Comprehensive Cancer Center | C94: 04 or D | D94: Yes | F94: 05 | G94: Yes
A95: Non-MD Designated Cancer Centers | C95: 04 | D95: Yes | F95: 05 | G95: Yes | H95: Usage Note: If transferring to a "designated" Children's Hospital or Cancer Center, PD must = 05
A96: 09T001 | B96: Georgetown Lombardi Comprehensive Cancer Center, Georgetown University | C96: 04 | D96: Yes | F96: 05 | G96: Yes
A97: 080000 | B97: Delaware Designated Cancer Centers | C97: 04 | D97: Yes | F97: 05 | G97: Yes
A98: 390000 | B98: Pennsylvania Designated Cancer Centers | C98: 04 | D98: Yes | F98: 05 | G98: Yes
A99: 490000 | B99: Virginia Designated Cancer Centers | C99: 04 | D99: Yes | F99: 05 | G99: Yes
A100: 510000 | B100: West Virginia Designated Cancer Centers | C100: 04 | D100: Yes | F100: 05 | G100: Yes
A101: 770000 | B101: Other Out-of-State Designated Cancer Centers | C101: 04 | D101: Yes | F101: 05 | G101: Yes
A102: MD Psychiatric Hospitals | C102: 06 | D102: No | E102: Usage Note: Use code 06 for transfers from psychiatric hospitals. For transfers within or between acute care hospitals, use codes 04 or D under Acute Care Hospitals. | F102: 65 | G102: Yes | H102: Usage Note: Use code 06 for psych hospitals and psych units of acute care hospitals (see above under acute care hospitals)
A103: 214000 | B103: Sheppard-Enoch Pratt Hospital (Private) | C103: 06 | D103: No | F103: 65 | G103: Yes
A104: 214002 | B104: Eastern Shore Hospital (State) | C104: 06 | D104: No | F104: 65 | G104: Yes
A105: 214003 | B105: Brook Lane (Private) | C105: 06 | D105: No | F105: 65 | G105: Yes
A106: 214004 | B106: Springfield Hospital Center (State) | C106: 06 | D106: No | F106: 65 | G106: Yes
A107: 214013 | B107: Adventist Behavioral Health (Private) (Closed as of 7/1/2018) | C107: 06 | D107: No | F107: 65 | G107: Yes
A108: 214012 | B108: Thomas B. Finan Center | C108: 06 | D108: No | F108: 65 | G108: Yes | H108: Added
A109: 214020 | B109: J. Kent McNew Family Medical Center (Beginning 3/1/2020) | C109: 06 | D109: No | F109: 65 | G109: Yes | H109: New Facility as of 3/1/2020
A110: 214022 | B110: UM Upper Chesapeake Behavioral Health Pavilion at Aberdeen | C110: 06 | D110: No | F110: 65 | G110: Yes | H110: New Facility as of 2/6/2024
A111: 214018 | B111: Spring Grove Hospital Center (State) | C111: 06 | D111: No | F111: 65 | G111: Yes
A112: Non-MD Psychiatric Hospitals | C112: 06 | D112: No | E112: Usage Note: Use code 06 for transfers from psychiatric hospitals. For transfers within or between acute care hospitals, use codes 04 or D under Acute Care Hospitals. | F112: 65 | G112: Yes
A113: 094001 | B113: St. Elizabeths Hospital (DC Psych) | C113: 06 | D113: No | F113: 65 | G113: Yes
A114: 094004 | B114: Psychiatric Institute of Washington DC | C114: 06 | D114: No | F114: 65 | G114: Yes
...

Sheet Preferred Lang Codes
A1: Preferred Language Codes | C1: Text in RED indicate new items from prior fiscal year
A2: Code | B2: Description
A3: 01 | B3: ENGLISH
A4: 02 | B4: SPANISH
A5: 03 | B5: CHINESE/MANDARIN/CANTONESE
A6: 04 | B6: ARABIC
A7: 05 | B7: KOREAN
A8: 06 | B8: RUSSIAN
A9: 07 | B9: FRENCH
A10: 08 | B10: VIETNAMESE
A11: 09 | B11: AMHARIC (ETHIOPIAN)
A12: 10 | B12: URDU (PAKISTAN/INDIA)
A13: 11 | B13: HINDI
... A35: 99 | B35: NOT APPLICABLE (INCLUDES NEWBORNS)

Sheet Rate Center Codes
A1: Rate Center Codes | F1: ='[1]Record Type 1'!D1 -> Text in RED indicate new items from prior fiscal year
A2: Code | B2: Description | C2: Code Abbreviation | D2: HSCRC Variable Name (Units & Charges Associated with Each Rate Center)
D3: UNITS | E3: CHARGES
A4: 01 | B4: Rate Center for Medical Surgical Acute (MSG) | C4: MSG | D4: RCTUNT1 | E4: RCTCHG1
A5: 02 | B5: Rate Center for Pediatrics Acute (PED) | C5: PED | D5: RCTUNT2 | E5: RCTCHG2
A6: 03 | B6: Rate Center for Psychiatric Acute (PSY) | C6: PSY | D6: RCTUNT3 | E6: RCTCHG3
A7: 04 | B7: Rate Center for Obstetrics Acute (OBS) | C7: OBS | D7: RCTUNT4 | E7: RCTCHG4
A8: 05 | B8: Rate Center for Definitive Observation (DEF) | C8: DEF | D8: RCTUNT5 | E8: RCTCHG5
A9: 06 | B9: Rate Center for Medical Surgical ICU (MIS) | C9: MIS | D9: RCTUNT6 | E9: RCTCHG6
A10: 07 | B10: Rate Center for Coronary Care (CCU) | C10: CCU | D10: RCTUNT7 | E10: RCTCHG7
A11: 08 | B11: Rate Center for Pediatric ICU (PIC) | C11: PIC | D11: RCTUNT8 | E11: RCTCHG8
A12: 09 | B12: Rate Center for Neonatal ICU (NEO) | C12: NEO | D12: RCTUNT9 | E12: RCTCHG9
A13: 10 | B13: Rate Center for Burn Care (BUR) | C13: BUR | D13: RCTUNT10 | E13: RCTCHG10
A14: 11 | B14: Rate Center for Psychiatric ICU (PSI) Discontinued since 06/30/2020 | C14: PSI | D14: RCTUNT11 | E14: RCTCHG11
A15: 12 | B15: Rate Center for Shock Trauma (TRM) | C15: TRM | D15: RCTUNT12 | E15: RCTCHG12
... A104: 101 | B104: Rate Center for Transcranial Magnetic Stimulation (TMS) (Effective February 1, 2021) | C104: TMS | D104: RCTUNT101 | E104: RCTCHG101
A105: 00 | B105: Rate Center Where UB = 0001 (Total Charge) | D105: RCTUNT00 | E105: RCTCHG00

Sheet COVID Testing Codes
A1: COVID Treatment Codes COVID-19 Coding and Reporting Information (6/08/23)
A2: Immunology
A3: 86317 – Immunoassay for infectious agent antibody, quantitative, not otherwise specified (For immunoassay techniques for non-infectious agent antigens, see 83516, 83518, 83519, 83520, 87301-87450, 87810-87899 (For infectious agent antigen detection by immunoassay technique, see 87301-87451. For infectious agent antigen detection by immunoassay technique with direct optical [i.e., visual] observation, see 87802-87899) (For particle agglutination procedures, use 86403)
A4: 86318 -Immunoassay for infectious agent antibody(ies), qualitative or semiqualitative, single step method (e.g., reagent strip)
A5: 86328 -Immunoassay for infectious agent antibody(ies), qualitative or semiquantitative, single step method (e.g., reagent strip); Severe Acute Respiratory Syndrome Coronavirus 2 (SARS-CoV2) (Coronavirus disease [COVID-19]) (For severe acute respiratory syndrome coronavirus 2 [SARS-CoV-2] [coronavirus disease {COVID-19}] antibody testing using multiple-step method, use 86769)
A6: 86408 -Neutralizing antibody, Severe Acute Respiratory Syndrome Coronavirus 2 (SARS-CoV-2) (Coronavirus disease [COVID-19]); screen
A7: 86409 -titer
A8: 86413 -Severe Acute Respiratory Syndrome Coronavirus 2 (SARS-CoV-2) (Coronavirus disease [COVID-19]) antibody, quantitative
A9: 86602 -Antibody; actinomyces
A10: 86635 -Antibody; coccidioides (For severe acute respiratory syndrome coronavirus 2 [SARS-CoV-2] [coronavirus disease {COVID-19}] antibody testing, see 86328, 86769)
A11: 86769 -Antibody; Severe Acute Respiratory Syndrome Coronavirus 2 (SARS-CoV-2) (Coronavirus disease [COVID-19]) (For severe acute respiratory syndrome coronavirus 2 [SARS-CoV-2] [coronavirus disease {COVID-19}] antibody testing using single-step method, use 86328)
A12: Microbiology
... A41: M0201 -Covid19 vaccine, home administration
A42: Q0220 -Tixagve and cilgav, 300 mg (Evusheld) | J42: -
A43: Q0221 -Tixagve and cilgav, 600 mg (Evusheld)
A44: M0220 -Tixagve and cilgav injection administration (Evusheld)
A45: M0221 -Tixagve and cilgav injection administration, home (Evusheld)
A46: Q0222 -Bebtelovimab 175mg M0222 -Injection, Bebtelovimab
A47: M0223 -Injection, home of Bebtelovimab
A48: Q0249 -Tocilizumab 1 mg
A49: M0249 -Injection, Tocilizumab 1 st dose
A50: M0250 -Injection, Tocilizumab 2 nd dose
A51: U0001 -CDC 2019 novel coronavirus (2019-ncov) real-time rt-PCR diagnostic panel HCPCS code U0001 should be used specifically for Centers for Disease Control and Protection (CDC) testing laboratories to test patients for SARS-CoV-2 (CDC 2019 Novel Coronavirus Real Time RT-PCR Diagnostic Test Panel).
A52: U0002 -2019-ncov coronavirus, sars-cov-2/2019-ncov (covid-19), any technique, multiple types or subtypes (includes all targets), non-cdc. HCPCS code U0002 may be used to report new types of COVID-19 tests in the future if they are not already specified by either U0001 or 87635. CMS will monitor the development of tests and assign codes when appropriate
A53: Q0240- Injection, casirivimab and imdevimab, 600 mg
A54: Q0243-Injection, casirivimab and imdevimab, 2400 mg
... A61: C9803 -Hospital outpatient clinic visit specimen collection for Severe Acute Respiratory Syndrome Coronavirus 2 (sars-cov-2) (coronavirus disease [covid-19]) HCPCS code C9803 describes symptom assessment and specimen collection performed by hospital outpatient departments. The service is paid as conditionally packaged when performed with another payable service under the OPPS.

Sheet Bill Type
A1: Valid Bill Type Values for Outpatient Services
A2: Bill Type Code* | B2: Description
A3: 12x | B3: HOSPITAL INPATIENT (MEDICARE PART B ONLY)
A4: 13x | B4: HOSPITAL OUTPATIENT
A5: 14x | B5: HOSPITAL - LABORATORY SERVICES PROVIDED TO NON-PATIENTS
A6: 22x | B6: SKILLED NURSING - INPATIENT (MEDICARE PART B ONLY)
A7: 23x | B7: SKILLED NURSING - OUTPATIENT
A8: 32x | B8: HOME HEALTH SERVICES UNDER A PLAN OF TREATMENT (EFFECTIVE ON 10/1/13)
A9: 34x | B9: HOME HEALTH SERVICES NOT UNDER A PLAN OF TREATMENT (EFFECTIVE 10/1/13)
A10: 43x | B10: RELIGIOUS NON-MEDICAL HEALTH CARE INSTITUTIONS - OUTPATIENT SERVICES
A11: 71x | B11: CLINIC - RURAL HEALTH
A12: 72x | B12: CLINIC - HOSPITAL BASED OR INDEPENDENT RENAL DIALYSIS CENTER
A13: 73x | B13: CLINIC - FREESTANDING
... A21: 85x | B21: CRITICAL ACCESS HOSPITAL
A23: *The “x” in the Type of Bill column represents a placeholder for the frequency code. Please use the Frequancy codes from UB-04

Sheet Crosswalk HSCRC to UB - POO v3
A1: Point of Origin (POO)
A2: Immediate location prior to arriving at hospital or hospital’s emergency room. A physician’s order or referral is implicit in any admission. Focus is on the patient’s place or point of origin rather than the MD order or referral. NA=Not applicable. Facility indicated that a provider ID is required to be reported
A3: Location Pt Admitted From | B3: UB04 | C3: UB04 Descriptions | D3: HSCRC INPT | E3: Original HSCRC IP Description | F3: HSCRC OUPT | G3: Original HSCRC OP Description | H3: Facility Name Required (IP/OP if diff) | I3: New HSCRC INPT | J3: New HSCRC OUPT | K3: New Facility Name Required | L3: New HSCRC Description (from UB04)
A4: Outpatient Surgery w/in 72 Hrs, same hospital | B4: 1 | C4: Non-Health Care Facility Point of Origin: Inpatient: The patient was admitted to this facility upon an order of a physician. Outpatient: The patient presents to this facility with an order from a physician for services or seeks scheduled services for which an order is not required (e.g. mammography). Includes non-emergent self-referrals. Usage Note: This includes patients coming from home or the workplace and patients receiving care at home (such as home health services) | D4: 29 | E4: ADMIT WITHIN 72 HOURS FROM ON-SITE AMBULATORY SURGERY UNIT WITH SURGERY | F4: 08 | G4: CLINIC OF SAME HOSPITAL | H4: No | I4: 01 | J4: 01 | K4: No | L4: From non-healthcare facility (includes patient's home or workplace; group home/congregate house, foster care) Inpatient: The patient was admitted to this facility upon an order of a physician. Outpatient: The patient presents to this facility with an order from a physician for services or seeks scheduled services for which an order is not required (e.g. mammography). Includes non-emergent self-referrals and OP surgery patients admitted within 72 hours Usage Note: This includes patients coming from home or the workplace and patients receiving care at home (such as home health services)
A5: Group Home, Halfway House, Licensed Board and Care (includes assisted living) | B5: 1 | C5: Non-Health Care Facility Point of Origin: Inpatient: The patient was admitted to this facility upon an order of a physician. Outpatient: The patient presents to this facility with an order from a physician for services or seeks scheduled services for which an order is not required (e.g. mammography). Includes non-emergent self-referrals. Usage Note: This includes patients coming from home or the workplace and patients receiving care at home (such as home health services) | D5: 47 | E5: ADMIT FROM SUPERVISED/CONGREGATE HOUSE | F5: 06 | G5: OTHER | H5: No | I5: 01 | J5: 01 | K5: No | L5: From non-healthcare facility (includes patient's home or workplace). Inpatient: The patient was admitted to this facility upon an order of a physician. Outpatient: The patient presents to this facility with an order from a physician for services or seeks scheduled services for which an order is not required (e.g. mammography). Includes non-emergent self-referrals. Usage Note: This includes patients coming from home or the workplace and patients receiving care at home (such as home health services)
A6: Home | B6: 1 | C6: Non-Health Care Facility Point of Origin: Inpatient: The patient was admitted to this facility upon an order of a physician. Outpatient: The patient presents to this facility with an order from a physician for services or seeks scheduled services for which an order is not required (e.g. mammography). Includes non-emergent self-referrals. Usage Note: This includes patients coming from home or the workplace and patients receiving care at home (such as home health services) | D6: 60 | E6: ADMIT FROM HOME, PHYSICIAN'S OFFICE, NONINSTITUTIONAL SOURCE | F6: 05 | G6: HOME | H6: No | I6: 01 | J6: 01 | K6: No | L6: From non-healthcare facility (includes patient's home or workplace; group home/congregate house, foster care) Inpatient: The patient was admitted to this facility upon an order of a physician. Outpatient: The patient presents to this facility with an order from a physician for services or seeks scheduled services for which an order is not required (e.g. mammography). Includes non-emergent self-referrals and OP surgery with in 72 hours. Usage Note: This includes patients coming from home or the workplace and patients receiving care at home (such as home health services)
A7: Physician Office, Clinic, Urgent Care, Patient First | B7: 2 | C7: Clinic or Physician's Office: Inpatient: The patient was admitted to this facility. Outpatient: The patient presented to this facility for outpatient services. | D7: 60 | E7: ADMIT FROM HOME, PHYSICIAN'S OFFICE, NONINSTITUTIONAL SOURCE | F7: 06 | G7: OTHER | H7: No | I7: 02 | J7: 02 | K7: No | L7: From clinic or physician office (includes urgent care, immediate care clinics, on-site clinic or off-site clinic) Inpatient: The patient was admitted to this facility. Outpatient: The patient presented to this facility for outpatient services.
A8: Clinic (another hospital) | B8: 2 | C8: Clinic or Physician's Office: Inpatient: The patient was admitted to this facility. Outpatient: The patient presented to this facility for outpatient services. | D8: N/A | F8: 07 | G8: FROM CLINIC OF ANOTHER ACUTE HOSPITAL | H8: No | I8: 02 | J8: 02 | K8: No | L8: From clinic or physician office (includes urgent care, immediate care clinics, on-site clinic or off-site clinic) Inpatient: The patient was admitted to this facility. Outpatient: The patient presented to this facility for outpatient services.
A9: Clinic (same hospital) | B9: 2 | C9: Clinic or Physician's Office: Inpatient: The patient was admitted to this facility. Outpatient: The patient presented to this facility for outpatient services. | D9: N/A | F9: 08 | G9: CLINIC OF SAME HOSPITAL | H9: No | I9: 02 | J9: 02 | K9: No | L9: From clinic or physician office (includes urgent care, immediate care clinics, on-site clinic or off-site clinic) Inpatient: The patient was admitted to this facility. Outpatient: The patient presented to this facility for outpatient services.
A10: Acute Inpt Care – another MIEMS- Designated Hospital | B10: 4 | C10: Transfer From a Hospital (Different Facility): Inpatient: The patient was admitted to this facility as a hospital transfer from an acute care facility where he or she was an inpatient or outpatient. Outpatient: The patient was transferred to this facility as an outpatient from an acute care facility. Usage Note: Excludes Transfers from Hospital Inpatient in the Same Facility (See Code D). | D10: 40 | E10: ADMIT FROM ANOTHER ACUTE GENERAL HOSPITAL TO MIEMS-DESIGNATED FACILITY | F10: N/A | H10: Yes | I10: 04 | J10: 04 | K10: Yes | L10: From (transfer) a different hospital facility (includes transfers from any unit of another acute care hospital, freestanding ED/FMF, and Maryland Institute for Emergency Medical Services Systems (MIEMSS)-designated trauma facilities. Inpatient: The patient was admitted to this facility as a hospital transfer from an acute care facility where he or she was an inpatient or outpatient. Outpatient: The patient was transferred to this facility as an outpatient from an acute care facility. Usage Note: Excludes Transfers from Hospital Inpatient in the Same Facility (See Code D).
A11: Acute Inpt Care – another Acute Care Hospital | B11: 4 | C11: Transfer From a Hospital (Different Facility): Inpatient: The patient was admitted to this facility as a hospital transfer from an acute care facility where he or she was an inpatient or outpatient. Outpatient: The patient was transferred to this facility as an outpatient from an acute care facility. Usage Note: Excludes Transfers from Hospital Inpatient in the Same Facility (See Code D). | D11: 41 | E11: ADMIT FROM ANOTHER ACUTE CARE HOSPITAL INPATIENT SERVICE FOR ANY REASON | F11: N/A | H11: Yes | I11: 04 | J11: 04 | K11: Yes | L11: From (transfer) a different hospital facility (includes transfers from any unit of another acute care hospital, freestanding ED/FMF, and MIEMSS-designated facilities). Inpatient: The patient was admitted to this facility as a hospital transfer from an acute care facility where he or she was an inpatient or outpatient. Outpatient: The patient was transferred to this facility as an outpatient from an acute care facility. Usage Note: Excludes Transfers from Hospital Inpatient in the Same Facility (See Code D).
A12: Rehab unit (another hospital) | B12: 4 | C12: Transfer From a Hospital (Different Facility): The patient was admitted to this facility as a hospital transfer from an acute care facility where he or she was an inpatient or outpatient. Usage Note: Excludes Transfers from Hospital Inpatient in the Same Facility (See Code D). | D12: 42 | E12: ADMIT FROM REHAB. HOSPITAL OR UNIT OF ANOTHER ACUTE CARE HOSPITAL | F12: 04 | G12: FROM OTHER HEALTH INSTITUTION | H12: Yes | I12: 04 | J12: 04 | K12: Yes | L12: From (transfer) a different hospital facility (includes transfers from any unit of another acute care hospital, freestanding ED/FMF, and MIEMSS-designated facilities). Inpatient: The patient was admitted to this facility as a hospital transfer from an acute care facility where he or she was an inpatient or outpatient. Outpatient: The patient was transferred to this facility as an outpatient from an acute care facility. Usage Note: Excludes Transfers from Hospital Inpatient in the Same Facility (See Code D).
A13: Psych Unit (another hospital) | B13: 4 | C13: Transfer From a Hospital (Different Facility): The patient was admitted to this facility as a hospital transfer from an acute care facility where he or she was an inpatient or outpatient. Usage Note: Excludes Transfers from Hospital Inpatient in the Same Facility (See Code D). | D13: 43 | E13: ADMIT FROM PRIVATE PSYCH. HOSPITAL OR UNIT OF ANOTHER ACUTE CARE HOSPITAL | F13: 04 | G13: FROM OTHER HEALTH INSTITUTION | H13: Yes | I13: 04 | J13: 04 | K13: Yes | L13: From (transfer) a different hospital facility (includes transfers from any unit of another acute care hospital, freestanding ED/FMF, and MIEMSS-designated facilities). Inpatient: The patient was admitted to this facility as a hospital transfer from an acute care facility where he or she was an inpatient or outpatient. Outpatient: The patient was transferred to this facility as an outpatient from an acute care facility. Usage Note: Excludes Transfers from Hospital Inpatient in the Same Facility (See Code D).
A14: ER of another Hospital or from freestanding ER | B14: 4 | C14: Transfer From a Hospital (Different Facility): The patient was admitted to this facility as a hospital transfer from an acute care facility where he or she was an inpatient or outpatient. Usage Note: Excludes Transfers from Hospital Inpatient in the Same Facility (See Code D). | D14: 52 | E14: ADMIT FROM ANOTHER ACUTE CARE OP ED OR FREESTANDING ED | F14: 01 | G14: ANOTHER ACUTE CARE OP ED OR FREESTANDING ED | H14: Yes | I14: 04 | J14: 04 | K14: Yes | L14: From (transfer) a different hospital facility (includes transfers from any unit of another acute care hospital, freestanding ED/FMF, and MIEMSS-designated facilities). Inpatient: The patient was admitted to this facility as a hospital transfer from an acute care facility where he or she was an inpatient or outpatient. Outpatient: The patient was transferred to this facility as an outpatient from an acute care facility. Usage Note: Excludes Transfers from Hospital Inpatient in the Same Facility (See Code D).
A15: Subacute Rehab | B15: 5 | C15: Transfer from a Skilled Nursing Facility (SNF) or Intermediate Care Facility (ICF): The patient was admitted to this facility as a transfer from a SNF or ICF where he or she was a resident. | D15: 45 | E15: ADMIT FROM OTHER FACILITY AT WHICH SUBACUTE SERVICES WERE PROVIDED | F15: 03 | G15: FROM SKILLED NURSING FACILITY: A MEDICARE-CERTIFIED NURSING FACILITY IN ANTICIPATION OF SKILLED CARE | H15: No/Yes | I15: 05 | J15: 05 | K15: No | L15: From skilled nursing facility (SNF), intermediate care facility, or assisted living facility (including sub-acute, sub-acute rehab and supervised/congregate house). Usage Note: Excludes Long Term Acute Care
A16: Long Term Care | B16: 5 | C16: Transfer from a Skilled Nursing Facility (SNF) or Intermediate Care Facility (ICF): The patient was admitted to this facility as a transfer from a SNF or ICF where he or she was a resident. | D16: 50 | E16: ADMIT FROM LONG TERM CARE FACILITY: A FACILITY THAT PROVIDES ACUTE INPATIENT CARE WITH AN AVERAGE LENGTH OF STAY OF 25 DAYS OR GREATER | F16: 11 | G16: FROM LONG TERM CARE FACILITY: A FACILITY THAT PROVIDES ACUTE INPATIENT CARE WITH AN AVERAGE LENGTH OF STAY OF 25 DAYS OR GREATER | H16: Yes | I16: 05 | J16: 05 | K16: No | L16: From skilled nursing facility (SNF), intermediate care facility, or assisted living facility (including sub-acute, sub-acute rehab and supervised/congregate house). Usage Note: Excludes Long Term Acute Care
A17: SNF | B17: 5 | C17: Transfer from a Skilled Nursing Facility (SNF) or Intermediate Care Facility (ICF): The patient was admitted to this facility as a transfer from a SNF or ICF where he or she was a resident. | D17: 51 | E17: ADMIT FROM A SKILLED NURSING FACILITY: A MEDICARE-CERTIFIED NURSING FACILITY IN ANTICIPATION OF SKILLED CARE | F17: 03 | G17: FROM SKILLED NURSING FACILITY: A MEDICARE-CERTIFIED NURSING FACILITY IN ANTICIPATION OF SKILLED CARE | H17: Yes | I17: 05 | J17: 05 | K17: No | L17: From skilled nursing facility (SNF), intermediate care facility, or assisted living facility (including sub-acute, sub-acute rehab and supervised/congregate house). Usage Note: Excludes Long Term Acute Care
A18: Nursing Home (including long term residents) | B18: 5 | C18: Transfer from a Skilled Nursing Facility (SNF) or Intermediate Care Facility (ICF): The patient was admitted to this facility as a transfer from a SNF or ICF where he or she was a resident. | D18: 51 | E18: ADMIT FROM A SKILLED NURSING FACILITY: A MEDICARE-CERTIFIED NURSING FACILITY IN ANTICIPATION OF SKILLED CARE | F18: 03 | G18: FROM SKILLED NURSING FACILITY: A MEDICARE-CERTIFIED NURSING FACILITY IN ANTICIPATION OF SKILLED CARE | H18: Yes | I18: 05 | J18: 05 | K18: No | L18: From skilled nursing facility (SNF), intermediate care facility, or assisted living facility (including sub-acute, sub-acute rehab and supervised/congregate house). Usage Note: Excludes Long Term Acute Care
A19: Rehab Hospital (another hospital) | B19: 6 | C19: Transfer from another Health Care Facility: Inpatient: The patient was admitted to this facility as a transfer from another type of health care facility not defined elsewhere in this code list. Outpatient: The patient was referred to this facility for outpatient or referenced diagnostic services from a SMF, ICF, or ALF where he or she was a resident. | D19: 42 | E19: ADMIT FROM REHAB. HOSPITAL OR UNIT OF ANOTHER ACUTE CARE HOSPITAL | F19: 04 | G19: FROM OTHER HEALTH INSTITUTION | H19: Yes | I19: 06 | J19: 06 | K19: No | L19: From Another Healthcare Facility: Inpatient: The patient was admitted to this facility as a transfer from another type of health care facility not defined elsewhere in this code list. Outpatient: The patient was referred to this facility for outpatient or referenced diagnostic services from a SMF, ICF, or ALF where he or she was a resident. Usage Note: Includes licensed Inpatient Substance Abuse Rehab Facility, Inpatient Rehab Facilities (IRF), Inpatient Psychiatric Facilities, Chronic Hospitals (not in MD) and Long Term Acute Care Hospitals
A20: Psych Facility (another hospital) | B20: 6 | C20: Transfer from another Health Care Facility: Inpatient: The patient was admitted to this facility as a transfer from another type of health care facility not defined elsewhere in this code list. Outpatient: The patient was referred to this facility for outpatient or referenced diagnostic services from a SMF, ICF, or ALF where he or she was a resident. | D20: 43 | E20: ADMIT FROM PRIVATE PSYCH. HOSPITAL OR UNIT OF ANOTHER ACUTE CARE HOSPITAL | F20: 04 | G20: FROM OTHER HEALTH INSTITUTION | H20: Yes | I20: 06 | J20: 06 | K20: No | L20: From Another Healthcare Facility: Inpatient: The patient was admitted to this facility as a transfer from another type of health care facility not defined elsewhere in this code list. Outpatient: The patient was referred to this facility for outpatient or referenced diagnostic services from a SMF, ICF, or ALF where he or she was a resident. Usage Note: Includes licensed Inpatient Substance Abuse Rehab Facility, Inpatient Rehab Facilities (IRF), Inpatient Psychiatric Facilities, Chronic Hospitals (not in MD) and Long Term Acute Care Hospitals
A21: Psych Facility state-designated | B21: 6 | C21: Transfer from another Health Care Facility: Inpatient: The patient was admitted to this facility as a transfer from another type of health care facility not defined elsewhere in this code list. Outpatient: The patient was referred to this facility for outpatient or referenced diagnostic services from a SMF, ICF, or ALF where he or she was a resident. | D21: 48 | E21: ADMIT FROM STATE PSYCHIATRIC HOSPITAL | F21: 04 | G21: FROM OTHER HEALTH INSTITUTION | H21: No | I21: 06 | J21: 06 | K21: No | L21: From another health care facility (includes transfer from rehab, psych, children's hospitals (Mt Washington)): Inpatient: The patient was admitted to this facility as a transfer from another type of health care facility not defined elsewhere in this code list. Outpatient: The patient was referred to this facility for outpatient or referenced diagnostic services from a SMF, ICF, or ALF where he or she was a resident.
A22: Psych at Residential Treatment Center | B22: 6 | C22: Transfer from another Health Care Facility: Inpatient: The patient was admitted to this facility as a transfer from another type of health care facility not defined elsewhere in this code list. Outpatient: The patient was referred to this facility for outpatient or referenced diagnostic services from a SMF, ICF, or ALF where he or she was a resident. | D22: 49 | E22: ADMIT FROM RESIDENTIAL TREATMENT CENTER | F22: 06 | G22: OTHER | H22: No | I22: 06 | J22: 06 | K22: No | L22: From another health care facility (includes transfer from rehab, psych, children's hospitals (Mt Washington)): Inpatient: The patient was admitted to this facility as a transfer from another type of health care facility not defined elsewhere in this code list. Outpatient: The patient was referred to this facility for outpatient or referenced diagnostic services from a SMF, ICF, or ALF where he or she was a resident.
A23: Other Health Care Facility | B23: 6 | C23: Transfer from another Health Care Facility: Inpatient: The patient was admitted to this facility as a transfer from another type of health care facility not defined elsewhere in this code list. Outpatient: The patient was referred to this facility for outpatient or referenced diagnostic services from a SMF, ICF, or ALF where he or she was a resident. | D23: N/A | F23: 04 | G23: FROM OTHER HEALTH INSTITUTION | H23: No | I23: 06 | J23: 06 | K23: No | L23: From Another Healthcare Facility: Inpatient: The patient was admitted to this facility as a transfer from another type of health care facility not defined elsewhere in this code list. Outpatient: The patient was referred to this facility for outpatient or referenced diagnostic services from a SMF, ICF, or ALF where he or she was a resident. Usage Note: Includes licensed Inpatient Substance Abuse Rehab Facility, Inpatient Rehab Facilities (IRF), Inpatient Psychiatric Facilities, Chronic Hospitals (not in MD) and Long Term Acute Care Hospitals
A24: Jail, Prison, Police Custody | B24: 8 | C24: Court/Law Enforcement: The patient was admitted to this facility upon the direction of court of law, or upon the request of a law enforcement agency. Usage Note: Includes transfers from incarceration facilities. | D24: 60 | E24: ADMIT FROM HOME, PHYSICIAN'S OFFICE, NONINSTITUTIONAL SOURCE | F24: 06 | G24: OTHER | H24: No | I24: 08 | J24: 08 | K24: No | L24: From court/law enforcement (including from jail, prison, under police custody, arrested, incarcerated, correctional hospital or court) Inpatient: The patient was admitted to this facility upon the direction of court of law, or upon the request of a law enforcement agency. Outpatient: The patient presented to this facility upon the direction of a court of law; or upon the request of a law enforcement agency representative for outpatient or referenced diagnostic services. Usage Note: Includes transfers from incarceration facilities.
A25: Unknown | B25: 9 | C25: Information Not Available: The means by which the patient was admitted to this hospital is unknown. | D25: 99 | E25: UNKNOWN | F25: 09 | G25: UNKNOWN | I25: 09 | J25: 09 | K25: No | L25: Unknown point of origin
A26: Chronic Hospital | B26: 6 | C26: Transfer from another Health Care Facility: Inpatient: The patient was admitted to this facility as a transfer from another type of health care facility not defined elsewhere in this code list. Outpatient: The patient was referred to this facility for outpatient or referenced diagnostic services from a SMF, ICF, or ALF where he or she was a resident. | D26: 44 | E26: ADMIT FROM A CHRONIC HOSPITAL | F26: 10 | G26: FROM CHRONIC HOSPITAL | H26: Yes | I26: 06 | J26: 06 | K26: No | L26: From Another Healthcare Facility: Inpatient: The patient was admitted to this facility as a transfer from another type of health care facility not defined elsewhere in this code list. Outpatient: The patient was referred to this facility for outpatient or referenced diagnostic services from a SMF, ICF, or ALF where he or she was a resident. Usage Note: Includes licensed Inpatient Substance Abuse Rehab Facility, Inpatient Rehab Facilities (IRF), Inpatient Psychiatric Facilities, Chronic Hospitals (not in MD) and Long Term Acute Care Hospitals
A27: Acute Inpt Care – from acute unit to rehab unit (same hospital) | B27: D | C27: Transfer from One Distinct Unit of the Hospital to another Distinct Unit of the Same Hospital Resulting in a Separate Claim to the Payer: Inpatient: The patient was admitted to this facility as a transfer from hospital inpatient within this hospital resulting in a separate claim to the payer. Outpatient: The patient received outpatient services in this facility as a transfer from within this hospital resulting in a separate claim to the payer. Usage Note: For purposes of this code, “Distinct Unit” is defined as a unique unit or level of care at the hospital requiring the issuance of a separate claim to the payer. Examples could be include observation services, psychiatric units, rehabilitation units, a unit in a critical access hospital, or a swing bed located in an acute hospital. | D27: 20 | E27: TRANS FROM ON-SITE ACUTE CARE UNIT TO ON-SITE REHABILITATION UNIT | F27: N/A | H27: No | I27: D | J27: N/A | K27: No | L27: From one unit of the hospital to another unit of the same hospital resulting in a separate claim to the payer
A28: Acute Inpt Care – from rehab to acute unit (same hospital) | B28: D | C28: Transfer from One Distinct Unit of the Hospital to another Distinct Unit of the Same Hospital Resulting in a Separate Claim to the Payer: Inpatient: The patient was admitted to this facility as a transfer from hospital inpatient within this hospital resulting in a separate claim to the payer. Outpatient: The patient received outpatient services in this facility as a transfer from within this hospital resulting in a separate claim to the payer. Usage Note: For purposes of this code, “Distinct Unit” is defined as a unique unit or level of care at the hospital requiring the issuance of a separate claim to the payer. Examples could be include observation services, psychiatric units, rehabilitation units, a unit in a critical access hospital, or a swing bed located in an acute hospital. | D28: 21 | E28: TRANS FROM ON-SITE REHABILITATION UNIT TO ACUTE CARE UNIT | F28: N/A | H28: No | I28: D | J28: N/A | K28: No | L28: From one unit of the hospital to another unit of the same hospital resulting in a separate claim to the payer
A29: Acute Inpt Care – from rehab unit to chronic unit (same hospital) | B29: D | C29: Transfer from One Distinct Unit of the Hospital to another Distinct Unit of the Same Hospital Resulting in a Separate Claim to the Payer: Inpatient: The patient was admitted to this facility as a transfer from hospital inpatient within this hospital resulting in a separate claim to the payer. Outpatient: The patient received outpatient services in this facility as a transfer from within this hospital resulting in a separate claim to the payer. Usage Note: For purposes of this code, “Distinct Unit” is defined as a unique unit or level of care at the hospital requiring the issuance of a separate claim to the payer. Examples could be include observation services, psychiatric units, rehabilitation units, a unit in a critical access hospital, or a swing bed located in an acute hospital. | D29: 22 | E29: TRANS FROM ON-SITE REHABILITATION UNIT TO CHRONIC UNIT | F29: N/A | H29: No | I29: D | J29: N/A | K29: No | L29: From one unit of the hospital to another unit of the same hospital resulting in a separate claim to the payer
A30: Acute Inpt Care – from chronic unit to acute unit (same hospital) | B30: D | C30: Transfer from One Distinct Unit of the Hospital to another Distinct Unit of the Same Hospital Resulting in a Separate Claim to the Payer: Inpatient: The patient was admitted to this facility as a transfer from hospital inpatient within this hospital resulting in a separate claim to the payer. Outpatient: The patient received outpatient services in this facility as a transfer from within this hospital resulting in a separate claim to the payer. Usage Note: For purposes of this code, “Distinct Unit” is defined as a unique unit or level of care at the hospital requiring the issuance of a separate claim to the payer. Examples could be include observation services, psychiatric units, rehabilitation units, a unit in a critical access hospital, or a swing bed located in an acute hospital. | D30: 23 | E30: TRANS FROM ON-SITE CHRONIC UNIT TO ACUTE CARE UNIT | F30: N/A | H30: No | I30: D | J30: N/A | K30: No | L30: From one unit of the hospital to another unit of the same hospital resulting in a separate claim to the payer
A31: Acute Inpt Care – from acute unit to chronic unit (same hospital) | B31: D | C31: Transfer from One Distinct Unit of the Hospital to another Distinct Unit of the Same Hospital Resulting in a Separate Claim to the Payer: Inpatient: The patient was admitted to this facility as a transfer from hospital inpatient within this hospital resulting in a separate claim to the payer. Outpatient: The patient received outpatient services in this facility as a transfer from within this hospital resulting in a separate claim to the payer. Usage Note: For purposes of this code, “Distinct Unit” is defined as a unique unit or level of care at the hospital requiring the issuance of a separate claim to the payer. Examples could be include observation services, psychiatric units, rehabilitation units, a unit in a critical access hospital, or a swing bed located in an acute hospital. | D31: 24 | E31: TRANS FROM ON-SITE ACUTE CARE UNIT TO CHRONIC UNIT | F31: N/A | H31: No | I31: D | J31: N/A | K31: No | L31: From one unit of the hospital to another unit of the same hospital resulting in a separate claim to the payer
A32: Acute Inpt Care – from chronic unit to acute unit (same hospital) | B32: D | C32: Transfer from One Distinct Unit of the Hospital to another Distinct Unit of the Same Hospital Resulting in a Separate Claim to the Payer: Inpatient: The patient was admitted to this facility as a transfer from hospital inpatient within this hospital resulting in a separate claim to the payer. Outpatient: The patient received outpatient services in this facility as a transfer from within this hospital resulting in a separate claim to the payer. Usage Note: For purposes of this code, “Distinct Unit” is defined as a unique unit or level of care at the hospital requiring the issuance of a separate claim to the payer. Examples could be include observation services, psychiatric units, rehabilitation units, a unit in a critical access hospital, or a swing bed located in an acute hospital. | D32: 25 | E32: TRANS FROM ON-SITE CHRONIC UNIT TO ACUTE CARE UNIT | F32: N/A | H32: No | I32: D | J32: N/A | K32: No | L32: From one unit of the hospital to another unit of the same hospital resulting in a separate claim to the payer
A33: Acute Inpt Care – from acute unit to psych unit (same hospital) | B33: D | C33: Transfer from One Distinct Unit of the Hospital to another Distinct Unit of the Same Hospital Resulting in a Separate Claim to the Payer: Inpatient: The patient was admitted to this facility as a transfer from hospital inpatient within this hospital resulting in a separate claim to the payer. Outpatient: The patient received outpatient services in this facility as a transfer from within this hospital resulting in a separate claim to the payer. Usage Note: For purposes of this code, “Distinct Unit” is defined as a unique unit or level of care at the hospital requiring the issuance of a separate claim to the payer. Examples could be include observation services, psychiatric units, rehabilitation units, a unit in a critical access hospital, or a swing bed located in an acute hospital. | D33: 26 | E33: TRANS FROM ON-SITE ACUTE CARE TO ON-SITE PSYCHIATRIC UNIT | F33: N/A | H33: No | I33: D | J33: N/A | K33: No | L33: From one unit of the hospital to another unit of the same hospital resulting in a separate claim to the payer
A34: Acute Inpt Care – from psych unit to acute unit (same hospital) | B34: D | C34: Transfer from One Distinct Unit of the Hospital to another Distinct Unit of the Same Hospital Resulting in a Separate Claim to the Payer: Inpatient: The patient was admitted to this facility as a transfer from hospital inpatient within this hospital resulting in a separate claim to the payer. Outpatient: The patient received outpatient services in this facility as a transfer from within this hospital resulting in a separate claim to the payer. Usage Note: For purposes of this code, “Distinct Unit” is defined as a unique unit or level of care at the hospital requiring the issuance of a separate claim to the payer. Examples could be include observation services, psychiatric units, rehabilitation units, a unit in a critical access hospital, or a swing bed located in an acute hospital. | D34: 27 | E34: TRANS FROM ON-SITE PSYCHIATRIC UNIT TO ACUTE CARE UNIT | F34: NA | H34: No | I34: D | J34: N/A | K34: No | L34: From one unit of the hospital to another unit of the same hospital resulting in a separate claim to the payer
A35: Acute Inpt Care – from sub-acute (same hospital) | B35: D | C35: Transfer from One Distinct Unit of the Hospital to another Distinct Unit of the Same Hospital Resulting in a Separate Claim to the Payer: Inpatient: The patient was admitted to this facility as a transfer from hospital inpatient within this hospital resulting in a separate claim to the payer. Outpatient: The patient received outpatient services in this facility as a transfer from within this hospital resulting in a separate claim to the payer. Usage Note: For purposes of this code, “Distinct Unit” is defined as a unique unit or level of care at the hospital requiring the issuance of a separate claim to the payer. Examples could be include observation services, psychiatric units, rehabilitation units, a unit in a critical access hospital, or a swing bed located in an acute hospital. | D35: 28 | E35: TRANS FROM ON-SITE SUB-ACUTE UNIT TO ACUTE CARE UNIT | F35: N/A | H35: No | I35: D | J35: N/A | K35: No | L35: From one unit of the hospital to another unit of the same hospital resulting in a separate claim to the payer
A36: Acute Inpt Care – from acute unit to on-site hospice (same hospital) | B36: D | C36: Transfer from One Distinct Unit of the Hospital to another Distinct Unit of the Same Hospital Resulting in a Separate Claim to the Payer: Inpatient: The patient was admitted to this facility as a transfer from hospital inpatient within this hospital resulting in a separate claim to the payer. Outpatient: The patient received outpatient services in this facility as a transfer from within this hospital resulting in a separate claim to the payer. Usage Note: For purposes of this code, “Distinct Unit” is defined as a unique unit or level of care at the hospital requiring the issuance of a separate claim to the payer. Examples could be include observation services, psychiatric units, rehabilitation units, a unit in a critical access hospital, or a swing bed located in an acute hospital. | D36: 31 | E36: TRANS FROM ON-SITE ACUTE CARE TO ON-SITE HOSPICE | F36: N/A | H36: No | I36: D | J36: N/A | K36: No | L36: From one unit of the hospital to another unit of the same hospital resulting in a separate claim to the payer
A37: Outpatient Surgery w/in 72 Hrs, off-site | B37: E | C37: Transfer from Ambulatory Surgery Center: Inpatient: The patient was admitted to this facility as a transfer from an ambulatory surgery center. Outpatient: The patient presented to this facility for outpatient or referenced diagnostic services from an ambulatory surgery center. | D37: 46 | E37: ADMIT WITHIN 72 HOURS FROM OFF-SITE AMB. SURG. / CARE OF ANOTHER FACILITY | F37: 04 | G37: FROM OTHER HEALTH INSTITUTION | H37: No | I37: E | J37: E | K37: No | L37: From ambulatory surgery center (ASC) Inpatient: The patient was admitted to this facility as a transfer from an ambulatory surgery center. Outpatient: The patient presented to this facility for outpatient or referenced diagnostic services from an ambulatory surgery center.
A38: Acute Oupt Care - ER or Clinic (same hospital) | B38: D | C38: Transfer from One Distinct Unit of the Hospital to another Distinct Unit of the Same Hospital Resulting in a Separate Claim to the Payer: Inpatient: The patient was admitted to this facility as a transfer from hospital inpatient within this hospital resulting in a separate claim to the payer. Outpatient: The patient received outpatient services in this facility as a transfer from within this hospital resulting in a separate claim to the payer. Usage Note: For purposes of this code, “Distinct Unit” is defined as a unique unit or level of care at the hospital requiring the issuance of a separate claim to the payer. Examples could be include observation services, psychiatric units, rehabilitation units, a unit in a critical access hospital, or a swing bed located in an acute hospital. | D38: N/A | F38: 02 | G38: ER OF SAME HOSPITAL | H38: No | I38: N/A | J38: D | K38: No | L38: From one unit of the hospital to another unit of the same hospital resulting in a separate claim to the payer
A39: Newborn (born in hospital) | B39: NBI | C39: Newborn born in hospital. Includes babies born anywhere within the hospital, including the ED. | D39: 30 | E39: NEWBORN (PATIENT BORN IN HOSPITAL) | F39: N/A | H39: No | I39: NI | J39: NI | K39: No | L39: Newborn (patient born at the hospital). Includes babies born anywhere within the hospital, including the ED.
A40: Newborn (born outside hospital | B40: NBO | C40: Newborn born outside of this hospital. Includes babies born at home (or in an ambulance/car etc.) and then directly brought to hospital for initial care. | D40: N/A | F40: N/A | H40: No | I40: NO | J40: NO | K40: No | L40: Newborn born outside of this hospital. Includes babies born at home (or in an ambulance/car etc.) and then directly brought to hospital for initial care. Usage Note: NBI or NBO is used once in a lifetime. Nature of Admission must = 2 (Newborn). Excludes newborns transferred from another facility or readmitted.
A41: TRANSFER FROM A DESIGNATED DISASTER ALTERNATE CARE SITE | B41: G | C41: The patient was transferred to this facility from a Designated Disaster Alternate Care Site for in patient or outpatient services | D41: N/A | F41: N/A | H41: Yes | I41: G | J41: G | K41: Yes | L41: The patient was transferred to this facility from a Designated Disaster Alternate Care Site for in patient or outpatient services

Sheet Crosswalk HSCRC to UB - PD v2
A1: Patient Disposition
A2: Patient's disposition or discharge status at the ending date of service. N/A=Not applicable. Facility indicated that a provider ID is required to be reported.
A3: Discharged To or Transferred To | B3: UB04 | C3: UB04 Descriptions | D3: HSCRC INPT | E3: Original HSCRC IP Description | F3: HSCRC OUPT | G3: Original HSCRC OP Description | H3: Facility Name Required (IP/OP if diff) | I3: New HSCRC INPT | J3: New HSCRC OUPT | K3: New Facility Name Required | L3: New HSCRC Description
A4: DSS Placement | B4: 01 | C4: Discharge to Home or Self Care (Routine Discharge) (This code includes discharge to home; home on oxygen if DME only; any other DME only; group home, foster care, independent living and other residential care arrangements; outpatient programs, such as partial hospitalization or outpatient chemical dependency programs) | D4: 52 | E4: TO A DEPARTMENT OF SOCIAL SERVICES PLACEMENT | F4: 01 | G4: TO HOME OR SELF-CARE (INCLUDING PRISON) | H4: No | I4: 01 | J4: 01 | K4: No | L4: To home or self care (routine discharge). Includes discharge to home; home on oxygen if DME only; any other DME only; group home; foster care; independent living and other residential care arrangements; outpatient programs, such as partial hospitalization or outpatient chemical dependancy program. Use this code when the patient is discharged home under the care of a home IV provider. Usage Note: Do not use when a patient is transferred to another short-term hospital even when the patient is admitted on the same day as the discharge from another hospital.
A5: Home or Foster Care | B5: 01 | C5: Discharge to Home or Self Care (Routine Discharge) (This code includes discharge to home; jail or law enforcement; home on oxygen if DME only; any other DME only; group home, foster care, and other residential care arrangements; outpatient programs, such as partial hospitalization or outpatient chemical dependency programs; assisted living facilities that are not state-designated) | D5: 60 | E5: TO HOME OR SELF-CARE: INCLUDES NON-STATE DESIGNATED ASSISTED LIVING FACILITY | F5: 01 | G5: TO HOME OR SELF-CARE (INCLUDING PRISON) | H5: No | I5: 01 | J5: 01 | K5: No | L5: To home or self care (routine discharge). Includes discharge to home; home on oxygen if DME only; any other DME only; group home; foster care; independent living and other residential care arrangements; outpatient programs, such as partial hospitalization or outpatient chemical dependancy program. Use this code when the patient is discharged home under the care of a home IV provider. Usage Note: Do not use when a patient is transferred to another short-term hospital even when the patient is admitted on the same day as the discharge from another hospital.
A6: Homeless Shelter | B6: 01 | C6: Discharge to Home or Self Care (Routine Discharge) (This code includes discharge to home; jail or law enforcement; home on oxygen if DME only; any other DME only; group home, foster care, and other residential care arrangements; outpatient programs, such as partial hospitalization or outpatient chemical dependency programs; assisted living facilities that are not state-designated) | D6: 62 | E6: TO SHELTERS | F6: 01 | G6: TO HOME OR SELF-CARE (INCLUDING PRISON) | H6: No | I6: 01 | J6: 01 | K6: No | L6: To home or self care (routine discharge) (includes home oxygen w/o home health services (FAQ# 4), group care, foster care, independent living, shelter, and other residential care arrangements; outpatient programs such as partial hospitalization (FAQ #5)or outpatient chemical dependency programs, DSS Referral, Social Services Placement, SARC Sexual Assault/Spousal Abuse Resource Center, and House of Ruth)
A7: Congregate Housing | B7: 01 | C7: Discharge to Home or Self Care (Routine Discharge) (This code includes discharge to home; home on oxygen if DME only; any other DME only; group home, foster care, independent living and other residential care arrangements; outpatient programs, such as partial hospitalization or outpatient chemical dependency programs) | D7: 64 | E7: TO SUPERVISED/CONGREGATE HOUSE | F7: 01 | G7: TO HOME OR SELF-CARE (INCLUDING PRISON) | H7: No | I7: 01 | J7: 01 | K7: No | L7: To home or self care (routine discharge). Includes discharge to home; home on oxygen if DME only; any other DME only; group home; foster care; independent living and other residential care arrangements; outpatient programs, such as partial hospitalization or outpatient chemical dependancy program. Use this code when the patient is discharged home under the care of a home IV provider. Usage Note: Do not use when a patient is transferred to another short-term hospital even when the patient is admitted on the same day as the discharge from another hospital.
A8: Crisis Center | B8: 01 | C8: Discharge to Home or Self Care (Routine Discharge) (This code includes discharge to home; jail or law enforcement; home on oxygen if DME only; any other DME only; group home, foster care, and other residential care arrangements; outpatient programs, such as partial hospitalization or outpatient chemical dependency programs; assisted living facilities that are not state-designated) | D8: 75 | E8: CRISIS CENTER | F8: 01 | G8: TO HOME OR SELF-CARE (INCLUDING PRISON) | H8: No | I8: 01 | J8: 01 | K8: No | L8: To home or self care (routine discharge). Includes discharge to home; home on oxygen if DME only; any other DME only; group home; foster care; independent living and other residential care arrangements; outpatient programs, such as partial hospitalization or outpatient chemical dependancy program. Use this code when the patient is discharged home under the care of a home IV provider. Usage Note: Do not use when a patient is transferred to another short-term hospital even when the patient is admitted on the same day as the discharge from another hospital.
A9: Acute care - to acute care unit from rehab unit(same hospital) | B9: 02 | C9: Discharged/Transferred to a Short-term General Hospital for Inpatient Care | D9: 21 | E9: TO ACUTE CARE UNIT FROM ON-SITE REHABILITATION UNIT | F9: N/A | H9: No | I9: 02 | J9: N/A | K9: Yes | L9: To an another acute care hospital for inpatient care (includes transfers to acute care units within the same hospital)
A10: Acute care - to chronic unit from rehab unit (same hospital) | B10: 02 | C10: Discharged/Transferred to a Short-term General Hospital for Inpatient Care | D10: 22 | E10: TO CHRONIC UNIT FROM ON-SITE REHABILITATION UNIT | F10: N/A | H10: No | I10: 02 | J10: N/A | K10: Yes | L10: To an another acute care hospital for inpatient care (includes transfers to acute care units within the same hospital)
A11: Acute care - to chronic unit from acute unit (same hospital) | B11: 02 | C11: Discharged/Transferred to a Short-term General Hospital for Inpatient Care | D11: 24 | E11: TO CHRONIC UNIT FROM ACUTE CARE UNIT | F11: N/A | H11: No | I11: 02 | J11: N/A | K11: Yes | L11: To an another acute care hospital for inpatient care (includes transfers to acute care units within the same hospital)
A12: Acute care - to another unit (same hospital) | B12: 02 | C12: Discharged/Transferred to a Short-term General Hospital for Inpatient Care | D12: 25 | E12: TO ACUTE CARE UNIT FROM CHRONIC CARE UNIT | F12: N/A | H12: No | I12: 02 | J12: N/A | K12: Yes | L12: To an another acute care hospital for inpatient care (includes transfers to acute care units within the same hospital)
A13: Acute care - another unit (same hospital) | B13: 02 | C13: Discharged/Transferred to a Short-term General Hospital for Inpatient Care | D13: 27 | E13: TO ACUTE CARE UNIT FROM ON-SITE PSYCHIATRIC UNIT | F13: N/A | H13: No | I13: 02 | J13: N/A | K13: Yes | L13: To an another acute care hospital for inpatient care (includes transfers to acute care units within the same hospital)
A14: Acute care - to sub-acute (same hospital) | B14: 02 | C14: Discharged/Transferred to a Short-term General Hospital for Inpatient Care | D14: 28 | E14: TO ON-SITE SUBACUTE | F14: N/A | H14: No | I14: N/A | J14: N/A | K14: N/A | L14: Since MD hospitals do not have any swing or sub-acute beds, this code was removed.
A15: Acute Care - another facility | B15: 02 | C15: Discharged/Transferred to a Short-term General Hospital for Inpatient Care | D15: 40 | E15: TO ANOTHER ACUTE CARE HOSPITAL | F15: 05 | G15: TO ANOTHER ACUTE CARE HOSPITAL | H15: Yes | I15: 02 | J15: 02 | K15: Yes | L15: To an another acute care hospital for inpatient care (includes transfers to acute care units within the same hospital)
A16: ED at another Hospital | B16: 02 | C16: Discharged/Transferred to a Short-term General Hospital for Inpatient Care | D16: 40 | E16: TO ANOTHER ACUTE CARE HOSPITAL | F16: 71 | G16: TO ANOTHER INSTITUTION FOR OUTPATIENT SERVICES | H16: Yes/No | I16: 70 | J16: 70 | K16: No | L16: To another type of health care institution not defined elsewhere in code list.
A17: Subacute Care (including sub acute rehab) | B17: 03 | C17: Discharged/Transferred to a Skilled Nursing Facility (SNF) with Medicare Certification in Anticipation of Skilled Care. | D17: 45 | E17: TO A SUBACUTE FACILITY: A FACILITY THAT PROVIDES MORE INTENSIVE CARE THAN TRADITIONAL NURSING FACILITY BUT LESS THAN ACUTE CARE. | F17: 03 | G17: TO SKILLED NURSING FACILITY (SNF): A MEDICARE-CERTIFIED NURSING FACILITY IN ANTICIPATION OF SKILLED CARE | H17: No | I17: N/A | J17: N/A | K17: N/A | L17: Since MD hospitals do not have any swing or sub-acute beds, this code was removed.
A18: SNF | B18: 03 | C18: Discharged/Transferred to a Skilled Nursing Facility (SNF) with Medicare Certification in Anticipation of Skilled Care. | D18: 51 | E18: TO A SKILLED NURSING HOME FACILITY (SNF): A MEDICARE-CERTIFIED NURSING FACILITY IN ANTICIPATION OF SKILLED CARE | F18: 03 | G18: TO SKILLED NURSING FACILITY (SNF): A MEDICARE-CERTIFIED NURSING FACILITY IN ANTICIPATION OF SKILLED CARE | H18: Yes | I18: 03 | J18: 03 | K18: No | L18: To SNF with Medicare certification in anticipation of skilled care
A19: Intermediate Care | B19: 04 | C19: Discharged/Transferred to a facility that provides custodial or supportive care | D19: 60 | E19: TO HOME OR SELF-CARE: INCLUDES NON-STATE DESIGNATED ASSISTED LIVING FACILITY | F19: 04 | G19: TO LONG TERM CARE FACILITY: A FACILITY THAT PROVIDES ACUTE INPATIENT CARE WITH AN AVERAGE LOS OF 25+ DAYS (INCLUDES INTERMEDIATE CARE FACILITY (ICF). | H19: No | I19: 04 | J19: 04 | K19: No | L19: To a facility that provides custodial or supportive care (includes intermediate care facilities (ICFs) if state designated, nursing facilities that are not certified by Medicare or Medicaid, and assisted living facilities). Usage Note: Use this code when the patient is transferred to a nursing facility and: 1) the nursing facility only has certified skilled beds, but the patient foes not qualify for a skilled level of care; 2) the nursing facility is certified for both skilled and intermediate level of care and the patient is transferred to intermediate care; 3) the facility id Medicare-certified and the patient resides at there and received only nonskilled services.
A20: Cancer/Children's Hospital | B20: 05 | C20: Discharged/Transferred to a Designated Cancer Center or Children’s Hospital | D20: 40 | E20: TO ANOTHER ACUTE CARE HOSPITAL | F20: 05 | G20: TO ANOTHER ACUTE CARE HOSPITAL | H20: Yes | I20: 05 | J20: 05 | K20: Yes | L20: To a designated cancer center or children's hospital (includes Greenbaum, Sidney Kimmel, Georgetown, Mt Wash, Kennedy Krieger, and Children's Hosp)
A21: Home Health | B21: 06 | C21: Discharged/Transferred to Home Under Care of Organized Home Health Service Organization in Anticipation of Covered Skilled Care | D21: 61 | E21: TO HOME UNDER THE CARE OF A HOME HEALTH AGENCY | F21: 06 | G21: TO HOME UNDER THE CARE OF A HOME HEALTH AGENCY | H21: No | I21: 06 | J21: 06 | K21: No | L21: To home under care of an organized home health service organization in anticipation of covered skilled care Usage Note: Includes home with a written plan of care (tailored to the patient’s medical needs) for home care services. Excludes home health services provided by a DME supplier or from a Home IV provider for Home IV services.
A22: AMA | B22: 07 | C22: Left Against Medical Advice or Discontinued Care | D22: 71 | E22: LEFT AGAINST MEDICAL ADVICE | F22: 07 | G22: LEFT AGAINST MEDICAL ADVICE | H22: No | I22: 07 | J22: 07 | K22: No | L22: Left against medical advice or discontinued care (includes administrative discharge, escape, absent without official leave)
A23: Administrative d/c | B23: 07 | C23: Left Against Medical Advice or Discontinued Care | D23: 72 | E23: ADMINISTRATIVE DISCHARGED | F23: 07 | G23: LEFT AGAINST MEDICAL ADVICE | H23: No | I23: 07 | J23: 07 | K23: No | L23: Left against medical advice or discontinued care (includes administrative discharge, escape, absent without official leave)
A24: AWOL | B24: 07 | C24: Left Against Medical Advice or Discontinued Care | D24: 73 | E24: ABSENT WITHOUT OFFICIAL LEAVE (AWOL) | F24: N/A | H24: No | I24: 07 | J24: N/A | K24: No | L24: Left against medical advice or discontinued care (includes administrative discharge, escape, absent without official leave)
A25: Expired | B25: 20 | C25: Expired (report only when the patient dies) | D25: 70 | E25: EXPIRED | F25: 20 | G25: EXPIRED | H25: No | I25: 20 | J25: 20 | K25: No | L25: Expired
A26: Prison, Detention Center, Jail, Policy Custody | B26: 21 | C26: Discharged/transferred to court/law enforcement (including from jail, prison, under police custody, arrested, incarcerated, correctional hospital or court ) | D26: 63 | E26: TO JUVENILE/ADULT DETENTION OR POLICE CUSTODY | F26: 01 | G26: TO HOME OR SELF-CARE (INCLUDING PRISON) | H26: No | I26: 21 | J26: 21 | K26: No | L26: To court/law enforcement (including from jail, prison, under police custody, arrested, incarcerated, correctional hospital or court)
A27: VA | B27: 43 | C27: Discharged/Transferred to a Federal Hospital: Department of Defense hospital, Veteran's administration hospital, Veteran’s administration nursing facility (to be used whether the patient lives there or not); also used when a patient is transferred to an inpatient psychiatric unit of a VA hospital. | D27: 46 | E27: TO OTHER HEALTH CARE FACILITY | F27: 08 | G27: TO OTHER HEALTHCARE FACILITY | H27: No | I27: 43 | J27: 43 | K27: Yes | L27: To Federal Health Care Facility (includes VA hospital, VA SNF or DoD hospitals)
A28: Hospice at Home or ALF | B28: 50 | C28: Discharged/Transferred to a Hospice - Home | D28: 60 | E28: TO HOME OR SELF-CARE: INCLUDES NON-STATE DESIGNATED ASSISTED LIVING FACILITY | F28: 50 | G28: TO HOME WITH HOSPICE | H28: No | I28: 50 | J28: 50 | K28: No | L28: To hospice - home
A29: Hospice –onsite | B29: 51 | C29: Discharged/Transferred to a Hospice - Medical Facility (Certified) Providing Hospice Level of Care | D29: 29 | E29: TO ON-SITE HOSPICE | F29: 51 | G29: TO A HOSPICE FACILITY | H29: No | I29: 51 | J29: 51 | K29: No | L29: To hospice - medical facility (certified) providing hospice level of care (includes hospice unit of an acute care hospital) Usage Note: Include if the patient is discharged to a qualified inpatient facility and the patient will receive inpatient hospice or respite level of care. Do not use this code if the patient has not yet been accepted by a hospice and the level of hospice care is unknown.
A30: Hospice Facility | B30: 51 | C30: Discharged/Transferred to a Hospice - Medical Facility (Certified) Providing Hospice Level of Care | D30: 53 | E30: TO A HOSPICE FACILITY | F30: 51 | G30: TO A HOSPICE FACILITY | H30: No | I30: 51 | J30: 51 | K30: No | L30: To hospice - medical facility (certified) providing hospice level of care (includes hospice unit of an acute care hospital) Usage Note: Include if the patient is discharged to a qualified inpatient facility and the patient will receive inpatient hospice or respite level of care. Do not use this code if the patient has not yet been accepted by a hospice and the level of hospice care is unknown.
A31: Acute care - to sub-acute or swing bed unit (same hospital) | B31: 61 | C31: Discharged/Transferred to a Hospital-based Medicare Approved Swing Bed | D31: N/A | F31: 61 | G31: ADMITTED TO ON-SITE SUB-ACUTE OR SWING BED N/A | H31: No | I31: N/A | J31: N/A | K31: N/A | L31: Since MD hospitals do not have any swing or sub-acute beds, this code was removed.
A32: Acute Care - to Rehab unit from Acute Unit (same hospital) | B32: 62 | C32: Discharged/Transferred to an Inpatient Rehabilitation Facility Including Distinct Part Units of a Hospital | D32: 20 | E32: TO DISTINCT ON-SITE REHABILITATION UNIT FROM ACUTE CARE | F32: N/A | H32: No | I32: 62 | J32: N/A | K32: Yes | L32: To an inpatient rehabilitation facility (IRF) or rehabilitation unit of a hospital
A33: Acute Care - to Rehab unit from Chronic unit (same hospital) | B33: 62 | C33: Discharged/Transferred to an Inpatient Rehabilitation Facility Including Distinct Part Units of a Hospital | D33: 23 | E33: TO ON-SITE REHABILITATION UNIT FROM CHRONIC CARE UNIT | F33: N/A | H33: No | I33: 62 | J33: N/A | K33: Yes | L33: To an inpatient rehabilitation facility (IRF) or rehabilitation unit of a hospital
A34: Rehab Hospital (IRF) | B34: 62 | C34: Discharged/Transferred to an Inpatient Rehabilitation Facility Including Distinct Part Units of a Hospital | D34: 41 | E34: TO A REHABILITATION HOSPITAL OR REHABILITATION UNIT OF ANOTHER HOSPITAL | F34: 10 | G34: TO REHAB FACILITY OR REHAB UNIT OF OTHER ACUTE CARE HOSPITAL | H34: Yes | I34: 62 | J34: 62 | K34: Yes | L34: To an inpatient rehabilitation facility (IRF) or rehabilitation unit of a hospital
A35: Rehab Unit of Acute Hospital | B35: 62 | C35: Discharged/Transferred to an Inpatient Rehabilitation Facility Including Distinct Part Units of a Hospital | D35: 41 | E35: TO A REHABILITATION HOSPITAL OR REHABILITATION UNIT OF ANOTHER HOSPITAL | F35: 12 | G35: ADMITTED TO ON-SITE REHAB UNIT | H35: Yes | I35: 62 | J35: 62 | K35: Yes | L35: To an inpatient rehabilitation facility (IRF) or rehabilitation unit of a hospital
A36: Chronic Hospital | B36: 63 N/A | C36: Discharged/Transferred to a Medicare Certified Long Term Care Hospital (LTCH) N/A | D36: 43 | E36: TO A CHRONIC HOSPITAL | F36: 04 | G36: TO LONG TERM CARE FACILITY: A FACILITY THAT PROVIDES ACUTE INPATIENT CARE WITH AN AVERAGE LOS OF 25+ DAYS (INCLUDES INTERMEDIATE CARE FACILITY (ICF). N/A | H36: Yes | I36: N/A | J36: N/A | K36: N/A | L36: Eliminate this code as an option (not needed)
A37: Long Term Care | B37: 63 | C37: Discharged/Transferred to a Medicare Certified Long Term Care Hospital (LTCH) | D37: 44 | E37: TO A LONG TERM CARE FACILITY: A FACILITY THAT PROVIDES ACUTE INPATIENT CARE WITH AN AVERAGE LENGTH OF STAY OF 25 DAYS OR GREATER | F37: 04 | G37: TO LONG TERM CARE FACILITY: A FACILITY THAT PROVIDES ACUTE INPATIENT CARE WITH AN AVERAGE LOS OF 25+ DAYS (INCLUDES INTERMEDIATE CARE FACILITY (ICF). | H37: Yes | I37: 63 | J37: 63 | K37: Yes | L37: To a Medicare Certified Long Term Care Hospital (LTCH) defined as a short-term acute care hospital with an average IP LOS greater than 25 days. (includes Deer's Head, Western MD Hospital, Bridgepoint (DC))
A38: Nursing Home, Medicaid | B38: 64 | C38: Discharged/Transferred to a Nursing Facility Certified Under Medicaid but not Certified Under Medicare | D38: 46 | E38: TO OTHER HEALTH CARE FACILITY | F38: 08 | G38: TO OTHER HEALTHCARE FACILITY | H38: No | I38: 64 | J38: 64 | K38: No | L38: To a nursing facility certified under Medicaid but not certified under Medicare
A39: Acute Care - to psych unit from acute unit (same hospital) | B39: 65 | C39: Discharged/Transferred to a Psychiatric Hospital or Psychiatric Distinct Part Unit of a Hospital | D39: 26 | E39: TO ON-SITE PSYCHIATRIC UNIT FROM ACUTE CARE UNIT | F39: N/A | H39: No | I39: 65 | J39: N/A | K39: Yes | L39: To a psychiatric hospital or psychiatric unit of an acute care hospital (includes same or another hospital)
A40: Psych Hospital or Unit at acute hospital | B40: 65 | C40: Discharged/Transferred to a Psychiatric Hospital or Psychiatric Distinct Part Unit of a Hospital | D40: 42 | E40: TO A PSYCHIATRIC HOSPITAL OR AN OFF-SITE PSYCHIATRIC UNIT OF ANOTHER HOSPITAL | F40: 08 | G40: TO OTHER HEALTHCARE FACILITY | H40: Yes/No | I40: 65 | J40: 65 | K40: Yes | L40: To a psychiatric hospital or psychiatric unit of an acute care hospital (includes same or another hospital)
A41: Psych Hospital-State | B41: 65 | C41: Discharged/Transferred to a Psychiatric Hospital or Psychiatric Distinct Part Unit of a Hospital | D41: 50 | E41: TO A STATE PSYCHIATRIC HOSPITAL | F41: 08 | G41: TO OTHER HEALTHCARE FACILITY | H41: No | I41: 65 | J41: 65 | K41: Yes | L41: To a psychiatric hospital or psychiatric unit of an acute care hospital (includes same or another hospital)
A42: Critical Access Hospital | B42: 66 | C42: Discharged/Transferred to a Critical Access Hospital (CAH) | D42: N/A | F42: N/A | H42: N/A | I42: N/A | J42: N/A | K42: N/A | L42: Eliminate this code as an option (not needed)
A43: Designated Disaster Alternative Care Site | B43: 67 | C43: Discharge/transfer to a Designated Disaster Alternative Care Site | D43: N/A | F43: N/A | H43: N/A | I43: N/A | J43: N/A | K43: N/A | L43: Eliminate this code as an option (not needed)
A44: Other Healthcare Facility | B44: 70 | C44: Discharged/transferred to another Type of Health Care Institution not Defined Elsewhere in this List | D44: 46 | E44: TO OTHER HEALTH CARE FACILITY | F44: 08 | G44: TO OTHER HEALTHCARE FACILITY | H44: No | I44: 70 | J44: 70 | K44: No | L44: To another type of health care institution not defined elsewhere in code list (includes MD Freestanding ED)
A45: Psych -Residential Treatment Center | B45: 70 | C45: Discharged/transferred to another Type of Health Care Institution not Defined Elsewhere in this List | D45: 48 | E45: TO A RESIDENTIAL TREATMENT CENTER | F45: 08 | G45: TO OTHER HEALTHCARE FACILITY | H45: No | I45: 70 | J45: 70 | K45: No | L45: To another type of health care institution not defined elsewhere in code list (includes MD Freestanding ED)
A46: Rehab for Substance Abuse | B46: 70 | C46: Discharged/transferred to another Type of Health Care Institution not Defined Elsewhere in this List | D46: 49 | E46: TO A SUBSTANCE ABUSE REHAB FACILITY | F46: 08 | G46: TO OTHER HEALTHCARE FACILITY | H46: No | I46: 70 | J46: 70 | K46: No | L46: To another type of health care institution not defined elsewhere in code list (includes MD Freestanding ED)
A47: Another Facility for OP Services (including Clinical Decision Unit (CDU) at outpt facility or Freestanding ED) | B47: 70 | C47: Discharged/transferred to another Type of Health Care Institution not Defined Elsewhere in this List | D47: NA | F47: 71 | G47: TO ANOTHER INSTITUTION FOR OUTPATIENT SERVICES | H47: No | I47: 70 | J47: 70 | K47: No | L47: To another type of health care institution not defined elsewhere in code list (includes MD Freestanding ED)
A48: Labor and Delivery ( or Another OP setting) - same hospital | B48: 70 | C48: Discharged/transferred to another Type of Health Care Institution not Defined Elsewhere in this List | D48: NA | F48: 72 | G48: TRANSFERED TO ANOTHER OUTPATIENT SETTING (I.E., CLINIC OR ANCILLARY) FOR SERVICES (same hospital) | H48: No | I48: 70 | J48: 70 | K48: No | L48: To another type of health care institution not defined elsewhere in code list (includes MD Freestanding ED)
A49: Home or Foster Care - Planned RA | B49: 81 | C49: Discharged to Home or Self Care with a Planned Acute Care Hospital Inpatient Readmission | D49: 60 | E49: TO HOME OR SELF-CARE: INCLUDES NON-STATE DESIGNATED ASSISTED LIVING FACILITY | F49: 01 | G49: TO HOME OR SELF-CARE (INCLUDING PRISON) | H49: No | I49: 01 | J49: 01 | K49: No | L49: To home or self care (routine discharge) (includes home oxygen w/o home health services (FAQ# 4), group care, foster care, independent living, shelter, and other residential care arrangements; outpatient programs such as partial hospitalization (FAQ #5)or outpatient chemical dependency programs, DSS Referral, Social Services Placement, SARC Sexual Assault/Spousal Abuse Resource Center, and House of Ruth)
A50: Acute care - to sub-acute (same hospital) - Planned RA | B50: 82 | C50: Discharged/Transferred to a Short-Term General Hospital for Inpatient Care with a Planned Acute Care Hospital Inpatient Readmission | D50: 28 | E50: TO ON-SITE SUBACUTE | F50: N/A | H50: No | I50: 02 | J50: N/A | K50: Yes | L50: To an another acute care hospital for inpatient care (includes transfers to acute care units within the same hospital)
A51: Acute Care - another facility - Planned RA | B51: 82 | C51: Discharged/Transferred to a Short Term General Hospital for Inpatient Care with a Planned Acute Care Hospital Inpatient Readmission | D51: 40 | E51: TO ANOTHER ACUTE CARE HOSPITAL | F51: 05 | G51: TO ANOTHER ACUTE CARE HOSPITAL | H51: Yes | I51: 02 | J51: 02 | K51: Yes | L51: To an another acute care hospital for inpatient care (includes transfers to acute care units within the same hospital)
A52: Subacute Care - Planned RA | B52: 83 | C52: Discharged/Transferred to a Skilled Nursing Facility (SNF) with Medicare Certification with a Planned Acute Care Hospital Inpatient Readmission | D52: 45 | E52: TO A SUBACUTE FACILITY: A FACILITY THAT PROVIDES MORE INTENSIVE CARE THAN TRADITIONAL NURSING FACILITY BUT LESS THAN ACUTE CARE. | F52: 03 | G52: TO SKILLED NURSING FACILITY (SNF): A MEDICARE-CERTIFIED NURSING FACILITY IN ANTICIPATION OF SKILLED CARE | H52: No | I52: 03 | J52: 03 | K52: No | L52: To SNF with Medicare certification in anticipation of skilled care
A53: SNF - Planned RA | B53: 83 | C53: Discharged/Transferred to a Skilled Nursing Facility (SNF) with Medicare Certification with a Planned Acute Care Hospital Inpatient Readmission | D53: 51 | E53: TO A SKILLED NURSING HOME FACILITY (SNF): A MEDICARE-CERTIFIED NURSING FACILITY IN ANTICIPATION OF SKILLED CARE | F53: 03 | G53: TO SKILLED NURSING FACILITY (SNF): A MEDICARE-CERTIFIED NURSING FACILITY IN ANTICIPATION OF SKILLED CARE | H53: Yes | I53: 03 | J53: 03 | K53: No | L53: To SNF with Medicare certification in anticipation of skilled care
A54: Congregate Housing - Planned RA | B54: 84 | C54: Discharged/Transferred to a Facility that Provides Custodial or Supportive Care with a Planned Acute Care Hospital Inpatient Readmission | D54: 64 | E54: TO SUPERVISED/CONGREGATE HOUSE | F54: 01 | G54: TO HOME OR SELF-CARE (INCLUDING PRISON) | H54: No | I54: 01 | J54: 01 | K54: No | L54: To home or self care (routine discharge) (includes home oxygen w/o home health services (FAQ# 4), group care, foster care, independent living, shelter, and other residential care arrangements; outpatient programs such as partial hospitalization (FAQ #5)or outpatient chemical dependency programs, DSS Referral, Social Services Placement, SARC Sexual Assault/Spousal Abuse Resource Center, and House of Ruth)
A55: Cancer or Children's Hospital - Planned RA | B55: 85 | C55: Discharged/Transferred to a Designated Cancer Center or Children’s Hospital with a Planned Acute Care Hospital Inpatient Readmission | D55: 40 | E55: TO ANOTHER ACUTE CARE HOSPITAL | F55: 05 | G55: TO ANOTHER ACUTE CARE HOSPITAL | H55: Yes | I55: 05 | J55: 05 | K55: Yes | L55: To a designated cancer center or children's hospital (includes Mt Wash, Kennedy Krieger, Greenbaum, Sidney Kimmel and Children's Hosp in DC)
A56: Home Health | B56: 86 | C56: Discharged/Transferred to Home Under Care of Organized Home Health Service Organization with a Planned Acute Care Hospital Inpatient Readmission | D56: 61 | E56: TO HOME UNDER THE CARE OF A HOME HEALTH AGENCY | F56: 06 | G56: TO HOME UNDER THE CARE OF A HOME HEALTH AGENCY | H56: No | I56: 06 | J56: 06 | K56: No | L56: To home under care of an organized home health service organization in anticipation of covered skilled care Usage Note: Includes home with a written plan of care (tailored to the patient’s medical needs) for home care services. Excludes home health services provided by a DME supplier or from a Home IV provider for Home IV services.
A57: Prison, Detention Center, Jail, Policy Custody | B57: 87 | C57: Discharged/Transferred to Court/Law Enforcement with a Planned Acute Care Hospital Inpatient Readmission | D57: 63 | E57: TO JUVENILE/ADULT DETENTION OR POLICE CUSTODY | F57: 01 | G57: TO HOME OR SELF-CARE (INCLUDING PRISON) | H57: No | I57: 21 | J57: 21 | K57: No | L57: To court/law enforcement (including from jail, prison, under police custody, arrested, incarcerated, correctional hospital or court )
